Workbook
Name \a: [1]PJ!#REF!
Name \a: [1]PJ!#REF!
Name \a: [1]PJ!#REF!
Name \a: [1]PJ!#REF!
Name \b: [2]INSUMOS!#REF!
Name \b: [2]INSUMOS!#REF!
Name \b: [2]INSUMOS!#REF!
Name \b: [2]INSUMOS!#REF!
Name \b: [2]INSUMOS!#REF!
Name \b: [2]INSUMOS!#REF!
Name \b: [2]INSUMOS!#REF!
Name \b: [2]INSUMOS!#REF!
Name \b: [2]INSUMOS!#REF!
Name \b: [2]INSUMOS!#REF!
Name \b: [2]INSUMOS!#REF!
Name \b: [2]INSUMOS!#REF!
Name \b: [2]INSUMOS!#REF!
Name \b: [2]INSUMOS!#REF!
Name \b: [2]INSUMOS!#REF!
Name \b: [2]INSUMOS!#REF!
Name \b: [2]INSUMOS!#REF!
Name \b: [2]INSUMOS!#REF!
Name \b: [2]INSUMOS!#REF!
Name \b: [2]INSUMOS!#REF!
Name \b: [2]INSUMOS!#REF!
Name \b: [2]INSUMOS!#REF!
Name \b: [2]INSUMOS!#REF!
Name \b: [2]INSUMOS!#REF!
Name \b: [2]INSUMOS!#REF!
Name \b: [2]INSUMOS!#REF!
Name \b: [2]INSUMOS!#REF!
Name \b: [2]INSUMOS!#REF!
Name \b: [2]INSUMOS!#REF!
Name \b: [2]INSUMOS!#REF!
Name \b: [2]INSUMOS!#REF!
Name \b: [2]INSUMOS!#REF!
Name \b: [2]INSUMOS!#REF!
Name \b: [2]INSUMOS!#REF!
Name \b: [2]INSUMOS!#REF!
Name \b: [2]INSUMOS!#REF!
Name \b: [2]INSUMOS!#REF!
Name \b: [2]INSUMOS!#REF!
Name \b: [2]INSUMOS!#REF!
Name \b: [2]INSUMOS!#REF!
Name \b: [2]INSUMOS!#REF!
Name \b: [2]INSUMOS!#REF!
Name \b: [2]INSUMOS!#REF!
Name \b: [2]INSUMOS!#REF!
Name \b: [2]INSUMOS!#REF!
Name \b: [2]INSUMOS!#REF!
Name \b: [2]INSUMOS!#REF!
Name \b: [2]INSUMOS!#REF!
Name \b: [2]INSUMOS!#REF!
Name \b: [2]INSUMOS!#REF!
Name \b: [2]INSUMOS!#REF!
Name \b: [2]INSUMOS!#REF!
Name \i: [2]INSUMOS!#REF!
Name \i: [2]INSUMOS!#REF!
Name \i: [2]INSUMOS!#REF!
Name \i: [2]INSUMOS!#REF!

Sheet PRESUPUESTO GENERAL
A1: REPÚBLICA DE COLOMBIA
A2: DEPARTAMENTO DEL CAQUETÁ
A3: MUNICIPIO DE FLORENCIA
A4: PRESUPUESTO GENERAL
A5: CONSTRUCCIÓN DE BATERIA SANITARIA PARA LA INSTITUCIÓN EDUCATIVA JORGE ELIECER GAITAN SEDE SIMON BOLIVAR DEL MUNICIPIO DE FLORENCIA, DEPARTAMENTO DEL CAQUETA.
A8: ITEM+A8:F30H14A8:FA8:F90 | B8: ACTIVIDAD | C8: UND | D8: CANT | E8: V/UNIT. | F8: V/TOTAL
A11: 1 | B11: PRELIMINARES | F11: =SUM(F12:F14) -> 1700280
A12: 1.1 | B12: Localizacion y replanteo ( Sin equipo de topografia ) | C12: M2 | D12: =+MemoriaDeCant!J24 -> 99.2 | E12: =+'1,1'!I48 -> 4158 | F12: =ROUND(D12*E12,0) -> 412474
A13: 1.2 | B13: Cerramiento en tela propivida h=2,0m | C13: M2 | D13: =+MemoriaDeCant!J53 -> 86.8 | E13: =+'1,2 '!I47 -> 9698 | F13: =ROUND(D13*E13,0) -> 841786
A14: 1.3 | B14: Demolición placas macizas graderia (Inc. Ret de Escomb) | C14: M3 | D14: =+MemoriaDeCant!J85 -> 3.34 | E14: =+'1,3'!I47 -> 133539 | F14: =ROUND(D14*E14,0) -> 446020 | H14: =+F11+F16+F20+F29 -> 43997306
H15: =H14*0.17 -> 7479542
A16: 2 | B16: EXCAVACIONES Y RELLENO | F16: =SUM(F17:F18) -> 1943549 | H16: =+H14+H15 -> 51476848
A17: 2.1 | B17: Excav. Manual ( Mat. Com y cong. Inc. Ret. De escombros ) | C17: M3 | D17: =+MemoriaDeCant!J126 -> 37.06 | E17: =+'2,1'!I47 -> 45105 | F17: =ROUND(D17*E17,0) -> 1671591 | H17: =(H16/F90)*100 -> 35.97264
A18: 2.2 | B18: Relleno manual con material selec. de excav ( Inc. Compactacion equipo rana ) | C18: M3 | D18: =+MemoriaDeCant!J158 -> 11.4 | E18: =+'2,2'!I47 -> 23856 | F18: =ROUND(D18*E18,0) -> 271958 | H18: =F90*0.4 -> 57240000
A20: 3 | B20: ESTRUCTURA | F20: =SUM(F21:F27) -> 23864326
A21: 3.1 | B21: Zapatas aisladas de 1,00x1,00x0,3 ref 1/2 c/0,15 mts incluye solado | C21: UND | D21: =+MemoriaDeCant!J188 -> 11 | E21: =+'3,1 '!I47 -> 376062.7 | F21: =ROUND(D21*E21,0) -> 4136690
A22: 3.2 | B22: Viga riostra cto 3000 P.S.I. 0,25*0,25 ref 4 No 4, E No 3C/0,15 | C22: ML | D22: =+MemoriaDeCant!J226 -> 43.2 | E22: =+'3,2'!I47 -> 117988 | F22: =ROUND(D22*E22,0) -> 5097082
A23: 3.3 | B23: Viga de amarre cto 3000 P.S.I. 0,25*0,25 ref 4 No 4 E No. 3 C/0,15 | C23: ML | D23: =+MemoriaDeCant!J260 -> 36 | E23: =+'3,3 '!I47 -> 146903.5 | F23: =ROUND(D23*E23,0) -> 5288526
A24: 3.4 | B24: Columnas cto 3000 P.S.I. 0,25*0,25 ref 4 No 4, E No 3C/0,15 | C24: ML | D24: =+MemoriaDeCant!J290 -> 34.2 | E24: =+'3,4 '!I47 -> 154208 | F24: =ROUND(D24*E24,0) -> 5273914
A25: 3.5 | B25: viga cinta en concreto de 0,1 x 0,15 | C25: ML | D25: =+MemoriaDeCant!J319 -> 27.85 | E25: =+' 3,5'!I38 -> 101361.5 | F25: =ROUND(D25*E25,0) -> 2822918
A26: 3.6 | B26: Bordillo de confinamiento de 0,1x0,25m en concreto f'c= 210 kgf/cm2, Pagado por ml | C26: ML | D26: =+MemoriaDeCant!J348 -> 5 | E26: =+'3,6'!I45 -> 37432.3 | F26: =ROUND(D26*E26,0) -> 187162
A27: 3.7 | B27: Mesones en concreto f'c= 210fgf/cm2 E=0.10 m Ref. No. 3 c/0.20 m, pagado en m2 | C27: M2 | D27: =+MemoriaDeCant!J375 -> 6.6 | E27: =+'3,7'!I47 -> 160308.2 | F27: =ROUND(D27*E27,0) -> 1058034
A29: 4 | B29: MANPOSTERIA Y PAÑETE | F29: =SUM(F30:F31) -> 16489151
A30: 4.1 | B30: muro en ladrillo de arcilla No. 04 | C30: M2 | D30: =+MemoriaDeCant!J445 -> 137.13 | E30: =+'4,1'!I47 -> 71971 | F30: =ROUND(D30*E30,0) -> 9869383
A31: 4.2 | B31: Pañete sobre muros 1:4 incluye filos y dilataciones | C31: M2 | D31: =+MemoriaDeCant!J506 -> 281.13 | E31: =+'4,2'!I47 -> 23547 | F31: =ROUND(D31*E31,0) -> 6619768
A33: 5 | B33: PINTURA | F33: =SUM(F34:F35) -> 4026226
A34: 5.1 | B34: Estuco plastico interior y exterior | C34: M2 | D34: =+MemoriaDeCant!J551 -> 133.16 | E34: =+'5,1'!I47 -> 13166 | F34: =ROUND(D34*E34,0) -> 1753185
A35: 5.2 | B35: Pintura en vinilo tipo 1 | C35: M2 | D35: =+MemoriaDeCant!J594 -> 133.16 | E35: =+'5,2 '!I47 -> 17070 | F35: =ROUND(D35*E35,0) -> 2273041
A37: 6 | B37: PISOS Y ENCHAPES | F37: =SUM(F38:F44) -> 27468006
A38: 6.1 | B38: Piso en concreto E=0,10M (Incl Juntas dilat. Y Malla Elect.), pagado en m2 | C38: M2 | D38: =+MemoriaDeCant!J629 -> 47 | E38: =+'6,1 '!I48 -> 87335 | F38: =ROUND(D38*E38,0) -> 4104745
A39: 6.2 | B39: Mortero de nivelación E=0,05 m | C39: M2 | D39: =+MemoriaDeCant!J667 -> 47 | E39: =+'6,2 '!I48 -> 40859 | F39: =ROUND(D39*E39,0) -> 1920373
A40: 6.3 | B40: Suministro e instalación de cerámica para pisos | C40: M2 | D40: =+MemoriaDeCant!J708 -> 47 | E40: =+'6,3 '!I48 -> 107728 | F40: =ROUND(D40*E40,0) -> 5063216
A41: 6.4 | B41: Enchape cerámico para muros h=2,00 m | C41: M2 | D41: =+MemoriaDeCant!J737 -> 148 | E41: =+'6,4 '!I48 -> 93069 | F41: =ROUND(D41*E41,0) -> 13774212
A42: 6.5 | B42: Enchape para mesones de lavaplatos (Incluye listelo decorativo) | C42: M2 | D42: =+MemoriaDeCant!J766 -> 7.91 | E42: =+'6,5 '!I48 -> 95672 | F42: =ROUND(D42*E42,0) -> 756766
A43: 6.6 | B43: Anden en concreto escobeado | C43: M2 | D43: =+MemoriaDeCant!J795 -> 9.76 | E43: =+'6,6 '!I47 -> 54233 | F43: =ROUND(D43*E43,0) -> 529314
A44: 6.7 | B44: Rampa en concreto escobeada; E=0,10 (Incluye malla electrosoldada) | C44: M2 | D44: =+MemoriaDeCant!J824 -> 16.28 | E44: =+'6,7 '!I47 -> 81043 | F44: =ROUND(D44*E44,0) -> 1319380
A46: 7 | B46: CUBIERTA | F46: =SUM(F47:F50) -> 9971458
A47: 7.1 | B47: Cubierta en Teja arquitectonica master 1000 Cal. 28 | C47: M2 | D47: =+MemoriaDeCant!J853 -> 68.25 | E47: =+'7,1 '!I50 -> 65046 | F47: =ROUND(D47*E47,0) -> 4439390
A48: 7.2 | B48: tubo rectangular de 10 x 4 con anticorrosivo y pintura | C48: ML | D48: =+MemoriaDeCant!J882 -> 61.8 | E48: =+'7,2 '!I50 -> 72644 | F48: =ROUND(D48*E48,0) -> 4489399
A49: 7.3 | B49: Canal en lámina Galvanizada Cal. 20 | C49: ML | D49: =+MemoriaDeCant!J911 -> 10.5 | E49: =+'7,3 '!I50 -> 67024 | F49: =ROUND(D49*E49,0) -> 703752
A50: 7.4 | B50: Bajante de aguas lluvias 4" PVC A.LL | C50: ML | D50: =+MemoriaDeCant!J940 -> 9.4 | E50: =+'7,4 '!I50 -> 36055 | F50: =ROUND(D50*E50,0) -> 338917
A52: 8 | B52: CARPINTERIA METALICA | F52: =SUM(F53:F57) -> 15180017
A53: 8.1 | B53: Puerta en lámina galvanizada calibre 20, con marco metálico chapa, anticorrosivo, pintura | C53: M2 | D53: =+MemoriaDeCant!J969 -> 15.78 | E53: =+'8,1 '!I50 -> 386667 | F53: =ROUND(D53*E53,0) -> 6101605
A54: 8.2 | B54: Persiana metalica en lamina galvanizada con anticorrosivo y pintura | C54: M2 | D54: =+MemoriaDeCant!J998 -> 3.08 | E54: =+'8,2 '!I48 -> 418138 | F54: =ROUND(D54*E54,0) -> 1287865
A55: 8.3 | B55: Luceta metalica en lamina galvanizada con anticorrosivo y pintura | C55: M2 | D55: =+MemoriaDeCant!J1027 -> 1.32 | E55: =+'8,3 '!I48 -> 486851 | F55: =ROUND(D55*E55,0) -> 642643
A56: 8.4 | B56: Suministro e instalacion de divisiones para orinales en acero inoxidable satinado | C56: UND | D56: =+MemoriaDeCant!J1056 -> 2 | E56: =+'8,4 '!I48 -> 576000 | F56: =ROUND(D56*E56,0) -> 1152000
A57: 8.5 | B57: Baranda exterior en tuberia metalica, pagada en ml | C57: ML | D57: =+MemoriaDeCant!J1085 -> 32 | E57: =+'8,5 '!I47 -> 187372 | F57: =ROUND(D57*E57,0) -> 5995904
A59: 9 | B59: INSTALACIONES HIDRUALICAS | F59: =SUM(F60:F63) -> 1535534
A60: 9.1 | B60: Red de tubería PVCP de 1/2" | C60: ML | D60: =+MemoriaDeCant!J1114 -> 58 | E60: =+'9,1'!I47 -> 10465 | F60: =ROUND(D60*E60,0) -> 606970
A61: 9.2 | B61: Puntos hidráulicos de 1/2" | C61: UND | D61: =+MemoriaDeCant!J1143 -> 25 | E61: =+'9,2 '!I47 -> 30545 | F61: =ROUND(D61*E61,0) -> 763625
A62: 9.3 | B62: Registro de bola de 1/2" | C62: UND | D62: =+MemoriaDeCant!J1171 -> 2 | E62: =+'9,3'!I47 -> 63533 | F62: =ROUND(D62*E62,0) -> 127066
A63: 9.4 | B63: Llave terminal de 1/2" | C63: UND | D63: =+MemoriaDeCant!J1200 -> 1 | E63: =+'9,4'!I47 -> 37873 | F63: =ROUND(D63*E63,0) -> 37873
A65: 10 | B65: INSTALACIONES SANITARIAS | F65: =SUM(F66:F74) -> 15998203
A66: 10.1 | B66: Red de PVCS 4" | C66: ML | D66: 49.342457 | E66: =+'10,1'!I47 -> 46291 | F66: =ROUND(D66*E66,0) -> 2284112
A67: 10.2 | B67: Red de PVCS 2" | C67: ML | D67: =+MemoriaDeCant!J1256 -> 15 | E67: =+'10,2'!I47 -> 25865 | F67: =ROUND(D67*E67,0) -> 387975
A68: 10.3 | B68: Punto de PVCS 2" | C68: UND | D68: =+MemoriaDeCant!J1281 -> 11 | E68: =+'10,3'!I47 -> 37280 | F68: =ROUND(D68*E68,0) -> 410080
A69: 10.4 | B69: Punto de PVCS 4" | C69: UND | D69: =+MemoriaDeCant!J1308 -> 12 | E69: =+'10,4'!I47 -> 82452 | F69: =ROUND(D69*E69,0) -> 989424
A70: 10.5 | B70: Cajas de inspección de 0,80x0,80x0,80 | C70: UND | D70: =+MemoriaDeCant!J1335 -> 4 | E70: =+'10,5'!I47 -> 608127 | F70: =ROUND(D70*E70,0) -> 2432508
A71: 10.6 | B71: Sum. e inst. sanitario institucional con tanque | C71: UND | D71: =+MemoriaDeCant!J1362 -> 12 | E71: =+'10,6'!I47 -> 397528 | F71: =ROUND(D71*E71,0) -> 4770336
A72: 10.7 | B72: Kit de movilidad reducida | C72: UND | D72: =+MemoriaDeCant!J1389 -> 1 | E72: =+'10,7'!I47 -> 597463 | F72: =ROUND(D72*E72,0) -> 597463
A73: 10.8 | B73: Lavamanos Ref: 07384-100 o similar, pagado en un | C73: UND | D73: =+MemoriaDeCant!J1416 -> 11 | E73: =+'10,8'!I47 -> 269999 | F73: =ROUND(D73*E73,0) -> 2969989
A74: 10.9 | B74: Orinal Ref: 8870 o similar, pagado en un | C74: UND | D74: =+MemoriaDeCant!J1443 -> 2 | E74: =+'10,9'!I47 -> 578158 | F74: =ROUND(D74*E74,0) -> 1156316
A76: 11 | B76: INSTALACIONES ELECTRICAS | F76: =SUM(F77:F82) -> 3145844
A77: 11.1 | B77: Salida para toma monofásica doble con polo a tierra, en tubo conduit PVC de 1/2" | C77: UND | D77: 3 | E77: =+'11,1'!I48 -> 135777 | F77: =ROUND(D77*E77,0) -> 407331
A78: 11.2 | B78: Salida para Luminarias Incandecentes en Tubo Conduit de 1/2" con su respectivo interruptor y caja. | C78: UND | D78: 7 | E78: =+'11,2'!I52 -> 167619 | F78: =ROUND(D78*E78,0) -> 1173333
A79: 11.3 | B79: Suministro e instalación de lámpara Led 25 w. | C79: UND | D79: 7 | E79: =+'11,3'!I44 -> 83664 | F79: =ROUND(D79*E79,0) -> 585648
A80: 11.4 | B80: Acometida electrica Monofasica cable encauchetado No. 8 | C80: UND | D80: =+MemoriaDeCant!J1559 -> 1 | E80: =+'11,4'!I52 -> 350741 | F80: =ROUND(D80*E80,0) -> 350741
A81: 11.5 | B81: Tablero de circuitos | C81: UND | D81: =+MemoriaDeCant!J1588 -> 1 | E81: =+'11,5'!I52 -> 597795 | F81: =ROUND(D81*E81,0) -> 597795
A82: 11.6 | B82: breaker de 15 amp | C82: UND | D82: =+MemoriaDeCant!J1617 -> 1 | E82: =+'11,6'!I52 -> 30996 | F82: =ROUND(D82*E82,0) -> 30996
A85: COSTOS DIRECTOS | F85: =+F76+F65+F59+F52+F46+F37+F33+F29+F20+F16+F11 -> 121322594
B86: ADMINISTRACIÓN | C86: 0.11 | F86: =ROUND(F85*C86,0) -> 13345485
B87: IMPREVISTOS | C87: 0.01 | F87: =ROUND(F85*C87,0) -> 1213226
B88: UTILIDAD | C88: 0.05 | F88: =ROUND(F85*C88,0) -> 6066130
B89: IVA SOBRE LA UTILIDAD | C89: 0.19 | F89: =ROUND(F88*C89,0) -> 1152565
A90: TOTAL OBRA | F90: =SUM(F85:F89) -> 143100000
A92: ELABORO: | D92: APROBO:
A98: ARQ. ANTONIO RUIZ TOVAR | D98: DRA. FLORALBA ZAMBRANO MORILLO
A99: PROFESIONAL ESPECIALIZADO | D99: Secretaria de Educación Municipal

Sheet MemoriaDeCant
A1: REPUBLICA DE COLOMBIA
A2: DEPARTAMENTO DEL CAQUETÁ
A3: MUNICIPIO DE FLORENCIA
A4: ALCALDÍA MUNICIPAL
A5: MEMORIA DE CANTIDADES DE OBRA
A7: =+'PRESUPUESTO GENERAL'!A5 -> CONSTRUCCIÓN DE BATERIA SANITARIA PARA LA INSTITUCIÓN EDUCATIVA JORGE ELIECER GAITAN SEDE SIMON BOLIVAR DEL MUNICIPIO DE FLORENCIA, DEPARTAMENTO DEL CAQUETA.
A9: MEMORIA DE CALCULO DE CANTIDADES DE OBRA | AW9: .
A10: CAPÍTULO | C10: =+'PRESUPUESTO GENERAL'!B11 -> PRELIMINARES | AG10: UNIDAD: | AN10: =+'[224]PRESUPUESTO GENERAL'!C12 -> M2
A11: ITEM: | C11: =+'PRESUPUESTO GENERAL'!A12 -> 1.1 | D11: =+'PRESUPUESTO GENERAL'!B12 -> Localizacion y replanteo ( Sin equipo de topografia ) | AG11: CANTIDAD: | AN11: =+J24 -> 99.2
A13: AREA O LUGAR | C13: DIMENSIONES | G13: V. PARCIAL | H13: N° DE ELEMENTOS | I13: UNIDAD | J13: TOTAL
C14: LONGITUD | D14: ANCHO | E14: ALTO | F14: PESO
A17: BETERIA SANITARIA | C17: 9.7 | D17: 6.2 | G17: =C17*D17 -> 60.14 | H17: 1 | I17: M2 | J17: =G17*H17 -> 60.14
AW18: =9.7*6.2 -> 60.14
A19: ANDEN PEATONAL | C19: 5.42 | D19: 1.8 | G19: =C19*D19 -> 9.756 | H19: 1 | I19: M2 | J19: =ROUND(G19*H19,2) -> 9.76
AW20: =5.42*1.8 -> 9.756
A21: RAMPA | C21: 16.28 | D21: 1.8 | G21: =C21*D21 -> 29.304 | H21: 1 | I21: M2 | J21: =ROUND(C21*D21,2) -> 29.3 | AW21: =16.28*1.8 -> 29.304
AW23: =SUM(AW18:AW22) -> 99.2
E24: Aproxima Resultado a : | F24: 2 | G24: Decimales | I24: TOTAL | J24: =ROUND(SUM(J17:J21),F24) -> 99.2
A27: Observaciones:
AF29: ="Item " & C11 & " Página 1 de 1 " -> Item 1,1 Página 1 de 1
E30: APROBO:
F34: ARQ. ANTONIO RUIZ TOVAR
F35: PROFESIONAL UNIVERSITARIO
A38: MEMORIA DE CALCULO DE CANTIDADES DE OBRA
A39: CAPÍTULO | C39: =+'PRESUPUESTO GENERAL'!B11 -> PRELIMINARES | AG39: UNIDAD: | AN39: =+'PRESUPUESTO GENERAL'!C13 -> M2
A40: ITEM: | C40: =+'PRESUPUESTO GENERAL'!A13 -> 1.2 | D40: =+'PRESUPUESTO GENERAL'!B13 -> Cerramiento en tela propivida h=2,0m | AG40: CANTIDAD: | AN40: =+J53 -> 86.8
A42: AREA O LUGAR | C42: DIMENSIONES | G42: V. PARCIAL | H42: N° DE ELEMENTOS | I42: UNIDAD | J42: TOTAL
C43: LONGITUD | D43: ANCHO | E43: ALTO | F43: PESO
A46: AREA DE INTERVENCION | C46: =11.7*2 -> 23.4 | E46: 2 | G46: =C46*E46 -> 46.8 | H46: 1 | I46: M2 | J46: =G46*H46 -> 46.8 | AW46: =11.7*2*2 -> 46.8
C48: 20 | E48: 2 | G48: =C48*E48 -> 40 | H48: 1 | I48: M2 | J48: =G48*H48 -> 40 | AW48: =10*2*2 -> 40
E53: Aproxima Resultado a : | F53: 2 | G53: Decimales | I53: TOTAL | J53: =ROUND(SUM(J46:J52),F53) -> 86.8 | AW53: =SUM(AW46:AW52) -> 86.8
A56: Observaciones:
AF58: ="Item " & C40 & " Página 1 de 1 " -> Item 1,2 Página 1 de 1
E59: APROBO:
F63: =+F34 -> ARQ. ANTONIO RUIZ TOVAR
F64: =+F35 -> PROFESIONAL UNIVERSITARIO
A67: MEMORIA DE CALCULO DE CANTIDADES DE OBRA | AW67: .
A68: CAPÍTULO | C68: =+'PRESUPUESTO GENERAL'!B11 -> PRELIMINARES | AG68: UNIDAD: | AN68: =+'PRESUPUESTO GENERAL'!C14 -> M3
A69: ITEM: | C69: =+'PRESUPUESTO GENERAL'!A14 -> 1.3 | D69: =+'PRESUPUESTO GENERAL'!B14 -> Demolición placas macizas graderia (Inc. Ret de Escomb) | AG69: CANTIDAD: | AN69: =+J85 -> 3.34
A71: AREA O LUGAR | C71: DIMENSIONES | G71: V. PARCIAL | H71: N° DE ELEMENTOS | I71: UNIDAD | J71: TOTAL
C72: LONGITUD | D72: ANCHO | E72: ALTO | F72: PESO
A75: GRADERIA EXISTENTE | C75: 3.5 | D75: 1 | E75: 0.4 | G75: =C75*D75*E75 -> 1.4 | H75: 1 | I75: M3 | J75: =G75*H75 -> 1.4
A77: PLACA RAMPA | C77: 10.75 | D77: 1.8 | E77: 0.1 | G77: =C77*D77*E77 -> 1.935 | H77: 1 | I77: M3 | J77: =G77*H77 -> 1.935
E85: Aproxima Resultado a : | F85: 2 | G85: Decimales | I85: TOTAL | J85: =ROUND(SUM(J75:J84),F85) -> 3.34
A88: Observaciones:
AF90: ="Item " & C69 & " Página 1 de 1 " -> Item 1,3 Página 1 de 1
E91: APROBO:
F95: =+F63 -> ARQ. ANTONIO RUIZ TOVAR
F96: =+F64 -> PROFESIONAL UNIVERSITARIO
A98: MEMORIA DE CALCULO DE CANTIDADES DE OBRA | AW98: .
A99: CAPÍTULO | C99: =+'PRESUPUESTO GENERAL'!B16 -> EXCAVACIONES Y RELLENO | AG99: UNIDAD: | AN99: =+'PRESUPUESTO GENERAL'!C17 -> M3
A100: ITEM: | C100: =+'PRESUPUESTO GENERAL'!A17 -> 2.1 | D100: =+'PRESUPUESTO GENERAL'!B17 -> Excav. Manual ( Mat. Com y cong. Inc. Ret. De escombros ) | AG100: CANTIDAD: | AN100: =+J126 -> 37.06
A102: AREA O LUGAR | C102: DIMENSIONES | G102: V. PARCIAL | H102: N° DE ELEMENTOS | I102: UNIDAD | J102: TOTAL
C103: LONGITUD | D103: ANCHO | E103: ALTO | F103: PESO
A106: Area de intervencion - Bateria | C106: 9.7 | D106: 6 | E106: 0.5 | G106: =C106*D106*E106 -> 29.1 | H106: 1 | I106: M3 | J106: =G106*H106 -> 29.1
AX107: =J106 -> 29.1
A108: Zapatas aislada | C108: 1 | D108: 1 | E108: 0.6 | G108: =C108*D108*E108 -> 0.6 | H108: 11 | I108: M3 | J108: =G108*H108 -> 6.6
AX109: =J108 -> 6.6
A110: Vigas de cimentacion
A112: Eje 1 - A - E | C112: 5.7 | D112: 0.25 | E112: 0.25 | G112: =C112*D112*E112 -> 0.35625 | H112: 1 | I112: M3 | J112: =G112*H112 -> 0.35625 | AW112: =9.7-2 -> 7.7 | AX112: =AW112*D112*E112 -> 0.48125
A114: Eje 2 - A - E | C114: 5.7 | D114: 0.25 | E114: 0.25 | G114: =C114*D114*E114 -> 0.35625 | H114: 1 | I114: M3 | J114: =G114*H114 -> 0.35625 | AW114: 7.7 | AX114: =AX112 -> 0.48125
A116: Eje 3 - A - E | C116: 3.7 | D116: 0.25 | E116: 0.25 | G116: =C116*D116*E116 -> 0.23125 | H116: 1 | I116: M3 | J116: =G116*H116 -> 0.23125 | AW116: 7.7 | AX116: =AX114 -> 0.48125
A118: Eje A - 1 - 3 | C118: 2.2 | D118: 0.25 | E118: 0.25 | G118: =C118*D118*E118 -> 0.1375 | H118: 1 | I118: M3 | J118: =G118*H118 -> 0.1375 | AW118: 4.2 | AX118: =AW118*D118*E118 -> 0.2625
A120: Eje C - 1 -3 | C120: 2.2 | D120: 0.25 | E120: 0.25 | G120: =C120*D120*E120 -> 0.1375 | H120: 1 | I120: M3 | J120: =G120*H120 -> 0.1375 | AW120: 4.2 | AX120: =AX118 -> 0.2625
A122: Eje E -1 - 3 | C122: 2.2 | D122: 0.25 | E122: 0.25 | G122: =C122*D122*E122 -> 0.1375 | H122: 1 | I122: M3 | J122: =G122*H122 -> 0.1375 | AW122: 4.2 | AX122: =AX120 -> 0.2625
E126: Aproxima Resultado a : | F126: 2 | G126: Decimales | I126: TOTAL | J126: =ROUND(SUM(J106:J123),F126) -> 37.06 | AX126: =SUM(AX107:AX125) -> 37.93125
A129: Observaciones:
AF131: ="Item " & C100 & " Página 1 de 1 " -> Item 2,1 Página 1 de 1
E132: APROBO:
F136: =+F95 -> ARQ. ANTONIO RUIZ TOVAR
F137: =+F96 -> PROFESIONAL UNIVERSITARIO
A140: MEMORIA DE CALCULO DE CANTIDADES DE OBRA | AW140: .
A141: CAPÍTULO | C141: =+'PRESUPUESTO GENERAL'!B16 -> EXCAVACIONES Y RELLENO | AG141: UNIDAD: | AN141: =+'PRESUPUESTO GENERAL'!C17 -> M3
A142: ITEM: | C142: =+'PRESUPUESTO GENERAL'!A18 -> 2.2 | D142: =+'PRESUPUESTO GENERAL'!B18 -> Relleno manual con material selec. de excav ( Inc. Compactacion equipo rana ) | AG142: CANTIDAD: | AN142: =+J158 -> 11.4
A144: AREA O LUGAR | C144: DIMENSIONES | G144: V. PARCIAL | H144: N° DE ELEMENTOS | I144: UNIDAD | J144: TOTAL
C145: LONGITUD | D145: ANCHO | E145: ALTO | F145: PESO
A148: Area de intervencion | C148: 9.5 | D148: 6 | E148: 0.2 | G148: =C148*D148*E148 -> 11.4 | H148: 1 | I148: M3 | J148: =G148*H148 -> 11.4
E158: Aproxima Resultado a : | F158: 2 | G158: Decimales | I158: TOTAL | J158: =ROUND(SUM(J148:J155),F158) -> 11.4
A161: Observaciones:
AF163: ="Item " & C142 & " Página 1 de 1 " -> Item 2,2 Página 1 de 1
E164: APROBO:
F168: =+F136 -> ARQ. ANTONIO RUIZ TOVAR
F169: =+F137 -> PROFESIONAL UNIVERSITARIO
A172: MEMORIA DE CALCULO DE CANTIDADES DE OBRA | AW172: .
A173: CAPÍTULO | C173: =+'PRESUPUESTO GENERAL'!B20 -> ESTRUCTURA | AG173: UNIDAD: | AN173: =+'PRESUPUESTO GENERAL'!C21 -> UND
A174: ITEM: | C174: =+'PRESUPUESTO GENERAL'!A21 -> 3.1 | D174: =+'PRESUPUESTO GENERAL'!B21 -> Zapatas aisladas de 1,00x1,00x0,3 ref 1/2 c/0,15 mts incluye solado | AG174: CANTIDAD: | AN174: =+J188 -> 11
A176: AREA O LUGAR | C176: DIMENSIONES | G176: V. PARCIAL | H176: N° DE ELEMENTOS | I176: UNIDAD | J176: TOTAL
C177: LONGITUD | D177: ANCHO | E177: ALTO | F177: PESO
A180: ZAPATAS AISLADA | C180: 11 | G180: =C180 -> 11 | H180: 1 | I180: UND | J180: =G180*H180 -> 11
E188: Aproxima Resultado a : | F188: 2 | G188: Decimales | I188: TOTAL | J188: =ROUND(SUM(J178:J185),F188) -> 11
A191: Observaciones:
AF193: ="Item " & C174 & " Página 1 de 1 " -> Item 3,1 Página 1 de 1
E194: APROBO:
F198: =+F168 -> ARQ. ANTONIO RUIZ TOVAR
F199: =+F169 -> PROFESIONAL UNIVERSITARIO
A202: MEMORIA DE CALCULO DE CANTIDADES DE OBRA | AW202: .
A203: CAPÍTULO | C203: =+'PRESUPUESTO GENERAL'!B20 -> ESTRUCTURA | AG203: UNIDAD: | AN203: =+'PRESUPUESTO GENERAL'!C22 -> ML
A204: ITEM: | C204: =+'PRESUPUESTO GENERAL'!A22 -> 3.2 | D204: =+'PRESUPUESTO GENERAL'!B22 -> Viga riostra cto 3000 P.S.I. 0,25*0,25 ref 4 No 4, E No 3C/0,15 | AG204: CANTIDAD: | AN204: =+J226 -> 43.2
A206: AREA O LUGAR | C206: DIMENSIONES | G206: V. PARCIAL | H206: N° DE ELEMENTOS | I206: UNIDAD | J206: TOTAL
C207: LONGITUD | D207: ANCHO | E207: ALTO | F207: PESO
...

Sheet AIU
A2: PRESUPUESTO DEL A.U.I.
A4: ITEM: ANALISIS DETALLADO DEL A.I.U.
D5: VALOR TOTAL PRESUPUESTO | G5: =+'PRESUPUESTO GENERAL'!F90 -> 143100000
D6: VALOR COSTO DIRECTO | G6: =+'PRESUPUESTO GENERAL'!F85 -> 121322594
D7: VALOR AIU PRESUPUESTO | G7: =+G31 -> 25517432
A8: CODIGO | B8: DESCRIPCION | C8: VALOR BASE DEL MES | D8: DEDICACION | E8: CANTIDAD | F8: DURACION DEL PROYECTO MESES | G8: VALOR PARCIAL | H8: %
A10: 1 | B10: GASTOS GENERALES | G10: =G11+G14 -> 10800000 | H10: =+H11+H14 -> 0.089018868
A11: 1.1 | B11: STAFF DE PERSONAL DE OBRA + PRESTACIONES SOCIALES | G11: =+SUM(G12:G13) -> 10650000 | H11: =+G11/G6 -> 0.087782495
A12: 1,1,1 | B12: DIRECTOR DE OBRA | C12: 3500000 | D12: 0.3 | E12: 1 | F12: 3 | G12: =+ROUND(F12*E12*D12*C12,0) -> 3150000
A13: 1,1,2 | B13: INGENIERO RESIDENTE | C13: 2500000 | D13: 1 | E13: 1 | F13: 3 | G13: =+ROUND(F13*E13*D13*C13,0) -> 7500000
A14: 1.2 | B14: PAPELERÍA Y SERVICIOS | G14: =+SUM(G15:G15) -> 150000 | H14: =+G14/G6 -> 0.0012363732
A15: 1,2,1 | B15: PAPELERIA Y FOTOCOPIA | C15: 50000 | E15: 1 | F15: 3 | G15: =+ROUND(F15*E15*C15,0) -> 150000
A17: 2 | B17: GASTOS INDIRECTOS | G17: =+G18+G22 -> 6224850 | H17: =+H18+H22 -> 0.05130825
A18: 1.3 | B18: IMPUESTOS Y VALORES AGREGADOS | G18: =+SUM(G19:G20) -> 5724000 | H18: =+G18/G6 -> 0.04718
A19: 1,3,1 | B19: RETENCION DE LA FUENTE (CONSTRUCCION) | C19: =+G5 -> 143100000 | E19: 0.03 | G19: =+ROUND(E19*C19,0) -> 4293000
A20: 1,3,2 | B20: RETEICA | C20: =+G5 -> 143100000 | E20: 0.01 | G20: =+ROUND(E20*C20,0) -> 1431000
A22: 1.4 | B22: POLIZAS | G22: =SUM(G23:G27) -> 500850 | H22: =+G22/G6 -> 0.00412825
A23: 1,4,1 | B23: SERIEDAD DE LA PROPUESTA | C23: =+C19 -> 143100000 | E23: 0.0005 | G23: =ROUND(E23*C23,0) -> 71550
A24: 1,4,2 | B24: CUMPLIMIENTO | C24: =+C23 -> 143100000 | E24: 0.001 | G24: =ROUND(E24*C24,0) -> 143100
A25: 1,4,3 | B25: ESTABILIDAD | C25: =+C24 -> 143100000 | E25: 0.001 | G25: =ROUND(E25*C25,0) -> 143100
A26: 1,4,4 | B26: PRESTACIONES SOCIALES | C26: =+C25 -> 143100000 | E26: 0.0005 | G26: =ROUND(E26*C26,0) -> 71550
A27: 1,4,5 | B27: RESPONSABILIDAD CIVIL | C27: =+C26 -> 143100000 | E27: 0.0005 | G27: =ROUND(E27*C27,0) -> 71550
B28: TOTAL GASTO INDIRECTOS ADMINISTRACIÓN | G28: =+G17+G10 -> 17024850 | H28: =+H17+H10 -> 0.14032712
A29: 2 | B29: IMPREVISTOS | E29: % | G29: =+ROUND(H29*G6,0) -> 6066130 | H29: 0.05
A30: 3 | B30: UTILIDAD | E30: % | G30: =+ROUND(H30*G6,0) -> 2426452 | H30: 0.02
B31: COSTOS TOTAL A.I.U. | G31: =SUM(G28:G30) -> 25517432 | H31: =H28+H29+H30 -> 0.21032712
B35: ELABORO:
B39: _____________________________________
B40: =+'PRESUPUESTO GENERAL'!A98 -> ARQ. ANTONIO RUIZ TOVAR
B41: =+'PRESUPUESTO GENERAL'!A99 -> PROFESIONAL ESPECIALIZADO

Sheet PROGRAMACION F F
A2: REPUBLICA DE COLOMBIA
A3: DEPARTAMENTO DEL CAQUETA
A4: MUNICIPIO DE FLORENCIA
A5: ALCALDIA MUNICIPAL
A6: CRONOGRAMA DE EJECUCIÓN Y PROGRAMACIÓN FISICO FINANCIERA
A8: =+'PRESUPUESTO GENERAL'!A5 -> CONSTRUCCIÓN DE BATERIA SANITARIA PARA LA INSTITUCIÓN EDUCATIVA JORGE ELIECER GAITAN SEDE SIMON BOLIVAR DEL MUNICIPIO DE FLORENCIA, DEPARTAMENTO DEL CAQUETA.
C9: MES 1 | G9: MES 2 | K9: MES 3
A10: ITEM | B10: DESCRIPCIÓN | C10: SEMANA 1 | D10: SEMANA 2 | E10: SEMANA 3 | F10: SEMANA 4 | G10: SEMANA 1 | H10: SEMANA 2 | I10: SEMANA 3 | J10: SEMANA 4 | K10: SEMANA 1 | L10: SEMANA 2 | M10: SEMANA 3 | N10: SEMANA 4 | O10: VR. TOTAL
A11: =+'PRESUPUESTO GENERAL'!A12 -> 1.1 | B11: =+'PRESUPUESTO GENERAL'!B12 -> Localizacion y replanteo ( Sin equipo de topografia ) | C11: =+O11 -> 412474 | O11: =+'PRESUPUESTO GENERAL'!F12 -> 412474
A12: =+'PRESUPUESTO GENERAL'!A13 -> 1.2 | B12: =+'PRESUPUESTO GENERAL'!B13 -> Cerramiento en tela propivida h=2,0m | C12: =+O12 -> 841786 | O12: =+'PRESUPUESTO GENERAL'!F13 -> 841786
A13: =+'PRESUPUESTO GENERAL'!A14 -> 1.3 | B13: =+'PRESUPUESTO GENERAL'!B14 -> Demolición placas macizas graderia (Inc. Ret de Escomb) | C13: =O13/2 -> 223010 | D13: =C13 -> 223010 | O13: =+'PRESUPUESTO GENERAL'!F14 -> 446020
A14: =+'PRESUPUESTO GENERAL'!A17 -> 2.1 | B14: =+'PRESUPUESTO GENERAL'!B17 -> Excav. Manual ( Mat. Com y cong. Inc. Ret. De escombros ) | D14: =O14/2 -> 835795.5 | E14: =D14 -> 835795.5 | O14: =+'PRESUPUESTO GENERAL'!F17 -> 1671591
A15: =+'PRESUPUESTO GENERAL'!A18 -> 2.2 | B15: =+'PRESUPUESTO GENERAL'!B18 -> Relleno manual con material selec. de excav ( Inc. Compactacion equipo rana ) | E15: =O15/2 -> 135979 | F15: =E15 -> 135979 | O15: =+'PRESUPUESTO GENERAL'!F18 -> 271958
A16: =+'PRESUPUESTO GENERAL'!A21 -> 3.1 | B16: =+'PRESUPUESTO GENERAL'!B21 -> Zapatas aisladas de 1,00x1,00x0,3 ref 1/2 c/0,15 mts incluye solado | E16: =O16/2 -> 2068345 | F16: =E16 -> 2068345 | O16: =+'PRESUPUESTO GENERAL'!F21 -> 4136690
A17: =+'PRESUPUESTO GENERAL'!A22 -> 3.2 | B17: =+'PRESUPUESTO GENERAL'!B22 -> Viga riostra cto 3000 P.S.I. 0,25*0,25 ref 4 No 4, E No 3C/0,15 | E17: =O17/2 -> 2548541 | F17: =E17 -> 2548541 | O17: =+'PRESUPUESTO GENERAL'!F22 -> 5097082
A18: =+'PRESUPUESTO GENERAL'!A23 -> 3.3 | B18: =+'PRESUPUESTO GENERAL'!B23 -> Viga de amarre cto 3000 P.S.I. 0,25*0,25 ref 4 No 4 E No. 3 C/0,15 | F18: =O18/2 -> 2644263 | G18: =+F18 -> 2644263 | O18: =+'PRESUPUESTO GENERAL'!F23 -> 5288526
A19: =+'PRESUPUESTO GENERAL'!A24 -> 3.4 | B19: =+'PRESUPUESTO GENERAL'!B24 -> Columnas cto 3000 P.S.I. 0,25*0,25 ref 4 No 4, E No 3C/0,15 | F19: =O19/2 -> 2636957 | G19: =+F19 -> 2636957 | O19: =+'PRESUPUESTO GENERAL'!F24 -> 5273914
A20: =+'PRESUPUESTO GENERAL'!A25 -> 3.5 | B20: =+'PRESUPUESTO GENERAL'!B25 -> viga cinta en concreto de 0,1 x 0,15 | F20: =O20/2 -> 1411459 | G20: =+F20 -> 1411459 | O20: =+'PRESUPUESTO GENERAL'!F25 -> 2822918
A21: =+'PRESUPUESTO GENERAL'!A26 -> 3.6 | B21: =+'PRESUPUESTO GENERAL'!B26 -> Bordillo de confinamiento de 0,1x0,25m en concreto f'c= 210 kgf/cm2, Pagado por ml | F21: =O21/2 -> 93581 | G21: =+F21 -> 93581 | O21: =+'PRESUPUESTO GENERAL'!F26 -> 187162
A22: =+'PRESUPUESTO GENERAL'!A27 -> 3.7 | B22: =+'PRESUPUESTO GENERAL'!B27 -> Mesones en concreto f'c= 210fgf/cm2 E=0.10 m Ref. No. 3 c/0.20 m, pagado en m2 | G22: =O22/1 -> 1058034 | O22: =+'PRESUPUESTO GENERAL'!F27 -> 1058034
A23: =+'PRESUPUESTO GENERAL'!A30 -> 4.1 | B23: =+'PRESUPUESTO GENERAL'!B30 -> muro en ladrillo de arcilla No. 04 | F23: =O23/2 -> 4934691.5 | G23: =+F23 -> 4934691.5 | O23: =+'PRESUPUESTO GENERAL'!F30 -> 9869383
A24: =+'PRESUPUESTO GENERAL'!A31 -> 4.2 | B24: =+'PRESUPUESTO GENERAL'!B31 -> Pañete sobre muros 1:4 incluye filos y dilataciones | G24: =O24/2 -> 3309884 | H24: =+G24 -> 3309884 | O24: =+'PRESUPUESTO GENERAL'!F31 -> 6619768
A25: =+'PRESUPUESTO GENERAL'!A34 -> 5.1 | B25: =+'PRESUPUESTO GENERAL'!B34 -> Estuco plastico interior y exterior | G25: =O25/2 -> 876592.5 | H25: =+G25 -> 876592.5 | O25: =+'PRESUPUESTO GENERAL'!F34 -> 1753185
A26: =+'PRESUPUESTO GENERAL'!A35 -> 5.2 | B26: =+'PRESUPUESTO GENERAL'!B35 -> Pintura en vinilo tipo 1 | G26: =O26/2 -> 1136520.5 | H26: =+G26 -> 1136520.5 | O26: =+'PRESUPUESTO GENERAL'!F35 -> 2273041
A27: =+'PRESUPUESTO GENERAL'!A38 -> 6.1 | B27: =+'PRESUPUESTO GENERAL'!B38 -> Piso en concreto E=0,10M (Incl Juntas dilat. Y Malla Elect.), pagado en m2 | F27: =O27/2 -> 2052372.5 | G27: =+F27 -> 2052372.5 | O27: =+'PRESUPUESTO GENERAL'!F38 -> 4104745
A28: =+'PRESUPUESTO GENERAL'!A39 -> 6.2 | B28: =+'PRESUPUESTO GENERAL'!B39 -> Mortero de nivelación E=0,05 m | G28: =O28/2 -> 960186.5 | H28: =+G28 -> 960186.5 | O28: =+'PRESUPUESTO GENERAL'!F39 -> 1920373
A29: =+'PRESUPUESTO GENERAL'!A40 -> 6.3 | B29: =+'PRESUPUESTO GENERAL'!B40 -> Suministro e instalación de cerámica para pisos | G29: =O29/2 -> 2531608 | H29: =+G29 -> 2531608 | O29: =+'PRESUPUESTO GENERAL'!F40 -> 5063216
A30: =+'PRESUPUESTO GENERAL'!A41 -> 6.4 | B30: =+'PRESUPUESTO GENERAL'!B41 -> Enchape cerámico para muros h=2,00 m | G30: =O30/2 -> 6887106 | H30: =+G30 -> 6887106 | O30: =+'PRESUPUESTO GENERAL'!F41 -> 13774212
A31: =+'PRESUPUESTO GENERAL'!A42 -> 6.5 | B31: =+'PRESUPUESTO GENERAL'!B42 -> Enchape para mesones de lavaplatos (Incluye listelo decorativo) | H31: =O31/2 -> 378383 | I31: =+H31 -> 378383 | O31: =+'PRESUPUESTO GENERAL'!F42 -> 756766
A32: =+'PRESUPUESTO GENERAL'!A43 -> 6.6 | B32: =+'PRESUPUESTO GENERAL'!B43 -> Anden en concreto escobeado | H32: =O32/3 -> 176438 | I32: =+H32 -> 176438 | J32: =+I32 -> 176438 | O32: =+'PRESUPUESTO GENERAL'!F43 -> 529314
A33: =+'PRESUPUESTO GENERAL'!A44 -> 6.7 | B33: =+'PRESUPUESTO GENERAL'!B44 -> Rampa en concreto escobeada; E=0,10 (Incluye malla electrosoldada) | H33: =O33/3 -> 439793.33 | I33: =+H33 -> 439793.33 | J33: =+I33 -> 439793.33 | O33: =+'PRESUPUESTO GENERAL'!F44 -> 1319380
A34: =+'PRESUPUESTO GENERAL'!A47 -> 7.1 | B34: =+'PRESUPUESTO GENERAL'!B47 -> Cubierta en Teja arquitectonica master 1000 Cal. 28 | H34: =O34/3 -> 1479796.7 | I34: =+H34 -> 1479796.7 | J34: =+I34 -> 1479796.7 | O34: =+'PRESUPUESTO GENERAL'!F47 -> 4439390
A35: =+'PRESUPUESTO GENERAL'!A48 -> 7.2 | B35: =+'PRESUPUESTO GENERAL'!B48 -> tubo rectangular de 10 x 4 con anticorrosivo y pintura | I35: =O35/2 -> 2244699.5 | J35: =+I35 -> 2244699.5 | O35: =+'PRESUPUESTO GENERAL'!F48 -> 4489399
A36: =+'PRESUPUESTO GENERAL'!A49 -> 7.3 | B36: =+'PRESUPUESTO GENERAL'!B49 -> Canal en lámina Galvanizada Cal. 20 | J36: =O36/1 -> 703752 | O36: =+'PRESUPUESTO GENERAL'!F49 -> 703752
A37: =+'PRESUPUESTO GENERAL'!A50 -> 7.4 | B37: =+'PRESUPUESTO GENERAL'!B50 -> Bajante de aguas lluvias 4" PVC A.LL | J37: =O37/1 -> 338917 | O37: =+'PRESUPUESTO GENERAL'!F50 -> 338917
A38: =+'PRESUPUESTO GENERAL'!A53 -> 8.1 | B38: =+'PRESUPUESTO GENERAL'!B53 -> Puerta en lámina galvanizada calibre 20, con marco metálico chapa, anticorrosivo, pintura | J38: =O38/1 -> 6101605 | O38: =+'PRESUPUESTO GENERAL'!F53 -> 6101605
A39: =+'PRESUPUESTO GENERAL'!A54 -> 8.2 | B39: =+'PRESUPUESTO GENERAL'!B54 -> Persiana metalica en lamina galvanizada con anticorrosivo y pintura | J39: =O39/1 -> 1287865 | O39: =+'PRESUPUESTO GENERAL'!F54 -> 1287865
A40: =+'PRESUPUESTO GENERAL'!A55 -> 8.3 | B40: =+'PRESUPUESTO GENERAL'!B55 -> Luceta metalica en lamina galvanizada con anticorrosivo y pintura | J40: =O40/1 -> 642643 | O40: =+'PRESUPUESTO GENERAL'!F55 -> 642643
A41: =+'PRESUPUESTO GENERAL'!A56 -> 8.4 | B41: =+'PRESUPUESTO GENERAL'!B56 -> Suministro e instalacion de divisiones para orinales en acero inoxidable satinado | J41: =O41/1 -> 1152000 | O41: =+'PRESUPUESTO GENERAL'!F56 -> 1152000
A42: =+'PRESUPUESTO GENERAL'!A57 -> 8.5 | B42: =+'PRESUPUESTO GENERAL'!B57 -> Baranda exterior en tuberia metalica, pagada en ml | J42: =O42/1 -> 5995904 | O42: =+'PRESUPUESTO GENERAL'!F57 -> 5995904
A43: =+'PRESUPUESTO GENERAL'!A60 -> 9.1 | B43: =+'PRESUPUESTO GENERAL'!B60 -> Red de tubería PVCP de 1/2" | F43: =O43/1 -> 606970 | O43: =+'PRESUPUESTO GENERAL'!F60 -> 606970
A44: =+'PRESUPUESTO GENERAL'!A61 -> 9.2 | B44: =+'PRESUPUESTO GENERAL'!B61 -> Puntos hidráulicos de 1/2" | F44: =O44/1 -> 763625 | O44: =+'PRESUPUESTO GENERAL'!F61 -> 763625
A45: =+'PRESUPUESTO GENERAL'!A62 -> 9.3 | B45: =+'PRESUPUESTO GENERAL'!B62 -> Registro de bola de 1/2" | F45: =O45/1 -> 127066 | O45: =+'PRESUPUESTO GENERAL'!F62 -> 127066
A46: =+'PRESUPUESTO GENERAL'!A63 -> 9.4 | B46: =+'PRESUPUESTO GENERAL'!B63 -> Llave terminal de 1/2" | F46: =O46/1 -> 37873 | O46: =+'PRESUPUESTO GENERAL'!F63 -> 37873
A47: =+'PRESUPUESTO GENERAL'!A66 -> 10.1 | B47: =+'PRESUPUESTO GENERAL'!B66 -> Red de PVCS 4" | F47: =O47/1 -> 2284112 | O47: =+'PRESUPUESTO GENERAL'!F66 -> 2284112
A48: =+'PRESUPUESTO GENERAL'!A67 -> 10.2 | B48: =+'PRESUPUESTO GENERAL'!B67 -> Red de PVCS 2" | F48: =O48/1 -> 387975 | O48: =+'PRESUPUESTO GENERAL'!F67 -> 387975
A49: =+'PRESUPUESTO GENERAL'!A68 -> 10.3 | B49: =+'PRESUPUESTO GENERAL'!B68 -> Punto de PVCS 2" | F49: =O49/1 -> 410080 | O49: =+'PRESUPUESTO GENERAL'!F68 -> 410080
A50: =+'PRESUPUESTO GENERAL'!A69 -> 10.4 | B50: =+'PRESUPUESTO GENERAL'!B69 -> Punto de PVCS 4" | F50: =O50/1 -> 989424 | O50: =+'PRESUPUESTO GENERAL'!F69 -> 989424
A51: =+'PRESUPUESTO GENERAL'!A70 -> 10.5 | B51: =+'PRESUPUESTO GENERAL'!B70 -> Cajas de inspección de 0,80x0,80x0,80 | F51: =O51/1 -> 2432508 | O51: =+'PRESUPUESTO GENERAL'!F70 -> 2432508
A52: =+'PRESUPUESTO GENERAL'!A71 -> 10.6 | B52: =+'PRESUPUESTO GENERAL'!B71 -> Sum. e inst. sanitario institucional con tanque | K52: =O52/1 -> 4770336 | O52: =+'PRESUPUESTO GENERAL'!F71 -> 4770336
A53: =+'PRESUPUESTO GENERAL'!A72 -> 10.7 | B53: =+'PRESUPUESTO GENERAL'!B72 -> Kit de movilidad reducida | K53: =O53/1 -> 597463 | O53: =+'PRESUPUESTO GENERAL'!F72 -> 597463
A54: =+'PRESUPUESTO GENERAL'!A73 -> 10.8 | B54: =+'PRESUPUESTO GENERAL'!B73 -> Lavamanos Ref: 07384-100 o similar, pagado en un | K54: =O54/1 -> 2969989 | O54: =+'PRESUPUESTO GENERAL'!F73 -> 2969989
A55: =+'PRESUPUESTO GENERAL'!A74 -> 10.9 | B55: =+'PRESUPUESTO GENERAL'!B74 -> Orinal Ref: 8870 o similar, pagado en un | L55: =O55/1 -> 1156316 | O55: =+'PRESUPUESTO GENERAL'!F74 -> 1156316
A56: =+'PRESUPUESTO GENERAL'!A77 -> 11.1 | B56: =+'PRESUPUESTO GENERAL'!B77 -> Salida para toma monofásica doble con polo a tierra, en tubo conduit PVC de 1/2" | L56: =O56/3 -> 135777 | M56: =+L56 -> 135777 | N56: =+M56 -> 135777 | O56: =+'PRESUPUESTO GENERAL'!F77 -> 407331
A57: =+'PRESUPUESTO GENERAL'!A78 -> 11.2 | B57: =+'PRESUPUESTO GENERAL'!B78 -> Salida para Luminarias Incandecentes en Tubo Conduit de 1/2" con su respectivo interruptor y caja. | L57: =O57/3 -> 391111 | M57: =+L57 -> 391111 | N57: =+M57 -> 391111 | O57: =+'PRESUPUESTO GENERAL'!F78 -> 1173333
A58: =+'PRESUPUESTO GENERAL'!A79 -> 11.3 | B58: =+'PRESUPUESTO GENERAL'!B79 -> Suministro e instalación de lámpara Led 25 w. | L58: =O58/3 -> 195216 | M58: =+L58 -> 195216 | N58: =+M58 -> 195216 | O58: =+'PRESUPUESTO GENERAL'!F79 -> 585648
A59: =+'PRESUPUESTO GENERAL'!A80 -> 11.4 | B59: =+'PRESUPUESTO GENERAL'!B80 -> Acometida electrica Monofasica cable encauchetado No. 8 | L59: =O59/3 -> 116913.67 | M59: =+L59 -> 116913.67 | N59: =+M59 -> 116913.67 | O59: =+'PRESUPUESTO GENERAL'!F80 -> 350741
A60: =+'PRESUPUESTO GENERAL'!A81 -> 11.5 | B60: =+'PRESUPUESTO GENERAL'!B81 -> Tablero de circuitos | L60: =O60/3 -> 199265 | M60: =+L60 -> 199265 | N60: =+M60 -> 199265 | O60: =+'PRESUPUESTO GENERAL'!F81 -> 597795
A61: =+'PRESUPUESTO GENERAL'!A82 -> 11.6 | B61: =+'PRESUPUESTO GENERAL'!B82 -> breaker de 15 amp | L61: =O61/3 -> 10332 | M61: =+L61 -> 10332 | N61: =+M61 -> 10332 | O61: =+'PRESUPUESTO GENERAL'!F82 -> 30996
A64: FLUJO DE CAJA SEMANAL | C64: =SUM(C11:C62,0) -> 1477270 | D64: =SUM(D11:D62,0) -> 1058805.5 | E64: =SUM(E11:E62,0) -> 5588660.5 | F64: =SUM(F11:F62,0) -> 26565822 | G64: =SUM(G11:G62,0) -> 30533256 | H64: =SUM(H11:H62,0) -> 18176308 | I64: =SUM(I11:I62,0) -> 4719110.5 | J64: =SUM(J11:J62,0) -> 20563414 | ... N64: =SUM(N11:N62,0) -> 1048614.7 | O64: =SUM(O11:O62) -> 121322594
A65: FLUJO DE CAJA MENSUAL | C65: =C64+D64+E64+F64 -> 34690558 | G65: =G64+H64+I64+J64 -> 73992088 | K65: =K64+L64+M64+N64 -> 12639948 | O65: =ROUND(C65+G65+K65,0) -> 121322594
A67: VALOR TOTAL DEL PROYECTO | O67: =ROUND(O65*0.17+O64+'PRESUPUESTO GENERAL'!F89,0) -> 143100000
B74: =+'PRESUPUESTO GENERAL'!A98 -> ARQ. ANTONIO RUIZ TOVAR | J74: Vo.Bo. Dra. FLORALBA ZAMBRANO MORILLO
B75: =+'PRESUPUESTO GENERAL'!A99 -> PROFESIONAL ESPECIALIZADO | J75: Secretaria de Educación Municipal

Sheet CTO D 
B1: REPÚBLICA DE COLOMBIA
B2: DEPARTAMENTO DEL CAQUETÁ
B3: MUNICIPIO DE FLORENCIA
B4: =+'[224]PRESUPUESTO GENERAL'!A4 -> PRESUPUESTO GENERAL
B5: SECRETARIA DE OBRAS PUBLICAS - SECOBRAS | E5: ANALISIS DE PRECIOS UNITARIOS - PRELIMINARES
B6: =+'PRESUPUESTO GENERAL'!A5 -> CONSTRUCCIÓN DE BATERIA SANITARIA PARA LA INSTITUCIÓN EDUCATIVA JORGE ELIECER GAITAN SEDE SIMON BOLIVAR DEL MUNICIPIO DE FLORENCIA, DEPARTAMENTO DEL CAQUETA.
B7: ITEM | C7: CONCRETO BASICO CLASE D | H7: UNIDAD: | I7: M3
A10: SEC OBRAS | B10: I | C10: MATERIALES
C11: DESCRIPCIÓN | E11: UND | F11: CANT. | G11: V/UNITARIO | H11: V/PARCIAL
C12: =+[225]MATERIALES!B12 -> Cemento gris | E12: KG | F12: 350 | G12: =640*1.1312 -> 723.968 | H12: =+F12*G12 -> 253388.8
C13: =+[225]MATERIALES!B10 -> Arena de Río | E13: M3 | F13: 0.55 | G13: =35000*1.1312 -> 39592 | H13: =+F13*G13 -> 21775.6
C14: Triturado de planta | E14: M3 | F14: 0.83 | G14: =105000*1.1312 -> 118776 | H14: =+F14*G14 -> 98584.08
C15: =+[225]MATERIALES!B11 -> Agua | E15: LT | F15: 180 | G15: =50*1.1312 -> 56.56 | H15: =+F15*G15 -> 10180.8
C20: DESPERDICIO | E20: % | F20: 0 | H20: =G20*F20 -> 0
H21: TOTAL MATERIALES: | I21: =SUM(H12:H16) -> 383929.28
B22: II | C22: MANO DE OBRA
C23: DESCRIPCIÓN | D23: JORNAL | E23: PREST. | F23: REND. | G23: J/TOTAL | H23: V/PARCIAL
C24: 4 AYUDANTES | D24: =38700*4 -> 154800 | E24: 0.85 | F24: 6 | G24: =+D24*(1+E24) -> 286380 | H24: =+G24/F24 -> 47730
C25: 1 OFICIAL | D25: 66700 | E25: =+E24 -> 0.85 | F25: 6 | G25: =+D25*(1+E25) -> 123395 | H25: =+G25/F25 -> 20565.833
H27: TOTAL MANO DE OBRA: | I27: =ROUND(H24+H25,0) -> 68296
B28: III | C28: HERRAMIENTA Y EQUIPO
C29: DESCRIPCIÓN | E29: UND | F29: TARIFA | G29: R/MIENTO | H29: V/PARCIAL
C30: HERRAMIENTA MENOR | H30: =I27*0.1 -> 6829.6
C31: =+[225]MATERIALES!B145 -> Mezcladora de concreto | E31: TROMPO | F31: =10500*1.1413 -> 11983.65 | G31: 0.25 | H31: =+F31*G31 -> 2995.9125
H33: TOTAL HERRAMIENTA Y EQUIPO: | I33: =SUM(H30:H32) -> 9825.5125
B34: IV | C34: TRANSPORTE
C35: MATERIAL | E35: VOL (m3) | F35: DIST (Km) | G35: PESO/(m3/km) | H35: V/UNITARIO
H38: TOTAL TRANSPORTE: | I38: =SUM(H36:H37) -> 0
H40: TOTAL COSTO DIRECTO: | I40: =SUM(I21:I38) -> 462050.79
B41: V | C41: COSTOS INDIRECTOS
C42: DESCRIPCIÓN | E42: PORCENTAJE | G42: V/PARCIAL
C43: ADMINISTRACIÓN | E43: 0 | G43: =E43*I40 -> 0
C44: IMPREVISTOS | E44: 0 | G44: =E44*I40 -> 0
C45: UTILIDAD | E45: 0 | G45: =E45*I40 -> 0
H46: TOTAL COSTO INDIRECTO: | I46: =SUM(G43:G45) -> 0
H48: TOTAL PRECIO UNITARIO: | I48: =ROUND(I46+I40,0) -> 462051
H49: TOTAL PRECIO UNITARIO AJUSTADO AL PESO: | I49: =ROUND(I48,0) -> 462051
C52: =+'PRESUPUESTO GENERAL'!A98 -> ARQ. ANTONIO RUIZ TOVAR
C53: =+'PRESUPUESTO GENERAL'!A99 -> PROFESIONAL ESPECIALIZADO

Sheet MRO 14 
B1: REPÚBLICA DE COLOMBIA
B2: DEPARTAMENTO DEL CAQUETÁ
B3: MUNICIPIO DE FLORENCIA
B4: =+'[224]PRESUPUESTO GENERAL'!A4 -> PRESUPUESTO GENERAL
B5: SECRETARIA DE OBRAS PUBLICAS - SECOBRAS | E5: ANALISIS DE PRECIOS UNITARIOS - PRELIMINARES
B6: =+'CTO D '!B6:I6 -> CONSTRUCCIÓN DE BATERIA SANITARIA PARA LA INSTITUCIÓN EDUCATIVA JORGE ELIECER GAITAN SEDE SIMON BOLIVAR DEL MUNICIPIO DE FLORENCIA, DEPARTAMENTO DEL CAQUETA.
B7: ITEM | C7: MORTERO BASICO 1:4 | H7: UNIDAD: | I7: M3
A10: SEC OBRAS | B10: I | C10: MATERIALES
C11: DESCRIPCIÓN | E11: UND | F11: CANT. | G11: V/UNITARIO | H11: V/PARCIAL
C12: =+[225]MATERIALES!B12 -> Cemento gris | E12: KG | F12: 450 | G12: =640*1.1312 -> 723.968 | H12: =+F12*G12 -> 325785.6
C13: Arena fina | E13: M3 | F13: 1.08 | G13: =60000*1.1312 -> 67872 | H13: =+F13*G13 -> 73301.76
C14: =+[225]MATERIALES!B11 -> Agua | E14: LT | F14: 260 | G14: =50*1.1312 -> 56.56 | H14: =+F14*G14 -> 14705.6
C19: DESPERDICIO
H20: TOTAL MATERIALES: | I20: =ROUND(SUM(H12:H15),0) -> 413793
B21: II | C21: MANO DE OBRA
C22: DESCRIPCIÓN | D22: JORNAL | E22: PREST. | F22: REND. | G22: J/TOTAL | H22: V/PARCIAL
C23: 4 AYUDANTES | D23: =38700*4 -> 154800 | E23: 0.85 | F23: 9 | G23: =+D23*(1+E23) -> 286380 | H23: =+G23/F23 -> 31820
C24: 1 OFICIAL | D24: 66700 | E24: 0.85 | F24: 9 | G24: =+D24*(1+E24) -> 123395 | H24: =ROUND(+G24/F24,0) -> 13711
H25: =G25*F25*E25*D25 -> 0
I26: =ROUND(H23+H24,0) -> 45531
B27: III | C27: HERRAMIENTA Y EQUIPO
C28: DESCRIPCIÓN | E28: UND | F28: TARIFA | G28: R/MIENTO | H28: V/PARCIAL
C29: HERRAMIENTA MENOR | H29: =+I26*10% -> 4553.1
C30: =+[225]MATERIALES!B145 -> Mezcladora de concreto | E30: TROMPO | F30: =10500*1.1413 -> 11983.65 | G30: 0.63 | H30: =ROUND(+F30/G30,0) -> 19022
H32: TOTAL HERRAMIENTA Y EQUIPO: | I32: =ROUND(H29+H30,0) -> 23575
B33: IV | C33: TRANSPORTE
C34: MATERIAL | E34: VOL (m3) | F34: DIST (Km) | G34: PESO/(m3/km) | H34: V/UNITARIO
H37: TOTAL TRANSPORTE: | I37: =SUM(H35:H36) -> 0
H39: TOTAL COSTO DIRECTO: | I39: =SUM(I20:I37) -> 482899
B40: V | C40: COSTOS INDIRECTOS
C41: DESCRIPCIÓN | E41: PORCENTAJE | G41: V/PARCIAL
C42: ADMINISTRACIÓN | E42: 0 | G42: =E42*I39 -> 0
C43: IMPREVISTOS | E43: 0 | G43: =E43*I39 -> 0
C44: UTILIDAD | E44: 0 | G44: =E44*I39 -> 0
H45: TOTAL COSTO INDIRECTO: | I45: =SUM(G42:G44) -> 0
H47: TOTAL PRECIO UNITARIO: | I47: =ROUND(I45+I39,0) -> 482899
H48: TOTAL PRECIO UNITARIO AJUSTADO AL PESO: | I48: =ROUND(I47,0) -> 482899
C51: =+'PRESUPUESTO GENERAL'!A98 -> ARQ. ANTONIO RUIZ TOVAR
C52: =+'PRESUPUESTO GENERAL'!A99 -> PROFESIONAL ESPECIALIZADO

Sheet 1,1
B1: REPÚBLICA DE COLOMBIA
B2: DEPARTAMENTO DEL CAQUETÁ
B3: MUNICIPIO DE FLORENCIA
B4: =+'[224]PRESUPUESTO GENERAL'!A4 -> PRESUPUESTO GENERAL
B5: SECRETARIA DE OBRAS PUBLICAS - SECOBRAS | E5: ANALISIS DE PRECIOS UNITARIOS - PRELIMINARES
B6: =+'MRO 14 '!B6:I6 -> CONSTRUCCIÓN DE BATERIA SANITARIA PARA LA INSTITUCIÓN EDUCATIVA JORGE ELIECER GAITAN SEDE SIMON BOLIVAR DEL MUNICIPIO DE FLORENCIA, DEPARTAMENTO DEL CAQUETA.
B7: ITEM | C7: =+'[224]PRESUPUESTO GENERAL'!B12 -> localizacion y replanteo | H7: UNIDAD: | I7: =+[226]Presupuesto!C200 -> M2
B8: =+'[224]PRESUPUESTO GENERAL'!A12 -> 1.1
A10: SEC OBRAS | B10: I | C10: MATERIALES
C11: DESCRIPCIÓN | E11: UND | F11: CANT. | G11: V/UNITARIO | H11: V/PARCIAL
C12: Varillon 5x5 | E12: ML | F12: 0.1 | G12: =7000*1.1312 -> 7918.4 | H12: =ROUND(G12*F12,0) -> 792
C13: Puntilla puma de 2 1/2" | E13: LB | F13: 0.02 | G13: =3800*1.1312 -> 4298.56 | H13: =ROUND(G13*F13,0) -> 86
C14: alambre de amarre | E14: KG | F14: 0.01 | G14: =8500*1.1312 -> 9615.2 | H14: =ROUND(G14*F14,0) -> 96
C15: piola gruesa rollo 50 ml | E15: UND | F15: 0.06 | G15: =3000*1.1312 -> 3393.6 | H15: =ROUND(G15*F15,0) -> 204
C19: DESPERDICIO | E19: % | F19: 0.05 | G19: =SUM(H11:H18) -> 1178 | H19: =G19*F19 -> 58.9
H20: TOTAL MATERIALES: | I20: =ROUND(SUM(H12:H19),0) -> 1237
B21: II | C21: MANO DE OBRA
C22: DESCRIPCIÓN | D22: JORNAL | E22: PREST. | F22: REND. | G22: J/TOTAL | H22: V/PARCIAL
C23: 2 AYUDANTES | D23: =38700*2 -> 77400 | E23: 0.85 | F23: 100 | G23: =+D23*(1+E23) -> 143190 | H23: =+G23/F23 -> 1431.9
C24: 1. OFICIAL | D24: 66700 | E24: 0.85 | F24: 100 | G24: =+D24*(1+E24) -> 123395 | H24: =+G24/F24 -> 1233.95
H25: =G25*F25*E25*D25 -> 0
H26: TOTAL MANO DE OBRA: | I26: =ROUND(SUM(H23:H25),0) -> 2666
B27: III | C27: HERRAMIENTA Y EQUIPO
C28: DESCRIPCIÓN | E28: UND | F28: TARIFA | G28: R/MIENTO | H28: V/PARCIAL
C29: HERRAMIENTA MENOR | H29: =+I26*10% -> 266.6
H32: TOTAL HERRAMIENTA Y EQUIPO: | I32: 255
B33: IV | C33: TRANSPORTE
C34: MATERIAL | E34: VOL (m3) | F34: DIST (Km) | G34: PESO/(m3/km) | H34: V/UNITARIO
H37: TOTAL TRANSPORTE: | I37: =SUM(H35:H36) -> 0
H39: TOTAL COSTO DIRECTO: | I39: =SUM(I20:I37) -> 4158
B40: V | C40: COSTOS INDIRECTOS
C41: DESCRIPCIÓN | E41: PORCENTAJE | G41: V/PARCIAL
C42: ADMINISTRACIÓN | E42: 0 | G42: =E42*I39 -> 0
C43: IMPREVISTOS | E43: 0 | G43: =E43*I39 -> 0
C44: UTILIDAD | E44: 0 | G44: =E44*I39 -> 0
H45: TOTAL COSTO INDIRECTO: | I45: =SUM(G42:G44) -> 0
H47: TOTAL PRECIO UNITARIO: | I47: =I45+I39 -> 4158
H48: TOTAL PRECIO UNITARIO AJUSTADO AL PESO: | I48: =ROUND(I47,0) -> 4158
C51: =+'MRO 14 '!C51 -> ARQ. ANTONIO RUIZ TOVAR
C52: =+'MRO 14 '!C52 -> PROFESIONAL ESPECIALIZADO

Sheet 1,2 
B1: REPÚBLICA DE COLOMBIA
B2: DEPARTAMENTO DEL CAQUETÁ
B3: MUNICIPIO DE FLORENCIA
B4: =+'[227]PRESUPUESTO GENERAL'!A4 -> #REF!
B5: SECRETARIA DE OBRAS PUBLICAS - SECOBRAS | E5: ANALISIS DE PRECIOS UNITARIOS - PRELIMINARES
B6: =+'[228]1,1'!B6:I6 -> CONSTRUCCION TRAMO DE CERRAMIENTO PERIMETRAL DE LA INSTITUCION EDUCATIVA RURAL SANTANDER DEL MUNICIPIO DE FLORENCIA CAQUETA
B7: ITEM | C7: =+'[228]PRESUPUESTO GENERAL'!B13 -> Cerramiento en tela verde H= 2,00 m | H7: UNIDAD: | I7: =+'[228]PRESUPUESTO GENERAL'!C13 -> M2
B8: =+'[228]PRESUPUESTO GENERAL'!A13 -> 1.2
A10: SEC OBRAS | B10: I | C10: MATERIALES
C11: DESCRIPCIÓN | E11: UND | F11: CANT. | G11: V/UNITARIO | H11: V/PARCIAL
C12: =[229]MATERIALES!B17 -> Tela polisombra verde H = 2,00 m | E12: ML | F12: 1 | G12: =3300*1.1312 -> 3732.96 | H12: =+ROUND(G12*F12,2) -> 3732.96
C13: =[229]MATERIALES!B21 -> Varillon 5x5 | E13: UND | F13: 0.25 | G13: =7000*1.1312 -> 7918.4 | H13: =+ROUND(G13*F13,2) -> 1979.6
C14: =[229]MATERIALES!B22 -> Puntilla puma 2 1/2" | E14: LB | F14: 0.01 | G14: =3800*1.1312 -> 4298.56 | H14: =+ROUND(G14*F14,0) -> 43
C15: Alambre de amarre | E15: KG | F15: 0.05 | G15: =8500*1.1312 -> 9615.2 | H15: =+ROUND(G15*F15,2) -> 480.76
C19: DESPERDICIO | E19: % | F19: 0.05 | G19: =SUM(H11:H18) -> 6236.32 | H19: =G19*F19 -> 311.816
H20: TOTAL MATERIALES: | I20: =ROUND(SUM(H12:H19),0) -> 6548
B21: II | C21: MANO DE OBRA
C22: DESCRIPCIÓN | D22: JORNAL | E22: PREST. | F22: REND. | G22: J/TOTAL | H22: V/PARCIAL
C23: 4 Ayudantes | D23: =38700*4 -> 154800 | E23: 0.85 | F23: 100 | G23: =+D23*(1+E23) -> 286380 | H23: =+G23/F23 -> 2863.8 | M23: =D23/4 -> 38700
H25: =G25*F25*E25*D25 -> 0
H26: TOTAL MANO DE OBRA: | I26: =ROUND(SUM(H23:H25),0) -> 2864
B27: III | C27: HERRAMIENTA Y EQUIPO
C28: DESCRIPCIÓN | E28: UND | F28: TARIFA | G28: R/MIENTO | H28: V/PARCIAL
C29: HERRAMIENTA MENOR | H29: =+I26*10% -> 286.4
H32: TOTAL HERRAMIENTA Y EQUIPO: | I32: =ROUND(SUM(H29:H31),0) -> 286
B33: IV | C33: TRANSPORTE
C34: MATERIAL | E34: VOL (m3) | F34: DIST (Km) | G34: PESO/(m3/km) | H34: V/UNITARIO
H37: TOTAL TRANSPORTE: | I37: =SUM(H35:H36) -> 0
H39: TOTAL COSTO DIRECTO: | I39: =SUM(I20:I37) -> 9698
B40: V | C40: COSTOS INDIRECTOS
C41: DESCRIPCIÓN | E41: PORCENTAJE | G41: V/PARCIAL
C42: ADMINISTRACIÓN | E42: 0 | G42: =E42*I39 -> 0
C43: IMPREVISTOS | E43: 0 | G43: =E43*I39 -> 0
C44: UTILIDAD | E44: 0 | G44: =E44*I39 -> 0
H45: TOTAL COSTO INDIRECTO: | I45: =SUM(G42:G44) -> 0
H47: TOTAL PRECIO UNITARIO: | I47: =I45+I39 -> 9698
H48: TOTAL PRECIO UNITARIO AJUSTADO AL PESO: | I48: =+I47 -> 9698
C52: =+'1,1'!C51 -> ARQ. ANTONIO RUIZ TOVAR
C53: =+'1,1'!C52 -> PROFESIONAL ESPECIALIZADO

Sheet 1,3
B1: REPÚBLICA DE COLOMBIA
B2: DEPARTAMENTO DEL CAQUETÁ
B3: MUNICIPIO DE FLORENCIA
B4: =+'PRESUPUESTO GENERAL'!A4 -> PRESUPUESTO GENERAL
B5: SECRETARIA DE OBRAS PUBLICAS - SECOBRAS | E5: ANALISIS DE PRECIOS UNITARIOS - PRELIMINARES
B6: =+'1,1'!B6:I6 -> CONSTRUCCIÓN DE BATERIA SANITARIA PARA LA INSTITUCIÓN EDUCATIVA JORGE ELIECER GAITAN SEDE SIMON BOLIVAR DEL MUNICIPIO DE FLORENCIA, DEPARTAMENTO DEL CAQUETA.
B7: ITEM | C7: =+'PRESUPUESTO GENERAL'!B14 -> Demolición placas macizas graderia (Inc. Ret de Escomb) | H7: UNIDAD: | I7: =+'PRESUPUESTO GENERAL'!C14 -> M3
B8: =+'PRESUPUESTO GENERAL'!A14 -> 1.3
A10: SEC OBRAS | B10: I | C10: MATERIALES
C11: DESCRIPCIÓN | E11: UND | F11: CANT. | G11: V/UNITARIO | H11: V/PARCIAL
C19: DESPERDICIO | E19: % | F19: 0.05 | G19: =SUM(H11:H18) -> 0 | H19: =G19*F19 -> 0
H20: TOTAL MATERIALES: | I20: =ROUND(SUM(H12:H19),0) -> 0
B21: II | C21: MANO DE OBRA
C22: DESCRIPCIÓN | D22: JORNAL | E22: PREST. | F22: REND. | G22: J/TOTAL | H22: V/PARCIAL
C23: 4 Ayudantes | D23: =38700*4 -> 154800 | E23: 0.85 | F23: 3 | G23: =ROUND(+D23*(1+E23),0) -> 286380 | H23: =+G23/F23 -> 95460
H25: =G25*F25*E25*D25 -> 0
H26: TOTAL MANO DE OBRA: | I26: =ROUND(SUM(H23:H25),0) -> 95460
B27: III | C27: HERRAMIENTA Y EQUIPO
C28: DESCRIPCIÓN | E28: UND | F28: TARIFA | G28: R/MIENTO | H28: V/PARCIAL
C29: HERRAMIENTA MENOR | E29: Manual | H29: =+I26*10% -> 9546
C30: Volqueta 5 m3 | F30: =75000*1.1413 -> 85597.5 | G30: 3 | H30: =F30/G30 -> 28532.5
H32: TOTAL HERRAMIENTA Y EQUIPO: | I32: =ROUND(SUM(H29:H31),0) -> 38079
B33: IV | C33: TRANSPORTE
C34: MATERIAL | E34: VOL (m3) | F34: DIST (Km) | G34: PESO/(m3/km) | H34: V/UNITARIO
H37: TOTAL TRANSPORTE: | I37: =SUM(H35:H36) -> 0
H39: TOTAL COSTO DIRECTO: | I39: =SUM(I20:I37) -> 133539
B40: V | C40: COSTOS INDIRECTOS
C41: DESCRIPCIÓN | E41: PORCENTAJE | G41: V/PARCIAL
C42: ADMINISTRACIÓN | E42: 0 | G42: =E42*I39 -> 0
C43: IMPREVISTOS | E43: 0 | G43: =E43*I39 -> 0
C44: UTILIDAD | E44: 0 | G44: =E44*I39 -> 0
H45: TOTAL COSTO INDIRECTO: | I45: =SUM(G42:G44) -> 0
H47: TOTAL PRECIO UNITARIO: | I47: =I45+I39 -> 133539
H48: TOTAL PRECIO UNITARIO AJUSTADO AL PESO: | I48: =+I47 -> 133539
C52: =+'1,2 '!C52 -> ARQ. ANTONIO RUIZ TOVAR
C53: =+'1,2 '!C53 -> PROFESIONAL ESPECIALIZADO

Sheet 2,1
B1: REPÚBLICA DE COLOMBIA
B2: DEPARTAMENTO DEL CAQUETÁ
B3: MUNICIPIO DE FLORENCIA
B4: =+'PRESUPUESTO GENERAL'!A4 -> PRESUPUESTO GENERAL
B5: SECRETARIA DE OBRAS PUBLICAS - SECOBRAS | E5: ANALISIS DE PRECIOS UNITARIOS - EXCAVACIONES
B6: =+'1,3'!B6:I6 -> CONSTRUCCIÓN DE BATERIA SANITARIA PARA LA INSTITUCIÓN EDUCATIVA JORGE ELIECER GAITAN SEDE SIMON BOLIVAR DEL MUNICIPIO DE FLORENCIA, DEPARTAMENTO DEL CAQUETA.
B7: ITEM | C7: =+'PRESUPUESTO GENERAL'!B17 -> Excav. Manual ( Mat. Com y cong. Inc. Ret. De escombros ) | H7: UNIDAD: | I7: =+'PRESUPUESTO GENERAL'!C17 -> M3
B8: =+'PRESUPUESTO GENERAL'!A17 -> 2.1
A10: SEC OBRAS | B10: I | C10: MATERIALES
C11: DESCRIPCIÓN | E11: UND | F11: CANT. | G11: V/UNITARIO | H11: V/PARCIAL
C19: DESPERDICIO | E19: % | F19: 0.05 | G19: =SUM(H11:H18) -> 0 | H19: =G19*F19 -> 0
H20: TOTAL MATERIALES: | I20: =SUM(H12:H19) -> 0
B21: II | C21: MANO DE OBRA
C22: DESCRIPCIÓN | D22: JORNAL | E22: PREST. | F22: REND. | G22: J/TOTAL | H22: V/PARCIAL
C23: 4 AYUDANTES | D23: =38700*4 -> 154800 | E23: 0.85 | F23: 12 | G23: =ROUND(+D23*(1+E23),0) -> 286380 | H23: =+G23/F23 -> 23865
H25: =G25*F25*E25*D25 -> 0
H26: TOTAL MANO DE OBRA: | I26: =ROUND(SUM(H23:H25),0) -> 23865
B27: III | C27: HERRAMIENTA Y EQUIPO
C28: DESCRIPCIÓN | E28: UND | F28: TARIFA | G28: R/MIENTO | H28: V/PARCIAL
C29: HERRAMIENTA MENOR | E29: MANUAL | H29: =I26*0.1 -> 2386.5
C30: Volqueta 5 m3 | F30: =75000*1.1312 -> 84840 | G30: 4.5 | H30: =F30/G30 -> 18853.333
H32: TOTAL HERRAMIENTA Y EQUIPO: | I32: =ROUND(SUM(H29:H31),0) -> 21240
B33: IV | C33: TRANSPORTE
C34: MATERIAL | E34: VOL (m3) | F34: DIST (Km) | G34: PESO/(m3/km) | H34: V/UNITARIO
H37: TOTAL TRANSPORTE: | I37: =SUM(H35:H36) -> 0
H39: TOTAL COSTO DIRECTO: | I39: =ROUND(SUM(I20:I37),0) -> 45105
B40: V | C40: COSTOS INDIRECTOS
C41: DESCRIPCIÓN | E41: PORCENTAJE | G41: V/PARCIAL
C42: ADMINISTRACIÓN | E42: 0 | G42: =E42*I39 -> 0
C43: IMPREVISTOS | E43: 0 | G43: =E43*I39 -> 0
C44: UTILIDAD | E44: 0 | G44: =E44*I39 -> 0
H45: TOTAL COSTO INDIRECTO: | I45: =SUM(G42:G44) -> 0
H47: TOTAL PRECIO UNITARIO: | I47: =I45+I39 -> 45105
H48: TOTAL PRECIO UNITARIO AJUSTADO AL PESO: | I48: =+I47 -> 45105
C51: =+'1,3'!C52 -> ARQ. ANTONIO RUIZ TOVAR
C52: =+'1,3'!C53 -> PROFESIONAL ESPECIALIZADO

Sheet 2,2
B1: REPÚBLICA DE COLOMBIA
B2: DEPARTAMENTO DEL CAQUETÁ
B3: MUNICIPIO DE FLORENCIA
B4: =+'PRESUPUESTO GENERAL'!A4 -> PRESUPUESTO GENERAL
B5: SECRETARIA DE OBRAS PUBLICAS - SECOBRAS | E5: ANALISIS DE PRECIOS UNITARIOS - EXCAVACIONES
B6: =+'2,1'!B6:I6 -> CONSTRUCCIÓN DE BATERIA SANITARIA PARA LA INSTITUCIÓN EDUCATIVA JORGE ELIECER GAITAN SEDE SIMON BOLIVAR DEL MUNICIPIO DE FLORENCIA, DEPARTAMENTO DEL CAQUETA.
B7: ITEM | C7: =+'PRESUPUESTO GENERAL'!B18 -> Relleno manual con material selec. de excav ( Inc. Compactacion equipo rana ) | H7: UNIDAD: | I7: =+'PRESUPUESTO GENERAL'!C18 -> M3
B8: =+'PRESUPUESTO GENERAL'!A18 -> 2.2
A10: SEC OBRAS | B10: I | C10: MATERIALES
C11: DESCRIPCIÓN | E11: UND | F11: CANT. | G11: V/UNITARIO | H11: V/PARCIAL
C19: DESPERDICIO | E19: % | F19: 0.05 | G19: =SUM(H11:H18) -> 0 | H19: =G19*F19 -> 0
H20: TOTAL MATERIALES: | I20: =SUM(H12:H19) -> 0
B21: II | C21: MANO DE OBRA
C22: DESCRIPCIÓN | D22: JORNAL | E22: PREST. | F22: REND. | G22: J/TOTAL | H22: V/PARCIAL
C23: 3 AYUDANTES | D23: =38700*3 -> 116100 | E23: 0.85 | F23: 12 | G23: =+D23*(1+E23) -> 214785 | H23: =ROUND(+G23/F23,0) -> 17899
H25: =G25*F25*E25*D25 -> 0
H26: TOTAL MANO DE OBRA: | I26: =SUM(H23:H25,0) -> 17899
B27: III | C27: HERRAMIENTA Y EQUIPO
C28: DESCRIPCIÓN | E28: UND | F28: TARIFA | G28: R/MIENTO | H28: V/PARCIAL
C29: HERRAMIENTA MENOR | E29: MANUAL | H29: =I26*0.1 -> 1789.9
C30: Vibrocp. Manual (Rana) | F30: 50000 | G30: 12 | H30: =F30/G30 -> 4166.6667
H32: TOTAL HERRAMIENTA Y EQUIPO: | I32: =ROUND(SUM(H29:H31),0) -> 5957
B33: IV | C33: TRANSPORTE
C34: MATERIAL | E34: VOL (m3) | F34: DIST (Km) | G34: PESO/(m3/km) | H34: V/UNITARIO
H37: TOTAL TRANSPORTE: | I37: =SUM(H35:H36) -> 0
H39: TOTAL COSTO DIRECTO: | I39: =ROUND(SUM(I20:I37),0) -> 23856
B40: V | C40: COSTOS INDIRECTOS
C41: DESCRIPCIÓN | E41: PORCENTAJE | G41: V/PARCIAL
C42: ADMINISTRACIÓN | E42: 0 | G42: =E42*I39 -> 0
C43: IMPREVISTOS | E43: 0 | G43: =E43*I39 -> 0
C44: UTILIDAD | E44: 0 | G44: =E44*I39 -> 0
H45: TOTAL COSTO INDIRECTO: | I45: =SUM(G42:G44) -> 0
H47: TOTAL PRECIO UNITARIO: | I47: =I45+I39 -> 23856
H48: TOTAL PRECIO UNITARIO AJUSTADO AL PESO: | I48: =+I47 -> 23856
C51: =+'2,1'!C51 -> ARQ. ANTONIO RUIZ TOVAR
C52: =+'2,1'!C52 -> PROFESIONAL ESPECIALIZADO

Sheet 3,1 
B1: REPÚBLICA DE COLOMBIA
B2: DEPARTAMENTO DEL CAQUETÁ
B3: MUNICIPIO DE FLORENCIA
B4: =+'[227]PRESUPUESTO GENERAL'!A4 -> #REF!
B5: SECRETARIA DE OBRAS PUBLICAS - SECOBRAS | E5: ANALISIS DE PRECIOS UNITARIOS - ESTRUCTURA
B6: OBRA: CONSTRUCCION TRAMO DE CERRAMIENTO PERIMETRAL DEL INSTITUTO TECNICO INDUSTRIAL SEDE LA LIBERTAD DEL MUNICIPIO DE FLORENCIA CAQUETA
B7: ITEM | C7: =+'PRESUPUESTO GENERAL'!B21 -> Zapatas aisladas de 1,00x1,00x0,3 ref 1/2 c/0,15 mts incluye solado | H7: UNIDAD: | I7: =+'PRESUPUESTO GENERAL'!C21 -> UND
B8: =+'PRESUPUESTO GENERAL'!A21 -> 3.1
A10: SEC OBRAS | B10: I | C10: MATERIALES
C11: DESCRIPCIÓN | E11: UND | F11: CANT. | G11: V/UNITARIO | H11: V/PARCIAL
C12: Concreto clase D - (f´c= 210 kg/cm2). | E12: M3 | F12: 0.3 | G12: =+'CTO D '!I48 -> 462051 | H12: =ROUND(F12*G12,0) -> 138615
C13: Acero de refuerzo | E13: KG | F13: 15.53 | G13: =5600*1.1312 -> 6334.72 | H13: =ROUND(F13*G13,0) -> 98378
C14: Alambre negro | E14: KG | F14: 0.22 | G14: =8500*1.1312 -> 9615.2 | H14: =F14*G14 -> 2115.344
C19: DESPERDICIO | E19: % | F19: 0.05 | G19: =SUM(H11:H18) -> 239108.34 | H19: =ROUND(G19*F19,0) -> 11955
H20: TOTAL MATERIALES: | I20: =ROUND(SUM(H12:H19),0) -> 251063
B21: II | C21: MANO DE OBRA
C22: DESCRIPCIÓN | D22: JORNAL | E22: PREST. | F22: REND. | G22: J/TOTAL | H22: V/PARCIAL
C23: 3 AYUDANTES | D23: =38700*3 -> 116100 | E23: 0.85 | F23: 3 | G23: =+D23*(1+E23) -> 214785 | H23: =ROUND(+G23/F23,0) -> 71595
C24: 1 OFICIAL | D24: 66700 | E24: 0.85 | F24: 3 | G24: =+D24*(1+E24) -> 123395 | H24: =ROUND(+G24/F24,0) -> 41132
H25: =G25*F25*E25*D25 -> 0
H26: TOTAL MANO DE OBRA: | I26: =SUM(H23:H25,0) -> 112727
B27: III | C27: HERRAMIENTA Y EQUIPO
C28: DESCRIPCIÓN | E28: UND | F28: TARIFA | G28: R/MIENTO | H28: V/PARCIAL
C29: HERRAMIENTA MENOR | E29: MANUAL | H29: =I26*0.1 -> 11272.7
C30: VIBRADOR DE CONCRETO | E30: HORA | F30: 10000 | G30: 10 | H30: =F30/G30 -> 1000
H32: TOTAL HERRAMIENTA Y EQUIPO: | I32: =SUM(H29:H31) -> 12272.7
B33: IV | C33: TRANSPORTE
C34: MATERIAL | E34: VOL (m3) | F34: DIST (Km) | G34: PESO/(m3/km) | H34: V/UNITARIO
H37: TOTAL TRANSPORTE: | I37: =SUM(H35:H36) -> 0
H39: TOTAL COSTO DIRECTO: | I39: =SUM(I20:I37) -> 376062.7
B40: V | C40: COSTOS INDIRECTOS
C41: DESCRIPCIÓN | E41: PORCENTAJE | G41: V/PARCIAL
C42: ADMINISTRACIÓN | E42: 0 | G42: =E42*I39 -> 0
C43: IMPREVISTOS | E43: 0 | G43: =E43*I39 -> 0
C44: UTILIDAD | E44: 0 | G44: =E44*I39 -> 0
H45: TOTAL COSTO INDIRECTO: | I45: =SUM(G42:G44) -> 0
H47: TOTAL PRECIO UNITARIO: | I47: =I45+I39 -> 376062.7
H48: TOTAL PRECIO UNITARIO AJUSTADO AL PESO: | I48: =+I47 -> 376062.7
C51: =+'2,2'!C51 -> ARQ. ANTONIO RUIZ TOVAR
C52: =+'2,2'!C52 -> PROFESIONAL ESPECIALIZADO

Sheet 3,2
B1: REPÚBLICA DE COLOMBIA
B2: DEPARTAMENTO DEL CAQUETÁ
B3: MUNICIPIO DE FLORENCIA
B4: =+'PRESUPUESTO GENERAL'!A4 -> PRESUPUESTO GENERAL
B5: SECRETARIA DE OBRAS PUBLICAS - SECOBRAS | E5: ANALISIS DE PRECIOS UNITARIOS - ESTRUCTURA
B6: =+'2,2'!B6:I6 -> CONSTRUCCIÓN DE BATERIA SANITARIA PARA LA INSTITUCIÓN EDUCATIVA JORGE ELIECER GAITAN SEDE SIMON BOLIVAR DEL MUNICIPIO DE FLORENCIA, DEPARTAMENTO DEL CAQUETA.
B7: ITEM | C7: =+'PRESUPUESTO GENERAL'!B22 -> Viga riostra cto 3000 P.S.I. 0,25*0,25 ref 4 No 4, E No 3C/0,15 | H7: UNIDAD: | I7: =+'PRESUPUESTO GENERAL'!C22 -> ML
B8: =+'PRESUPUESTO GENERAL'!A22 -> 3.2
A10: SEC OBRAS | B10: I | C10: MATERIALES
C11: DESCRIPCIÓN | E11: UND | F11: CANT. | G11: V/UNITARIO | H11: V/PARCIAL
C12: Concreto basico 1,2,3 | E12: M3 | F12: 0.062 | G12: =+'CTO D '!I49 -> 462051 | H12: =ROUND(F12*G12,0) -> 28647
C13: Acero de refuerzo | E13: KG | F13: 3.976 | G13: =5600*1.1312 -> 6334.72 | H13: =ROUND(F13*G13,0) -> 25187
C14: Acero de refuerzo ( flejes ) | E14: KG | F14: 2.688 | G14: =5600*1.1312 -> 6334.72 | H14: =ROUND(F14*G14,0) -> 17028
C15: Tabla para formaleta de 0,25*0,25 m | E15: UND | F15: 0.5 | G15: =20500*1.1312 -> 23189.6 | H15: =ROUND(F15*G15,0) -> 11595
C16: Varillon 5x5 | E16: UND | F16: 0.83 | G16: =7000*1.1312 -> 7918.4 | H16: =ROUND(F16*G16,0) -> 6572
C17: Puntilla | E17: LIBRA | F17: 0.1 | G17: =3800*1.1312 -> 4298.56 | H17: =ROUND(F17*G17,0) -> 430
C18: Alambre de amarre | E18: KG | F18: 0.1 | G18: =8500*1.1312 -> 9615.2 | H18: =ROUND(F18*G18,0) -> 962
C19: DESPERDICIO | E19: % | F19: 0.05 | G19: =SUM(H11:H18) -> 90421 | H19: =ROUND(G19*F19,0) -> 4521
H20: TOTAL MATERIALES: | I20: =SUM(H12:H19) -> 94942
B21: II | C21: MANO DE OBRA
C22: DESCRIPCIÓN | D22: JORNAL | E22: PREST. | F22: REND. | G22: J/TOTAL | H22: V/PARCIAL
C23: 4 AYUDANTES | D23: =38700*4 -> 154800 | E23: 0.85 | F23: 20 | G23: =+D23*(1+E23) -> 286380 | H23: =ROUND(+G23/F23,0) -> 14319
C24: 1 OFICIAL | D24: 66700 | E24: 0.85 | F24: 20 | G24: =ROUND(+D24*(1+E24),0) -> 123395 | H24: =ROUND(+G24/F24,0) -> 6170
H25: =G25*F25*E25*D25 -> 0
H26: TOTAL MANO DE OBRA: | I26: =SUM(H23:H25,0) -> 20489
B27: III | C27: HERRAMIENTA Y EQUIPO
C28: DESCRIPCIÓN | E28: UND | F28: TARIFA | G28: R/MIENTO | H28: V/PARCIAL
C29: HERRAMIENTA MENOR | E29: MANUAL | H29: =I26*0.1 -> 2048.9
C30: Vibrador de concreto | F30: 10.156 | G30: 20 | H30: 508
H32: TOTAL HERRAMIENTA Y EQUIPO: | I32: =ROUND(SUM(H29:H31),0) -> 2557
B33: IV | C33: TRANSPORTE
C34: MATERIAL | E34: VOL (m3) | F34: DIST (Km) | G34: PESO/(m3/km) | H34: V/UNITARIO
H37: TOTAL TRANSPORTE: | I37: =SUM(H35:H36) -> 0
H39: TOTAL COSTO DIRECTO: | I39: =SUM(I20:I37) -> 117988
B40: V | C40: COSTOS INDIRECTOS
C41: DESCRIPCIÓN | E41: PORCENTAJE | G41: V/PARCIAL
C42: ADMINISTRACIÓN | E42: 0 | G42: =E42*I39 -> 0
C43: IMPREVISTOS | E43: 0 | G43: =E43*I39 -> 0
C44: UTILIDAD | E44: 0 | G44: =E44*I39 -> 0
H45: TOTAL COSTO INDIRECTO: | I45: =SUM(G42:G44) -> 0
H47: TOTAL PRECIO UNITARIO: | I47: =I45+I39 -> 117988
H48: TOTAL PRECIO UNITARIO AJUSTADO AL PESO: | I48: =+I47 -> 117988
C51: =+'3,1 '!C51 -> ARQ. ANTONIO RUIZ TOVAR
C52: =+'3,1 '!C52 -> PROFESIONAL ESPECIALIZADO

Sheet 3,3 
B1: REPÚBLICA DE COLOMBIA
B2: DEPARTAMENTO DEL CAQUETÁ
B3: MUNICIPIO DE FLORENCIA
B4: =+'PRESUPUESTO GENERAL'!A4 -> PRESUPUESTO GENERAL
B5: SECRETARIA DE OBRAS PUBLICAS - SECOBRAS | E5: =+'3,2'!E5:I5 -> ANALISIS DE PRECIOS UNITARIOS - ESTRUCTURA
B6: =+'3,2'!B6:I6 -> CONSTRUCCIÓN DE BATERIA SANITARIA PARA LA INSTITUCIÓN EDUCATIVA JORGE ELIECER GAITAN SEDE SIMON BOLIVAR DEL MUNICIPIO DE FLORENCIA, DEPARTAMENTO DEL CAQUETA.
B7: ITEM | C7: =+'PRESUPUESTO GENERAL'!B23 -> Viga de amarre cto 3000 P.S.I. 0,25*0,25 ref 4 No 4 E No. 3 C/0,15 | H7: UNIDAD: | I7: =+'PRESUPUESTO GENERAL'!C23 -> ML
B8: =+'PRESUPUESTO GENERAL'!A23 -> 3.3
A10: SEC OBRAS | B10: I | C10: MATERIALES
C11: DESCRIPCIÓN | E11: UND | F11: CANT. | G11: V/UNITARIO | H11: V/PARCIAL
C12: =+'CTO D '!C7 -> CONCRETO BASICO CLASE D | E12: M3 | F12: 0.062 | G12: =+'CTO D '!I48 -> 462051 | H12: =ROUND(F12*G12,0) -> 28647
C13: Acero de refuerzo | E13: KG | F13: 3.976 | G13: =5600*1.1312 -> 6334.72 | H13: =ROUND(F13*G13,0) -> 25187
C14: Acero de refuerzo ( flejes ) | E14: KG | F14: 2.68 | G14: =5600*1.1312 -> 6334.72 | H14: =ROUND(F14*G14,0) -> 16977
C15: Tabla para formaleta de 0,25*0,25 m | E15: UND | F15: 0.85 | G15: =20500*1.1312 -> 23189.6 | H15: =ROUND(F15*G15,0) -> 19711
C16: Varillon 5x5 | E16: UND | F16: 1.4 | G16: =7000*1.1312 -> 7918.4 | H16: =ROUND(F16*G16,0) -> 11086
C17: Puntilla | E17: LIBRA | F17: 1 | G17: =3800*1.1312 -> 4298.56 | H17: =ROUND(F17*G17,0) -> 4299
C18: Alambre de amarre | E18: KG | F18: 1 | G18: =8500*1.1312 -> 9615.2 | H18: =ROUND(F18*G18,0) -> 9615
C19: DESPERDICIO | E19: % | F19: 0.05 | G19: =SUM(H11:H18) -> 115522 | H19: =ROUND(G19*F19,0) -> 5776
H20: TOTAL MATERIALES: | I20: =ROUND(SUM(H12:H19),0) -> 121298
B21: II | C21: MANO DE OBRA
C22: DESCRIPCIÓN | D22: JORNAL | E22: PREST. | F22: REND. | G22: J/TOTAL | H22: V/PARCIAL
C23: 4 AYUDANTES | D23: =38700*4 -> 154800 | E23: 0.85 | F23: 18 | G23: =+D23*(1+E23) -> 286380 | H23: =ROUND(+G23/F23,0) -> 15910
C24: 1 OFICIAL | D24: 66700 | E24: 0.85 | F24: 18 | G24: =+D24*(1+E24) -> 123395 | H24: =ROUND(+G24/F24,0) -> 6855
H25: =G25*F25*E25*D25 -> 0
H26: TOTAL MANO DE OBRA: | I26: =SUM(H23:H25,0) -> 22765
B27: III | C27: HERRAMIENTA Y EQUIPO
C28: DESCRIPCIÓN | E28: UND | F28: TARIFA | G28: R/MIENTO | H28: V/PARCIAL
C29: HERRAMIENTA MENOR | E29: MANUAL | H29: =I26*0.1 -> 2276.5
C30: Vibrador de concreto | F30: 10.156 | G30: 18 | H30: 564
H32: TOTAL HERRAMIENTA Y EQUIPO: | I32: =SUM(H29:H31) -> 2840.5
B33: IV | C33: TRANSPORTE
C34: MATERIAL | E34: VOL (m3) | F34: DIST (Km) | G34: PESO/(m3/km) | H34: V/UNITARIO
H37: TOTAL TRANSPORTE: | I37: =SUM(H35:H36) -> 0
H39: TOTAL COSTO DIRECTO: | I39: =SUM(I20:I37) -> 146903.5
B40: V | C40: COSTOS INDIRECTOS
C41: DESCRIPCIÓN | E41: PORCENTAJE | G41: V/PARCIAL
C42: ADMINISTRACIÓN | E42: 0 | G42: =E42*I39 -> 0
C43: IMPREVISTOS | E43: 0 | G43: =E43*I39 -> 0
C44: UTILIDAD | E44: 0 | G44: =E44*I39 -> 0
H45: TOTAL COSTO INDIRECTO: | I45: =SUM(G42:G44) -> 0
H47: TOTAL PRECIO UNITARIO: | I47: =I45+I39 -> 146903.5
H48: TOTAL PRECIO UNITARIO AJUSTADO AL PESO: | I48: =+I47 -> 146903.5
C51: =+'3,2'!C51 -> ARQ. ANTONIO RUIZ TOVAR
C52: =+'3,2'!C52 -> PROFESIONAL ESPECIALIZADO

Sheet 3,4 
B1: REPÚBLICA DE COLOMBIA
B2: DEPARTAMENTO DEL CAQUETÁ
B3: MUNICIPIO DE FLORENCIA
B4: =+'PRESUPUESTO GENERAL'!A4 -> PRESUPUESTO GENERAL
B5: SECRETARIA DE OBRAS PUBLICAS - SECOBRAS | E5: =+'3,3 '!E5:I5 -> ANALISIS DE PRECIOS UNITARIOS - ESTRUCTURA
B6: =+'3,3 '!B6:I6 -> CONSTRUCCIÓN DE BATERIA SANITARIA PARA LA INSTITUCIÓN EDUCATIVA JORGE ELIECER GAITAN SEDE SIMON BOLIVAR DEL MUNICIPIO DE FLORENCIA, DEPARTAMENTO DEL CAQUETA.
B7: ITEM | C7: =+'PRESUPUESTO GENERAL'!B24 -> Columnas cto 3000 P.S.I. 0,25*0,25 ref 4 No 4, E No 3C/0,15 | H7: UNIDAD: | I7: =+'PRESUPUESTO GENERAL'!C24 -> ML
B8: =+'PRESUPUESTO GENERAL'!A24 -> 3.4
A10: SEC OBRAS | B10: I | C10: MATERIALES
C11: DESCRIPCIÓN | E11: UND | F11: CANT. | G11: V/UNITARIO | H11: V/PARCIAL
C12: Concreto basico 1,2,3 | E12: M3 | F12: 0.06 | G12: =+'CTO D '!I48 -> 462051 | H12: =ROUND(F12*G12,0) -> 27723
C13: Acero de refuerzo | E13: KG | F13: 3.976 | G13: =5600*1.1312 -> 6334.72 | H13: =ROUND(F13*G13,0) -> 25187
C14: Acero de refuerzo ( flejes ) | E14: KG | F14: 2.68 | G14: =5600*1.1312 -> 6334.72 | H14: =ROUND(F14*G14,0) -> 16977
C15: Tabla para formaleta de 0,20*0,30 m | E15: UND | F15: 1.5 | G15: =14500*1.1312 -> 16402.4 | H15: =ROUND(F15*G15,0) -> 24604
C16: Varillon 5x5 | E16: UND | F16: 1.6 | G16: =7000*1.1312 -> 7918.4 | H16: =ROUND(F16*G16,0) -> 12669
C17: Puntilla | E17: LIBRA | F17: 1 | G17: =3800*1.1312 -> 4298.56 | H17: =ROUND(F17*G17,0) -> 4299
C18: Alambre de amarre | E18: KG | F18: 1 | G18: =8500*1.1312 -> 9615.2 | H18: =ROUND(F18*G18,0) -> 9615
C19: DESPERDICIO | E19: % | F19: 0.05 | G19: =SUM(H11:H18) -> 121074 | H19: =ROUND(G19*F19,0) -> 6054
H20: TOTAL MATERIALES: | I20: =SUM(H12:H19) -> 127128
B21: II | C21: MANO DE OBRA
C22: DESCRIPCIÓN | D22: JORNAL | E22: PREST. | F22: REND. | G22: J/TOTAL | H22: V/PARCIAL
C23: 4 AYUDANTES | D23: =38700*4 -> 154800 | E23: 0.85 | F23: 17 | G23: =+D23*(1+E23) -> 286380 | H23: =ROUND(+G23/F23,0) -> 16846
C24: 1 OFICIAL | D24: 66700 | E24: 0.85 | F24: 17 | G24: =+D24*(1+E24) -> 123395 | H24: =ROUND(+G24/F24,0) -> 7259
H25: =G25*F25*E25*D25 -> 0
H26: TOTAL MANO DE OBRA: | I26: =SUM(H23:H25,0) -> 24105
B27: III | C27: HERRAMIENTA Y EQUIPO
C28: DESCRIPCIÓN | E28: UND | F28: TARIFA | G28: R/MIENTO | H28: V/PARCIAL
C29: HERRAMIENTA MENOR | E29: MANUAL | H29: =I26*0.1 -> 2410.5
C30: Vibrador de concreto | F30: 10.156 | G30: 18 | H30: 564
H32: TOTAL HERRAMIENTA Y EQUIPO: | I32: =ROUND(SUM(H29:H31),0) -> 2975
B33: IV | C33: TRANSPORTE
C34: MATERIAL | E34: VOL (m3) | F34: DIST (Km) | G34: PESO/(m3/km) | H34: V/UNITARIO
H37: TOTAL TRANSPORTE: | I37: =SUM(H35:H36) -> 0
H39: TOTAL COSTO DIRECTO: | I39: =SUM(I20:I37) -> 154208
B40: V | C40: COSTOS INDIRECTOS
C41: DESCRIPCIÓN | E41: PORCENTAJE | G41: V/PARCIAL
C42: ADMINISTRACIÓN | E42: 0 | G42: =E42*I39 -> 0
C43: IMPREVISTOS | E43: 0 | G43: =E43*I39 -> 0
C44: UTILIDAD | E44: 0 | G44: =E44*I39 -> 0
H45: TOTAL COSTO INDIRECTO: | I45: =SUM(G42:G44) -> 0
H47: TOTAL PRECIO UNITARIO: | I47: =I45+I39 -> 154208
H48: TOTAL PRECIO UNITARIO AJUSTADO AL PESO: | I48: =+I47 -> 154208
C51: =+'3,3 '!C51 -> ARQ. ANTONIO RUIZ TOVAR
C52: =+'3,3 '!C52 -> PROFESIONAL ESPECIALIZADO

Sheet  3,5
B1: REPÚBLICA DE COLOMBIA
B2: DEPARTAMENTO DEL CAQUETÁ
B3: MUNICIPIO DE FLORENCIA
B4: =+'PRESUPUESTO GENERAL'!A4 -> PRESUPUESTO GENERAL
B5: SECRETARIA DE OBRAS PUBLICAS - SECOBRAS | E5: =+'3,3 '!E5:I5 -> ANALISIS DE PRECIOS UNITARIOS - ESTRUCTURA
B6: =+'3,3 '!B6:I6 -> CONSTRUCCIÓN DE BATERIA SANITARIA PARA LA INSTITUCIÓN EDUCATIVA JORGE ELIECER GAITAN SEDE SIMON BOLIVAR DEL MUNICIPIO DE FLORENCIA, DEPARTAMENTO DEL CAQUETA.
B7: ITEM | C7: =+'PRESUPUESTO GENERAL'!B25 -> viga cinta en concreto de 0,1 x 0,15 | H7: UNIDAD: | I7: =+'PRESUPUESTO GENERAL'!C24 -> ML
B8: =+'PRESUPUESTO GENERAL'!A25 -> 3.5
A10: SEC OBRAS | B10: I | C10: MATERIALES
C11: DESCRIPCIÓN | E11: UND | F11: CANT. | G11: V/UNITARIO | H11: V/PARCIAL
C12: =+'CTO D '!C7 -> CONCRETO BASICO CLASE D | E12: M3 | F12: 0.015 | G12: =+'CTO D '!I48 -> 462051 | H12: =ROUND(F12*G12,0) -> 6931
C13: Acero de refuerzo | E13: KG | F13: 3.976 | G13: =5600*1.1413 -> 6391.28 | H13: =ROUND(F13*G13,0) -> 25412
C14: Acero de refuerzo ( flejes ) | E14: KG | F14: 1.96 | G14: =5600*1.1415 -> 6392.4 | H14: =ROUND(F14*G14,0) -> 12529
C15: Tabla para formaleta de 0,20*0,30 m | E15: UND | F15: 0.8 | G15: =14500*1.1413 -> 16548.85 | H15: =ROUND(F15*G15,0) -> 13239
C16: Puntilla | E16: LIBRA | F16: 1 | G16: =3800*1.1413 -> 4336.94 | H16: =ROUND(F16*G16,0) -> 4337
C17: Alambre de amarre | E17: KG | F17: 1 | G17: =8500*1.1413 -> 9701.05 | H17: =ROUND(F17*G17,0) -> 9701
C18: DESPERDICIO | E18: % | F18: 0.05 | G18: =SUM(H11:H17) -> 72149 | H18: =ROUND(G18*F18,0) -> 3607
H19: TOTAL MATERIALES: | I19: =SUM(H12:H18) -> 75756
B20: II | C20: MANO DE OBRA
C21: DESCRIPCIÓN | D21: JORNAL | E21: PREST. | F21: REND. | G21: J/TOTAL | H21: V/PARCIAL
C22: 4 AYUDANTES | D22: =38700*4 -> 154800 | E22: 0.85 | F22: 18 | G22: =+D22*(1+E22) -> 286380 | H22: =ROUND(+G22/F22,0) -> 15910
C23: 1 OFICIAL | D23: 66700 | E23: 0.85 | F23: 18 | G23: =+D23*(1+E23) -> 123395 | H23: =ROUND(+G23/F23,0) -> 6855
H24: =G24*F24*E24*D24 -> 0
H25: TOTAL MANO DE OBRA: | I25: =SUM(H22:H24,0) -> 22765
B26: III | C26: HERRAMIENTA Y EQUIPO
C27: DESCRIPCIÓN | E27: UND | F27: TARIFA | G27: R/MIENTO | H27: V/PARCIAL
C28: HERRAMIENTA MENOR | E28: MANUAL | H28: =I25*0.1 -> 2276.5
C29: Vibrador de concreto | F29: 10.156 | G29: 18 | H29: 564
H31: TOTAL HERRAMIENTA Y EQUIPO: | I31: =SUM(H28:H30) -> 2840.5
B32: IV | C32: TRANSPORTE
C33: MATERIAL | E33: VOL (m3) | F33: DIST (Km) | G33: PESO/(m3/km) | H33: V/UNITARIO
H36: TOTAL TRANSPORTE: | I36: =SUM(H34:H35) -> 0
H38: TOTAL COSTO DIRECTO: | I38: =SUM(I19:I36) -> 101361.5
B39: V | C39: COSTOS INDIRECTOS
C40: DESCRIPCIÓN | E40: PORCENTAJE | G40: V/PARCIAL
C41: ADMINISTRACIÓN | E41: 0 | G41: =E41*I38 -> 0
C42: IMPREVISTOS | E42: 0 | G42: =E42*I38 -> 0
C43: UTILIDAD | E43: 0 | G43: =E43*I38 -> 0
H44: TOTAL COSTO INDIRECTO: | I44: =SUM(G41:G43) -> 0
H46: TOTAL PRECIO UNITARIO: | I46: =I44+I38 -> 101361.5
H47: TOTAL PRECIO UNITARIO AJUSTADO AL PESO: | I47: =+I46 -> 101361.5
C50: =+'3,3 '!C51 -> ARQ. ANTONIO RUIZ TOVAR
C51: =+'3,3 '!C52 -> PROFESIONAL ESPECIALIZADO

Sheet 3,6
B1: REPÚBLICA DE COLOMBIA
B2: DEPARTAMENTO DEL CAQUETÁ
B3: MUNICIPIO DE FLORENCIA
B4: =+'PRESUPUESTO GENERAL'!A4 -> PRESUPUESTO GENERAL
B5: SECRETARIA DE OBRAS PUBLICAS - SECOBRAS | E5: =+'3,4 '!E5:I5 -> ANALISIS DE PRECIOS UNITARIOS - ESTRUCTURA
B6: =+'3,4 '!B6:I6 -> CONSTRUCCIÓN DE BATERIA SANITARIA PARA LA INSTITUCIÓN EDUCATIVA JORGE ELIECER GAITAN SEDE SIMON BOLIVAR DEL MUNICIPIO DE FLORENCIA, DEPARTAMENTO DEL CAQUETA.
B7: ITEM | C7: =+'PRESUPUESTO GENERAL'!B26 -> Bordillo de confinamiento de 0,1x0,25m en concreto f'c= 210 kgf/cm2, Pagado por ml | H7: UNIDAD: | I7: =+'PRESUPUESTO GENERAL'!C26 -> ML
B8: =+'PRESUPUESTO GENERAL'!A26 -> 3.6
A10: SEC OBRAS | B10: I | C10: MATERIALES
C11: DESCRIPCIÓN | E11: UND | F11: CANT. | G11: V/UNITARIO | H11: V/PARCIAL
C12: =+'CTO D '!C7 -> CONCRETO BASICO CLASE D | E12: M3 | F12: 0.025 | G12: =+'CTO D '!I48 -> 462051 | H12: =ROUND(F12*G12,0) -> 11551
C13: Tabla para formaleta de 0,02*0,30m | E13: und | F13: 0.33 | G13: =18500*1.1312 -> 20927.2 | H13: =ROUND(F13*G13,0) -> 6906
C14: Puntilla | E14: libra | F14: 1 | G14: =3800*1.1312 -> 4298.56 | H14: =ROUND(F14*G14,0) -> 4299
C17: DESPERDICIO | E17: % | F17: 0.1 | G17: =SUM(H11:H16) -> 22756 | H17: =ROUND(G17*F17,0) -> 2276
H18: TOTAL MATERIALES: | I18: =SUM(H12:H17) -> 25032
B19: II | C19: MANO DE OBRA
C20: DESCRIPCIÓN | D20: JORNAL | E20: PREST. | F20: REND. | G20: J/TOTAL | H20: V/PARCIAL
C21: 3 AYUDANTES | D21: =38700*3 -> 116100 | E21: 0.85 | F21: 30 | G21: =+D21*(1+E21) -> 214785 | H21: =ROUND(+G21/F21,0) -> 7160
C22: 1 OFICIAL | D22: 66700 | E22: 0.85 | F22: 30 | G22: =+D22*(1+E22) -> 123395 | H22: =ROUND(+G22/F22,0) -> 4113
H23: =G23*F23*E23*D23 -> 0
H24: TOTAL MANO DE OBRA: | I24: =SUM(H21:H23,0) -> 11273
B25: III | C25: HERRAMIENTA Y EQUIPO
C26: DESCRIPCIÓN | E26: UND | F26: TARIFA | G26: R/MIENTO | H26: V/PARCIAL
C27: HERRAMIENTA MENOR | E27: MANUAL | H27: =I24*0.1 -> 1127.3
H30: TOTAL HERRAMIENTA Y EQUIPO: | I30: =SUM(H27:H29) -> 1127.3
B31: IV | C31: TRANSPORTE
C32: MATERIAL | E32: VOL (m3) | F32: DIST (Km) | G32: PESO/(m3/km) | H32: V/UNITARIO
H35: TOTAL TRANSPORTE: | I35: =SUM(H33:H34) -> 0
H37: TOTAL COSTO DIRECTO: | I37: =SUM(I18:I35) -> 37432.3
B38: V | C38: COSTOS INDIRECTOS
C39: DESCRIPCIÓN | E39: PORCENTAJE | G39: V/PARCIAL
C40: ADMINISTRACIÓN | E40: 0 | G40: =E40*I37 -> 0
C41: IMPREVISTOS | E41: 0 | G41: =E41*I37 -> 0
C42: UTILIDAD | E42: 0 | G42: =E42*I37 -> 0
H43: TOTAL COSTO INDIRECTO: | I43: =SUM(G40:G42) -> 0
H45: TOTAL PRECIO UNITARIO: | I45: =I43+I37 -> 37432.3
H46: TOTAL PRECIO UNITARIO AJUSTADO AL PESO: | I46: =+I45 -> 37432.3
C49: =+'3,4 '!C51 -> ARQ. ANTONIO RUIZ TOVAR
C50: =+'3,4 '!C52 -> PROFESIONAL ESPECIALIZADO

Sheet 3,7
B1: REPÚBLICA DE COLOMBIA
B2: DEPARTAMENTO DEL CAQUETÁ
B3: MUNICIPIO DE FLORENCIA
B4: =+'PRESUPUESTO GENERAL'!A4 -> PRESUPUESTO GENERAL
B5: SECRETARIA DE OBRAS PUBLICAS - SECOBRAS | E5: =+'3,4 '!E5:I5 -> ANALISIS DE PRECIOS UNITARIOS - ESTRUCTURA
B6: =+'3,4 '!B6:I6 -> CONSTRUCCIÓN DE BATERIA SANITARIA PARA LA INSTITUCIÓN EDUCATIVA JORGE ELIECER GAITAN SEDE SIMON BOLIVAR DEL MUNICIPIO DE FLORENCIA, DEPARTAMENTO DEL CAQUETA.
B7: ITEM | C7: =+'PRESUPUESTO GENERAL'!B27 -> Mesones en concreto f'c= 210fgf/cm2 E=0.10 m Ref. No. 3 c/0.20 m, pagado en m2 | H7: UNIDAD: | I7: =+'PRESUPUESTO GENERAL'!C27 -> M2
B8: =+'PRESUPUESTO GENERAL'!A27 -> 3.7
A10: SEC OBRAS | B10: I | C10: MATERIALES
C11: DESCRIPCIÓN | E11: UND | F11: CANT. | G11: V/UNITARIO | H11: V/PARCIAL
C12: =+'CTO D '!C7 -> CONCRETO BASICO CLASE D | E12: M3 | F12: 0.08 | G12: =+'CTO D '!I48 -> 462051 | H12: =ROUND(F12*G12,0) -> 36964
C13: acero de refuerzo | E13: KG | F13: 6.72 | G13: =5600*1.1312 -> 6334.72 | H13: =ROUND(F13*G13,0) -> 42569
C14: Dilataciones de madera 0,10x3m | E14: UND | F14: 0.3 | G14: =5470*1.1312 -> 6187.664 | H14: =ROUND(F14*G14,0) -> 1856
C15: Alambre de amarre | E15: KG | F15: 1.2 | G15: =8500*1.1312 -> 9615.2 | H15: =ROUND(F15*G15,0) -> 11538
C16: Puntilla | E16: LIBRA | F16: 1 | G16: =1895*1.1312 -> 2143.624 | H16: =ROUND(F16*G16,0) -> 2144
C17: Tabla para formaleta de 0,02*0,30m | E17: UND | F17: 1.5 | G17: =16548*1.1312 -> 18719.098 | H17: =ROUND(F17*G17,0) -> 28079
C19: DESPERDICIO | E19: % | F19: 0.05 | G19: =SUM(H11:H18) -> 123150 | H19: =ROUND(G19*F19,0) -> 6158
H20: TOTAL MATERIALES: | I20: =SUM(H12:H19) -> 129308
B21: II | C21: MANO DE OBRA
C22: DESCRIPCIÓN | D22: JORNAL | E22: PREST. | F22: REND. | G22: J/TOTAL | H22: V/PARCIAL
C23: 3 AYUDANTES | D23: =38700*3 -> 116100 | E23: 0.85 | F23: 12 | G23: =+D23*(1+E23) -> 214785 | H23: =ROUND(+G23/F23,0) -> 17899
C24: 1 OFICIAL | D24: 66700 | E24: 0.85 | F24: 12 | G24: =+D24*(1+E24) -> 123395 | H24: =ROUND(+G24/F24,0) -> 10283
H25: =G25*F25*E25*D25 -> 0
H26: TOTAL MANO DE OBRA: | I26: =SUM(H23:H25,0) -> 28182
B27: III | C27: HERRAMIENTA Y EQUIPO
C28: DESCRIPCIÓN | E28: UND | F28: TARIFA | G28: R/MIENTO | H28: V/PARCIAL
C29: HERRAMIENTA MENOR | E29: MANUAL | H29: =I26*0.1 -> 2818.2
H32: TOTAL HERRAMIENTA Y EQUIPO: | I32: =SUM(H29:H31) -> 2818.2
B33: IV | C33: TRANSPORTE
C34: MATERIAL | E34: VOL (m3) | F34: DIST (Km) | G34: PESO/(m3/km) | H34: V/UNITARIO
H37: TOTAL TRANSPORTE: | I37: =SUM(H35:H36) -> 0
H39: TOTAL COSTO DIRECTO: | I39: =SUM(I20:I37) -> 160308.2
B40: V | C40: COSTOS INDIRECTOS
C41: DESCRIPCIÓN | E41: PORCENTAJE | G41: V/PARCIAL
C42: ADMINISTRACIÓN | E42: 0 | G42: =E42*I39 -> 0
C43: IMPREVISTOS | E43: 0 | G43: =E43*I39 -> 0
C44: UTILIDAD | E44: 0 | G44: =E44*I39 -> 0
H45: TOTAL COSTO INDIRECTO: | I45: =SUM(G42:G44) -> 0
H47: TOTAL PRECIO UNITARIO: | I47: =I45+I39 -> 160308.2
H48: TOTAL PRECIO UNITARIO AJUSTADO AL PESO: | I48: =+I47 -> 160308.2
C51: =+'3,4 '!C51 -> ARQ. ANTONIO RUIZ TOVAR
C52: =+'3,4 '!C52 -> PROFESIONAL ESPECIALIZADO

Sheet 4,1
B2: DEPARTAMENTO DEL CAQUETÁ
B3: MUNICIPIO DE FLORENCIA
B4: =+'PRESUPUESTO GENERAL'!A4 -> PRESUPUESTO GENERAL
B5: SECRETARIA DE OBRAS PUBLICAS - SECOBRAS | E5: ANALISIS DE PRECIOS UNITARIOS - MANPOSTERIA Y PAÑETE
B6: =+'3,6'!B6:I6 -> CONSTRUCCIÓN DE BATERIA SANITARIA PARA LA INSTITUCIÓN EDUCATIVA JORGE ELIECER GAITAN SEDE SIMON BOLIVAR DEL MUNICIPIO DE FLORENCIA, DEPARTAMENTO DEL CAQUETA.
B7: ITEM | C7: =+'PRESUPUESTO GENERAL'!B30 -> muro en ladrillo de arcilla No. 04 | H7: UNIDAD: | I7: =+'PRESUPUESTO GENERAL'!C30 -> M2
B8: =+'PRESUPUESTO GENERAL'!A30 -> 4.1
A10: SEC OBRAS | B10: I | C10: MATERIALES
C11: DESCRIPCIÓN | E11: UND | F11: CANT. | G11: V/UNITARIO | H11: V/PARCIAL
C12: Ladrillo prensado de 0,28*10*10 | E12: UND | F12: 15 | G12: =2300*1.1413 -> 2624.99 | H12: =ROUND(+F12*G12,0) -> 39375
C13: Mortero basico | E13: M3 | F13: 0.016 | G13: ='MRO 14 '!I39 -> 482899 | H13: =ROUND(+F13*G13,0) -> 7726
C19: DESPERDICIO | E19: % | F19: 0.05 | G19: =SUM(H11:H18) -> 47101 | H19: =ROUND(G19*F19,0) -> 2355
H20: TOTAL MATERIALES: | I20: =ROUND(SUM(H12:H19),0) -> 49456
B21: II | C21: MANO DE OBRA
C22: DESCRIPCIÓN | D22: JORNAL | E22: PREST. | F22: REND. | G22: J/TOTAL | H22: V/PARCIAL
C23: 1 AYUDANTE | D23: =38700*1 -> 38700 | E23: 0.85 | F23: 9.5 | G23: =+D23*(1+E23) -> 71595 | H23: =+G23/F23 -> 7536.3158
C24: 1 OFICIAL | D24: 66700 | E24: =+E23 -> 0.85 | F24: 9.5 | G24: =+D24*(1+E24) -> 123395 | H24: =+G24/F24 -> 12988.947
H25: =G25*F25*E25*D25 -> 0
H26: TOTAL MANO DE OBRA: | I26: =ROUND(SUM(H23:H25),0)+1 -> 20526
B27: III | C27: HERRAMIENTA Y EQUIPO
C28: DESCRIPCIÓN | E28: UND | F28: TARIFA | G28: R/MIENTO | H28: V/PARCIAL
C29: HERRAMIENTA MENOR | H29: 1989
H32: TOTAL HERRAMIENTA Y EQUIPO: | I32: =ROUND(SUM(H29:H31),0) -> 1989
B33: IV | C33: TRANSPORTE
C34: MATERIAL | E34: VOL (m3) | F34: DIST (Km) | G34: PESO/(m3/km) | H34: V/UNITARIO
H37: TOTAL TRANSPORTE: | I37: =SUM(H35:H36) -> 0
H39: TOTAL COSTO DIRECTO: | I39: =SUM(I20:I37) -> 71971
B40: V | C40: COSTOS INDIRECTOS
C41: DESCRIPCIÓN | E41: PORCENTAJE | G41: V/PARCIAL
C42: ADMINISTRACIÓN | E42: 0 | G42: =E42*I39 -> 0
C43: IMPREVISTOS | E43: 0 | G43: =E43*I39 -> 0
C44: UTILIDAD | E44: 0 | G44: =E44*I39 -> 0
H45: TOTAL COSTO INDIRECTO: | I45: =SUM(G42:G44) -> 0
H47: TOTAL PRECIO UNITARIO: | I47: =I45+I39 -> 71971
H48: TOTAL PRECIO UNITARIO AJUSTADO AL PESO: | I48: =ROUND(I47,0) -> 71971
C51: =+'3,6'!C49 -> ARQ. ANTONIO RUIZ TOVAR
C52: =+'3,6'!C50 -> PROFESIONAL ESPECIALIZADO

Sheet 4,2
B2: DEPARTAMENTO DEL CAQUETÁ
B3: MUNICIPIO DE FLORENCIA
B4: =+'[227]PRESUPUESTO GENERAL'!A4 -> #REF!
B5: SECRETARIA DE OBRAS PUBLICAS - SECOBRAS | E5: =+'[227]4,1'!E5:I5 -> #REF!
B6: =+'4,1'!B6:I6 -> CONSTRUCCIÓN DE BATERIA SANITARIA PARA LA INSTITUCIÓN EDUCATIVA JORGE ELIECER GAITAN SEDE SIMON BOLIVAR DEL MUNICIPIO DE FLORENCIA, DEPARTAMENTO DEL CAQUETA.
B7: ITEM | C7: =+'PRESUPUESTO GENERAL'!B31 -> Pañete sobre muros 1:4 incluye filos y dilataciones | H7: UNIDAD: | I7: =+'PRESUPUESTO GENERAL'!C31 -> M2
B8: =+'PRESUPUESTO GENERAL'!A31 -> 4.2
A10: SEC OBRAS | B10: I | C10: MATERIALES
C11: DESCRIPCIÓN | E11: UND | F11: CANT. | G11: V/UNITARIO | H11: V/PARCIAL
C12: =+'[226]MRO 14'!B9 -> MORTERO BASICO 1:4 | E12: M3 | F12: 0.02 | G12: =+'MRO 14 '!I47 -> 482899 | H12: =ROUND(+F12*G12,0) -> 9658
C19: DESPERDICIO | E19: % | F19: 0.05 | G19: =SUM(H11:H18) -> 9658 | H19: =ROUND(G19*F19,0) -> 483
H20: TOTAL MATERIALES: | I20: =SUM(H12:H19) -> 10141
B21: II | C21: MANO DE OBRA
C22: DESCRIPCIÓN | D22: JORNAL | E22: PREST. | F22: REND. | G22: J/TOTAL | H22: V/PARCIAL
C23: 1 AYUDANTE | D23: =38700 -> 38700 | E23: 0.85 | F23: 16 | G23: =+D23*(1+E23) -> 71595 | H23: =+G23/F23 -> 4474.6875
C24: 1 OFICIAL | D24: 66700 | E24: =+E23 -> 0.85 | F24: 16 | G24: =+D24*(1+E24) -> 123395 | H24: =+G24/F24 -> 7712.1875
H25: =G25*F25*E25*D25 -> 0
H26: TOTAL MANO DE OBRA: | I26: =ROUND(SUM(H23:H25),0) -> 12187
B27: III | C27: HERRAMIENTA Y EQUIPO
C28: DESCRIPCIÓN | E28: UND | F28: TARIFA | G28: R/MIENTO | H28: V/PARCIAL
C29: HERRAMIENTA MENOR | H29: =+I26*10% -> 1218.7
H32: TOTAL HERRAMIENTA Y EQUIPO: | I32: =ROUND(SUM(H29:H31),0) -> 1219
B33: IV | C33: TRANSPORTE
C34: MATERIAL | E34: VOL (m3) | F34: DIST (Km) | G34: PESO/(m3/km) | H34: V/UNITARIO
H37: TOTAL TRANSPORTE: | I37: =SUM(H35:H36) -> 0
H39: TOTAL COSTO DIRECTO: | I39: =SUM(I20:I37) -> 23547
B40: V | C40: COSTOS INDIRECTOS
C41: DESCRIPCIÓN | E41: PORCENTAJE | G41: V/PARCIAL
C42: ADMINISTRACIÓN | E42: 0 | G42: =E42*I39 -> 0
C43: IMPREVISTOS | E43: 0 | G43: =E43*I39 -> 0
C44: UTILIDAD | E44: 0 | G44: =E44*I39 -> 0
H45: TOTAL COSTO INDIRECTO: | I45: =SUM(G42:G44) -> 0
H47: TOTAL PRECIO UNITARIO: | I47: =I45+I39 -> 23547
H48: TOTAL PRECIO UNITARIO AJUSTADO AL PESO: | I48: =ROUND(I47,0) -> 23547
C51: =+'4,1'!C51 -> ARQ. ANTONIO RUIZ TOVAR
C52: =+'4,1'!C52 -> PROFESIONAL ESPECIALIZADO

Sheet 5,1
B1: REPÚBLICA DE COLOMBIA
B2: DEPARTAMENTO DEL CAQUETÁ
B3: MUNICIPIO DE FLORENCIA
B4: =+'[227]PRESUPUESTO GENERAL'!A4 -> #REF!
B5: SECRETARIA DE OBRAS PUBLICAS - SECOBRAS | E5: ANALISIS DE PRECIOS UNITARIOS - PINTURAS
B6: =+'4,2'!B6:I6 -> CONSTRUCCIÓN DE BATERIA SANITARIA PARA LA INSTITUCIÓN EDUCATIVA JORGE ELIECER GAITAN SEDE SIMON BOLIVAR DEL MUNICIPIO DE FLORENCIA, DEPARTAMENTO DEL CAQUETA.
B7: ITEM | C7: =+'PRESUPUESTO GENERAL'!B34 -> Estuco plastico interior y exterior | H7: UNIDAD: | I7: =+'[227]PRESUPUESTO GENERAL'!C34 -> #REF!
B8: =+'PRESUPUESTO GENERAL'!A34 -> 5.1
A10: SEC OBRAS | B10: I | C10: MATERIALES
C11: DESCRIPCIÓN | E11: UND | F11: CANT. | G11: V/UNITARIO | H11: V/PARCIAL
C12: Estuco profesional | E12: Kg | F12: 0.36 | G12: =2600*1.1312 -> 2941.12 | H12: =G12*F12 -> 1058.8032
C13: Lija pliego 400 | E13: Pliego | F13: 0.33 | G13: =1200*1.1312 -> 1357.44 | H13: =G13*F13 -> 447.9552
C14: Aditivo para impermeabilizar | E14: Kg | F14: 0.05 | G14: =2500*1.1312 -> 2828 | H14: =G14*F14 -> 141.4
C19: DESPERDICIO | E19: % | F19: 0.05 | G19: =SUM(H11:H18) -> 1648.1584 | H19: =G19*F19 -> 82.40792
H20: TOTAL MATERIALES: | I20: =ROUND(SUM(H12:H19),0) -> 1731
B21: II | C21: MANO DE OBRA
C22: DESCRIPCIÓN | D22: JORNAL | E22: PREST. | F22: REND. | G22: J/TOTAL | H22: V/PARCIAL
C23: 1 AYUDANTES | D23: 38700 | E23: 0.8 | F23: 20 | G23: =+D23*(1+E23) -> 69660 | H23: =+G23/F23 -> 3483
C24: 1 OFICIAL | D24: 66700 | E24: 0.8 | F24: 20 | G24: =+D24*(1+E24) -> 120060 | H24: =+G24/F24 -> 6003
I26: =ROUND(SUM(H23:H25),0) -> 9486
B27: III | C27: HERRAMIENTA Y EQUIPO
C28: DESCRIPCIÓN | E28: UND | F28: TARIFA | G28: R/MIENTO | H28: V/PARCIAL
C29: HERRAMIENTA MENOR | H29: =I26*0.1 -> 948.6
C30: ANDAMIOS METÁLICOS | E30: SECCIÓN | F30: 1000 | G30: 1 | H30: =+F30/G30 -> 1000
H32: TOTAL HERRAMIENTA Y EQUIPO: | I32: =ROUND(SUM(H29:H31),0) -> 1949
B33: IV | C33: TRANSPORTE
C34: MATERIAL | E34: VOL (m3) | F34: DIST (Km) | G34: PESO/(m3/km) | H34: V/UNITARIO
H37: TOTAL TRANSPORTE: | I37: =SUM(H35:H36) -> 0
H39: TOTAL COSTO DIRECTO: | I39: =SUM(I20:I37) -> 13166
B40: V | C40: COSTOS INDIRECTOS
C41: DESCRIPCIÓN | E41: PORCENTAJE | G41: V/PARCIAL
C42: ADMINISTRACIÓN | E42: 0 | G42: =E42*I39 -> 0
C43: IMPREVISTOS | E43: 0 | G43: =E43*I39 -> 0
C44: UTILIDAD | E44: 0 | G44: =E44*I39 -> 0
H45: TOTAL COSTO INDIRECTO: | I45: =SUM(G42:G44) -> 0
H47: TOTAL PRECIO UNITARIO: | I47: =I45+I39 -> 13166
H48: TOTAL PRECIO UNITARIO AJUSTADO AL PESO: | I48: =ROUND(I47,0) -> 13166
C51: =+'4,2'!C51 -> ARQ. ANTONIO RUIZ TOVAR
C52: =+'4,2'!C52 -> PROFESIONAL ESPECIALIZADO

Sheet 5,2 
B1: REPÚBLICA DE COLOMBIA
B2: DEPARTAMENTO DEL CAQUETÁ
B3: MUNICIPIO DE FLORENCIA
B4: =+'[227]PRESUPUESTO GENERAL'!A4 -> #REF!
B5: SECRETARIA DE OBRAS PUBLICAS - SECOBRAS | E5: =+'5,1'!E5:I5 -> ANALISIS DE PRECIOS UNITARIOS - PINTURAS
B6: =+'5,1'!B6:I6 -> CONSTRUCCIÓN DE BATERIA SANITARIA PARA LA INSTITUCIÓN EDUCATIVA JORGE ELIECER GAITAN SEDE SIMON BOLIVAR DEL MUNICIPIO DE FLORENCIA, DEPARTAMENTO DEL CAQUETA.
B7: ITEM | C7: =+'PRESUPUESTO GENERAL'!B35 -> Pintura en vinilo tipo 1 | H7: UNIDAD: | I7: =+[230]Presupuesto!C51 -> M2
B8: =+'PRESUPUESTO GENERAL'!A35 -> 5.2
A10: SEC OBRAS | B10: I | C10: MATERIALES
C11: DESCRIPCIÓN | E11: UND | F11: CANT. | G11: V/UNITARIO | H11: V/PARCIAL
C12: pintura en vinilo tipo 1 | E12: =+[230]MATERIALES!C96 -> GAL | F12: 0.06 | G12: =75000*1.1312 -> 84840 | H12: =+F12*G12 -> 5090.4
C19: DESPERDICIO | E19: % | F19: 0.05 | G19: =SUM(H11:H18) -> 5090.4 | H19: =G19*F19 -> 254.52
H20: TOTAL MATERIALES: | I20: =ROUND(SUM(H12:H19),0) -> 5345
B21: II | C21: MANO DE OBRA
C22: DESCRIPCIÓN | D22: JORNAL | E22: PREST. | F22: REND. | G22: J/TOTAL | H22: V/PARCIAL
C23: Un ayudante | D23: 38700 | E23: 0.85 | F23: 20 | G23: =+D23*(1+E23) -> 71595 | H23: =+G23/F23 -> 3579.75
C24: 1 OFICIAL | D24: 66700 | E24: =+E23 -> 0.85 | F24: 20 | G24: =+D24*(1+E24) -> 123395 | H24: =+G24/F24 -> 6169.75
I26: =ROUND(SUM(H23:H25),0) -> 9750
B27: III | C27: HERRAMIENTA Y EQUIPO
C28: DESCRIPCIÓN | E28: UND | F28: TARIFA | G28: R/MIENTO | H28: V/PARCIAL
C29: HERRAMIENTA MENOR | H29: =I26*0.1 -> 975
C30: ANDAMIOS METÁLICOS | E30: SECCIÓN | F30: 1000 | G30: 1 | H30: =+F30/G30 -> 1000
H32: TOTAL HERRAMIENTA Y EQUIPO: | I32: =ROUND(SUM(H29:H31),0) -> 1975
B33: IV | C33: TRANSPORTE
C34: MATERIAL | E34: VOL (m3) | F34: DIST (Km) | G34: PESO/(m3/km) | H34: V/UNITARIO
H37: TOTAL TRANSPORTE: | I37: =SUM(H35:H36) -> 0
H39: TOTAL COSTO DIRECTO: | I39: =SUM(I20:I37) -> 17070
B40: V | C40: COSTOS INDIRECTOS
C41: DESCRIPCIÓN | E41: PORCENTAJE | G41: V/PARCIAL
C42: ADMINISTRACIÓN | E42: 0 | G42: =E42*I39 -> 0
C43: IMPREVISTOS | E43: 0 | G43: =E43*I39 -> 0
C44: UTILIDAD | E44: 0 | G44: =E44*I39 -> 0
H45: TOTAL COSTO INDIRECTO: | I45: =SUM(G42:G44) -> 0
H47: TOTAL PRECIO UNITARIO: | I47: =I45+I39 -> 17070
H48: TOTAL PRECIO UNITARIO AJUSTADO AL PESO: | I48: =ROUND(I47,0) -> 17070
C51: =+'5,1'!C51 -> ARQ. ANTONIO RUIZ TOVAR
C52: =+'5,1'!C52 -> PROFESIONAL ESPECIALIZADO

Sheet 6,1 
B2: DEPARTAMENTO DEL CAQUETÁ
B3: MUNICIPIO DE FLORENCIA
B4: =+'PRESUPUESTO GENERAL'!A4 -> PRESUPUESTO GENERAL
B5: SECRETARIA DE OBRAS PUBLICAS - SECOBRAS | E5: ANALISIS DE PRECIOS UNITARIOS - PISOS Y ENCHAPES
B6: =+'4,1'!B6:I6 -> CONSTRUCCIÓN DE BATERIA SANITARIA PARA LA INSTITUCIÓN EDUCATIVA JORGE ELIECER GAITAN SEDE SIMON BOLIVAR DEL MUNICIPIO DE FLORENCIA, DEPARTAMENTO DEL CAQUETA.
B7: ITEM | C7: =+'PRESUPUESTO GENERAL'!B38 -> Piso en concreto E=0,10M (Incl Juntas dilat. Y Malla Elect.), pagado en m2 | H7: UNIDAD: | I7: =+'PRESUPUESTO GENERAL'!C38 -> M2
B8: =+'PRESUPUESTO GENERAL'!A38 -> 6.1
A10: SEC OBRAS | B10: I | C10: MATERIALES
C11: DESCRIPCIÓN | E11: UND | F11: CANT. | G11: V/UNITARIO | H11: V/PARCIAL
C12: =+'CTO D '!C7 -> CONCRETO BASICO CLASE D | E12: M3 | F12: 0.1 | G12: =+'CTO D '!I48 -> 462051 | H12: =ROUND(F12*G12,0) -> 46205
C13: Dilataciones de madera 0,10x3m | E13: UND | F13: 1.13 | G13: =5470*1.1312 -> 6187.664 | H13: =ROUND(F13*G13,0) -> 6992
C14: Malla electrosoldada 6x2,35 separados 15 | E14: M2 | F14: 1 | G14: =7450*1.1312 -> 8427.44 | H14: =ROUND(F14*G14,0) -> 8427
C20: DESPERDICIO | E20: % | F20: 0.1 | G20: =SUM(H11:H19) -> 61624 | H20: =ROUND(G20*F20,0) -> 6162
H21: TOTAL MATERIALES: | I21: =ROUND(SUM(H12:H20),0) -> 67786
B22: II | C22: MANO DE OBRA
C23: DESCRIPCIÓN | D23: JORNAL | E23: PREST. | F23: REND. | G23: J/TOTAL | H23: V/PARCIAL
C24: 2 AYUDANTE | D24: =38700*2 -> 77400 | E24: 0.85 | F24: 15 | G24: =+D24*(1+E24) -> 143190 | H24: =+G24/F24 -> 9546
C25: 1 OFICIAL | D25: 66700 | E25: =+E24 -> 0.85 | F25: 15 | G25: =+D25*(1+E25) -> 123395 | H25: =+G25/F25 -> 8226.3333
H26: =G26*F26*E26*D26 -> 0
H27: TOTAL MANO DE OBRA: | I27: =ROUND(SUM(H24:H26),0) -> 17772
B28: III | C28: HERRAMIENTA Y EQUIPO
C29: DESCRIPCIÓN | E29: UND | F29: TARIFA | G29: R/MIENTO | H29: V/PARCIAL
C30: HERRAMIENTA MENOR | H30: =I27*0.1 -> 1777.2
H33: TOTAL HERRAMIENTA Y EQUIPO: | I33: =ROUND(SUM(H30:H32),0) -> 1777
B34: IV | C34: TRANSPORTE
C35: MATERIAL | E35: VOL (m3) | F35: DIST (Km) | G35: PESO/(m3/km) | H35: V/UNITARIO
H38: TOTAL TRANSPORTE: | I38: =SUM(H36:H37) -> 0
H40: TOTAL COSTO DIRECTO: | I40: =SUM(I21:I38) -> 87335
B41: V | C41: COSTOS INDIRECTOS
C42: DESCRIPCIÓN | E42: PORCENTAJE | G42: V/PARCIAL
C43: ADMINISTRACIÓN | E43: 0 | G43: =E43*I40 -> 0
C44: IMPREVISTOS | E44: 0 | G44: =E44*I40 -> 0
C45: UTILIDAD | E45: 0 | G45: =E45*I40 -> 0
H46: TOTAL COSTO INDIRECTO: | I46: =SUM(G43:G45) -> 0
H48: TOTAL PRECIO UNITARIO: | I48: =I46+I40 -> 87335
H49: TOTAL PRECIO UNITARIO AJUSTADO AL PESO: | I49: =ROUND(I48,0) -> 87335
C52: =+'4,1'!C51 -> ARQ. ANTONIO RUIZ TOVAR
C53: =+'4,1'!C52 -> PROFESIONAL ESPECIALIZADO

Sheet 6,2 
B2: DEPARTAMENTO DEL CAQUETÁ
B3: MUNICIPIO DE FLORENCIA
B4: =+'PRESUPUESTO GENERAL'!A4 -> PRESUPUESTO GENERAL
B5: SECRETARIA DE OBRAS PUBLICAS - SECOBRAS | E5: =+'6,1 '!E5:I5 -> ANALISIS DE PRECIOS UNITARIOS - PISOS Y ENCHAPES
B6: =+'4,1'!B6:I6 -> CONSTRUCCIÓN DE BATERIA SANITARIA PARA LA INSTITUCIÓN EDUCATIVA JORGE ELIECER GAITAN SEDE SIMON BOLIVAR DEL MUNICIPIO DE FLORENCIA, DEPARTAMENTO DEL CAQUETA.
B7: ITEM | C7: =+'PRESUPUESTO GENERAL'!B39 -> Mortero de nivelación E=0,05 m | H7: UNIDAD: | I7: =+'PRESUPUESTO GENERAL'!C39 -> M2
B8: =+'PRESUPUESTO GENERAL'!A39 -> 6.2
A10: SEC OBRAS | B10: I | C10: MATERIALES
C11: DESCRIPCIÓN | E11: UND | F11: CANT. | G11: V/UNITARIO | H11: V/PARCIAL
C12: Mortero basico 1:3 | E12: M3 | F12: 0.05 | G12: =+'MRO 14 '!I47 -> 482899 | H12: =ROUND(F12*G12,0) -> 24145
C20: DESPERDICIO | E20: % | F20: 0.1 | G20: =SUM(H11:H19) -> 24145 | H20: =ROUND(G20*F20,0) -> 2415
H21: TOTAL MATERIALES: | I21: =ROUND(SUM(H12:H20),0) -> 26560
B22: II | C22: MANO DE OBRA
C23: DESCRIPCIÓN | D23: JORNAL | E23: PREST. | F23: REND. | G23: J/TOTAL | H23: V/PARCIAL
C24: 1 AYUDANTE | D24: 38700 | E24: 0.85 | F24: 15 | G24: =+D24*(1+E24) -> 71595 | H24: =+G24/F24 -> 4773
C25: 1 OFICIAL | D25: 66700 | E25: =+E24 -> 0.85 | F25: 15 | G25: =+D25*(1+E25) -> 123395 | H25: =+G25/F25 -> 8226.3333
H26: =G26*F26*E26*D26 -> 0
H27: TOTAL MANO DE OBRA: | I27: =ROUND(SUM(H24:H26),0) -> 12999
B28: III | C28: HERRAMIENTA Y EQUIPO
C29: DESCRIPCIÓN | E29: UND | F29: TARIFA | G29: R/MIENTO | H29: V/PARCIAL
C30: HERRAMIENTA MENOR | H30: =+I27*10% -> 1299.9
H33: TOTAL HERRAMIENTA Y EQUIPO: | I33: =ROUND(SUM(H30:H32),0) -> 1300
B34: IV | C34: TRANSPORTE
C35: MATERIAL | E35: VOL (m3) | F35: DIST (Km) | G35: PESO/(m3/km) | H35: V/UNITARIO
H38: TOTAL TRANSPORTE: | I38: =SUM(H36:H37) -> 0
H40: TOTAL COSTO DIRECTO: | I40: =SUM(I21:I38) -> 40859
B41: V | C41: COSTOS INDIRECTOS
C42: DESCRIPCIÓN | E42: PORCENTAJE | G42: V/PARCIAL
C43: ADMINISTRACIÓN | E43: 0 | G43: =E43*I40 -> 0
C44: IMPREVISTOS | E44: 0 | G44: =E44*I40 -> 0
C45: UTILIDAD | E45: 0 | G45: =E45*I40 -> 0
H46: TOTAL COSTO INDIRECTO: | I46: =SUM(G43:G45) -> 0
H48: TOTAL PRECIO UNITARIO: | I48: =I46+I40 -> 40859
H49: TOTAL PRECIO UNITARIO AJUSTADO AL PESO: | I49: =ROUND(I48,0) -> 40859
C52: =+'6,1 '!C52 -> ARQ. ANTONIO RUIZ TOVAR
C53: =+'6,1 '!C53 -> PROFESIONAL ESPECIALIZADO

Sheet 6,3 
B2: DEPARTAMENTO DEL CAQUETÁ
B3: MUNICIPIO DE FLORENCIA
B4: =+'PRESUPUESTO GENERAL'!A4 -> PRESUPUESTO GENERAL
B5: SECRETARIA DE OBRAS PUBLICAS - SECOBRAS | E5: =+'6,2 '!E5:I5 -> ANALISIS DE PRECIOS UNITARIOS - PISOS Y ENCHAPES
B6: =+'4,1'!B6:I6 -> CONSTRUCCIÓN DE BATERIA SANITARIA PARA LA INSTITUCIÓN EDUCATIVA JORGE ELIECER GAITAN SEDE SIMON BOLIVAR DEL MUNICIPIO DE FLORENCIA, DEPARTAMENTO DEL CAQUETA.
B7: ITEM | C7: =+'PRESUPUESTO GENERAL'!B40 -> Suministro e instalación de cerámica para pisos | H7: UNIDAD: | I7: =+'PRESUPUESTO GENERAL'!C39 -> M2
B8: =+'PRESUPUESTO GENERAL'!A40 -> 6.3
A10: SEC OBRAS | B10: I | C10: MATERIALES
C11: DESCRIPCIÓN | E11: UND | F11: CANT. | G11: V/UNITARIO | H11: V/PARCIAL
C12: ceramica nacional trafico V | E12: M2 | F12: 1 | G12: =65000*1.1312 -> 73528 | H12: =ROUND(F12*G12,0) -> 73528
C13: Pegacor | E13: KG | F13: 4 | G13: =2100*1.1312 -> 2375.52 | H13: =ROUND(F13*G13,0) -> 9502
C14: Emboquillador | E14: KG | F14: 0.5 | G14: =4500*1.1312 -> 5090.4 | H14: =ROUND(F14*G14,0) -> 2545
C20: DESPERDICIO | E20: % | F20: 0.05 | G20: =SUM(H11:H19) -> 85575 | H20: =ROUND(G20*F20,0) -> 4279
H21: TOTAL MATERIALES: | I21: =ROUND(SUM(H12:H20),0) -> 89854
B22: II | C22: MANO DE OBRA
C23: DESCRIPCIÓN | D23: JORNAL | E23: PREST. | F23: REND. | G23: J/TOTAL | H23: V/PARCIAL
C24: 1 AYUDANTE | D24: 38700 | E24: 0.85 | F24: 12 | G24: =+D24*(1+E24) -> 71595 | H24: =+G24/F24 -> 5966.25
C25: 1 OFICIAL | D25: 66700 | E25: =+E24 -> 0.85 | F25: 12 | G25: =+D25*(1+E25) -> 123395 | H25: =+G25/F25 -> 10282.917
H26: =G26*F26*E26*D26 -> 0
H27: TOTAL MANO DE OBRA: | I27: =ROUND(SUM(H24:H26),0) -> 16249
B28: III | C28: HERRAMIENTA Y EQUIPO
C29: DESCRIPCIÓN | E29: UND | F29: TARIFA | G29: R/MIENTO | H29: V/PARCIAL
C30: HERRAMIENTA MENOR | H30: =+I27*10% -> 1624.9
H33: TOTAL HERRAMIENTA Y EQUIPO: | I33: =ROUND(SUM(H30:H32),0) -> 1625
B34: IV | C34: TRANSPORTE
C35: MATERIAL | E35: VOL (m3) | F35: DIST (Km) | G35: PESO/(m3/km) | H35: V/UNITARIO
H38: TOTAL TRANSPORTE: | I38: =SUM(H36:H37) -> 0
H40: TOTAL COSTO DIRECTO: | I40: =SUM(I21:I38) -> 107728
B41: V | C41: COSTOS INDIRECTOS
C42: DESCRIPCIÓN | E42: PORCENTAJE | G42: V/PARCIAL
C43: ADMINISTRACIÓN | E43: 0 | G43: =E43*I40 -> 0
C44: IMPREVISTOS | E44: 0 | G44: =E44*I40 -> 0
C45: UTILIDAD | E45: 0 | G45: =E45*I40 -> 0
H46: TOTAL COSTO INDIRECTO: | I46: =SUM(G43:G45) -> 0
H48: TOTAL PRECIO UNITARIO: | I48: =I46+I40 -> 107728
H49: TOTAL PRECIO UNITARIO AJUSTADO AL PESO: | I49: =ROUND(I48,0) -> 107728
C52: =+'4,1'!C51 -> ARQ. ANTONIO RUIZ TOVAR
C53: =+'4,1'!C52 -> PROFESIONAL ESPECIALIZADO

Sheet 6,4 
B2: DEPARTAMENTO DEL CAQUETÁ
B3: MUNICIPIO DE FLORENCIA
B4: =+'PRESUPUESTO GENERAL'!A4 -> PRESUPUESTO GENERAL
B5: SECRETARIA DE OBRAS PUBLICAS - SECOBRAS | E5: =+'6,3 '!E5:I5 -> ANALISIS DE PRECIOS UNITARIOS - PISOS Y ENCHAPES
B6: =+'4,1'!B6:I6 -> CONSTRUCCIÓN DE BATERIA SANITARIA PARA LA INSTITUCIÓN EDUCATIVA JORGE ELIECER GAITAN SEDE SIMON BOLIVAR DEL MUNICIPIO DE FLORENCIA, DEPARTAMENTO DEL CAQUETA.
B7: ITEM | C7: =+'PRESUPUESTO GENERAL'!B41 -> Enchape cerámico para muros h=2,00 m | H7: UNIDAD: | I7: =+'PRESUPUESTO GENERAL'!C41 -> M2
B8: =+'PRESUPUESTO GENERAL'!A41 -> 6.4
A10: SEC OBRAS | B10: I | C10: MATERIALES
C11: DESCRIPCIÓN | E11: UND | F11: CANT. | G11: V/UNITARIO | H11: V/PARCIAL
C12: Enchape | E12: M2 | F12: 1 | G12: 58500 | H12: =ROUND(F12*G12,0) -> 58500
C13: Pegacor | E13: KG | F13: 0.5 | G13: =2500*1.1312 -> 2828 | H13: =ROUND(F13*G13,0) -> 1414
C14: cemento Gris | E14: KG | F14: 3.64 | G14: =640*1.1312 -> 723.968 | H14: =ROUND(F14*G14,0) -> 2635
C20: DESPERDICIO | E20: % | F20: 0.1 | G20: =SUM(H11:H19) -> 62549 | H20: =ROUND(G20*F20,0) -> 6255
H21: TOTAL MATERIALES: | I21: =ROUND(SUM(H12:H20),0) -> 68804
B22: II | C22: MANO DE OBRA
C23: DESCRIPCIÓN | D23: JORNAL | E23: PREST. | F23: REND. | G23: J/TOTAL | H23: V/PARCIAL
C24: 1 AYUDANTE | D24: =38700*1.1312 -> 43777.44 | E24: 0.85 | F24: 10 | G24: =ROUND(+D24*(1+E24),0) -> 80988 | H24: =+G24/F24 -> 8098.8
C25: 1 OFICIAL | D25: =66700*1.1314 -> 75464.38 | E25: =+E24 -> 0.85 | F25: 10 | G25: =+D25*(1+E25) -> 139609.1 | H25: =+G25/F25 -> 13960.91
H26: =G26*F26*E26*D26 -> 0
H27: TOTAL MANO DE OBRA: | I27: =ROUND(SUM(H24:H26),0)-1 -> 22059
B28: III | C28: HERRAMIENTA Y EQUIPO
C29: DESCRIPCIÓN | E29: UND | F29: TARIFA | G29: R/MIENTO | H29: V/PARCIAL
C30: HERRAMIENTA MENOR | H30: =+I27*10% -> 2205.9
H33: TOTAL HERRAMIENTA Y EQUIPO: | I33: =ROUND(SUM(H30:H32),0) -> 2206
B34: IV | C34: TRANSPORTE
C35: MATERIAL | E35: VOL (m3) | F35: DIST (Km) | G35: PESO/(m3/km) | H35: V/UNITARIO
H38: TOTAL TRANSPORTE: | I38: =SUM(H36:H37) -> 0
H40: TOTAL COSTO DIRECTO: | I40: =SUM(I21:I38) -> 93069
B41: V | C41: COSTOS INDIRECTOS
C42: DESCRIPCIÓN | E42: PORCENTAJE | G42: V/PARCIAL
C43: ADMINISTRACIÓN | E43: 0 | G43: =E43*I40 -> 0
C44: IMPREVISTOS | E44: 0 | G44: =E44*I40 -> 0
C45: UTILIDAD | E45: 0 | G45: =E45*I40 -> 0
H46: TOTAL COSTO INDIRECTO: | I46: =SUM(G43:G45) -> 0
H48: TOTAL PRECIO UNITARIO: | I48: =I46+I40 -> 93069
H49: TOTAL PRECIO UNITARIO AJUSTADO AL PESO: | I49: =ROUND(I48,0) -> 93069
C52: =+'4,1'!C51 -> ARQ. ANTONIO RUIZ TOVAR
C53: =+'4,1'!C52 -> PROFESIONAL ESPECIALIZADO

Sheet 6,5 
B2: DEPARTAMENTO DEL CAQUETÁ
B3: MUNICIPIO DE FLORENCIA
B4: =+'PRESUPUESTO GENERAL'!A4 -> PRESUPUESTO GENERAL
B5: SECRETARIA DE OBRAS PUBLICAS - SECOBRAS | E5: =+'6,4 '!E5:I5 -> ANALISIS DE PRECIOS UNITARIOS - PISOS Y ENCHAPES
B6: =+'4,1'!B6:I6 -> CONSTRUCCIÓN DE BATERIA SANITARIA PARA LA INSTITUCIÓN EDUCATIVA JORGE ELIECER GAITAN SEDE SIMON BOLIVAR DEL MUNICIPIO DE FLORENCIA, DEPARTAMENTO DEL CAQUETA.
B7: ITEM | C7: =+'PRESUPUESTO GENERAL'!B42 -> Enchape para mesones de lavaplatos (Incluye listelo decorativo) | H7: UNIDAD: | I7: =+'PRESUPUESTO GENERAL'!C42 -> M2
B8: =+'PRESUPUESTO GENERAL'!A42 -> 6.5
A10: SEC OBRAS | B10: I | C10: MATERIALES
C11: DESCRIPCIÓN | E11: UND | F11: CANT. | G11: V/UNITARIO | H11: V/PARCIAL
C12: Enchape corona | E12: M2 | F12: 1 | G12: =50000*1.1312 -> 56560 | H12: =ROUND(F12*G12,0) -> 56560
C13: cemento blanco | E13: KG | F13: 0.5 | G13: =2500*1.1312 -> 2828 | H13: =ROUND(F13*G13,0) -> 1414
C14: pegacor | E14: KG | F14: 4 | G14: =2100*1.1312 -> 2375.52 | H14: =ROUND(F14*G14,0) -> 9502
C20: DESPERDICIO | E20: % | F20: 0.1 | G20: =SUM(H11:H19) -> 67476 | H20: =ROUND(G20*F20,0) -> 6748
H21: TOTAL MATERIALES: | I21: =ROUND(SUM(H12:H20),0) -> 74224
B22: II | C22: MANO DE OBRA
C23: DESCRIPCIÓN | D23: JORNAL | E23: PREST. | F23: REND. | G23: J/TOTAL | H23: V/PARCIAL
C24: 1 AYUDANTE | D24: 38700 | E24: 0.85 | F24: 10 | G24: =ROUND(+D24*(1+E24),0) -> 71595 | H24: =+G24/F24 -> 7159.5
C25: 1 OFICIAL | D25: 66700 | E25: =+E24 -> 0.85 | F25: 10 | G25: =+D25*(1+E25) -> 123395 | H25: =+G25/F25 -> 12339.5
H26: =G26*F26*E26*D26 -> 0
H27: TOTAL MANO DE OBRA: | I27: =ROUND(SUM(H24:H26),0)-1 -> 19498
B28: III | C28: HERRAMIENTA Y EQUIPO
C29: DESCRIPCIÓN | E29: UND | F29: TARIFA | G29: R/MIENTO | H29: V/PARCIAL
C30: HERRAMIENTA MENOR | H30: =+I27*10% -> 1949.8
H33: TOTAL HERRAMIENTA Y EQUIPO: | I33: =ROUND(SUM(H30:H32),0) -> 1950
B34: IV | C34: TRANSPORTE
C35: MATERIAL | E35: VOL (m3) | F35: DIST (Km) | G35: PESO/(m3/km) | H35: V/UNITARIO
H38: TOTAL TRANSPORTE: | I38: =SUM(H36:H37) -> 0
H40: TOTAL COSTO DIRECTO: | I40: =SUM(I21:I38) -> 95672
B41: V | C41: COSTOS INDIRECTOS
C42: DESCRIPCIÓN | E42: PORCENTAJE | G42: V/PARCIAL
C43: ADMINISTRACIÓN | E43: 0 | G43: =E43*I40 -> 0
C44: IMPREVISTOS | E44: 0 | G44: =E44*I40 -> 0
C45: UTILIDAD | E45: 0 | G45: =E45*I40 -> 0
H46: TOTAL COSTO INDIRECTO: | I46: =SUM(G43:G45) -> 0
H48: TOTAL PRECIO UNITARIO: | I48: =I46+I40 -> 95672
H49: TOTAL PRECIO UNITARIO AJUSTADO AL PESO: | I49: =ROUND(I48,0) -> 95672
C52: =+'4,1'!C51 -> ARQ. ANTONIO RUIZ TOVAR
C53: =+'4,1'!C52 -> PROFESIONAL ESPECIALIZADO

Sheet 6,6 
B2: DEPARTAMENTO DEL CAQUETÁ
B3: MUNICIPIO DE FLORENCIA
B4: =+'PRESUPUESTO GENERAL'!A4 -> PRESUPUESTO GENERAL
B5: SECRETARIA DE OBRAS PUBLICAS - SECOBRAS | E5: =+'6,5 '!E5:I5 -> ANALISIS DE PRECIOS UNITARIOS - PISOS Y ENCHAPES
B6: =+'4,1'!B6:I6 -> CONSTRUCCIÓN DE BATERIA SANITARIA PARA LA INSTITUCIÓN EDUCATIVA JORGE ELIECER GAITAN SEDE SIMON BOLIVAR DEL MUNICIPIO DE FLORENCIA, DEPARTAMENTO DEL CAQUETA.
B7: ITEM | C7: =+'PRESUPUESTO GENERAL'!B43 -> Anden en concreto escobeado | H7: UNIDAD: | I7: =+'PRESUPUESTO GENERAL'!C43 -> M2
B8: =+'PRESUPUESTO GENERAL'!A43 -> 6.6
A10: SEC OBRAS | B10: I | C10: MATERIALES
C11: DESCRIPCIÓN | E11: UND | F11: CANT. | G11: V/UNITARIO | H11: V/PARCIAL
C12: Concreto F,c = 2010 KGF | E12: M3 | F12: 0.05 | G12: =+'CTO D '!I48 -> 462051 | H12: =F12*G12 -> 23102.55
C13: Malla electrosoldada 6x2,35 separada 15 | E13: M2 | F13: 1 | G13: =7450*1.1312 -> 8427.44 | H13: =F13*G13 -> 8427.44
C19: DESPERDICIO | E19: % | F19: 0.1 | G19: =SUM(H11:H18) -> 31529.99 | H19: =ROUND(G19*F19,0) -> 3153
H20: TOTAL MATERIALES: | I20: =ROUND(SUM(H12:H19),0) -> 34683
B21: II | C21: MANO DE OBRA
C22: DESCRIPCIÓN | D22: JORNAL | E22: PREST. | F22: REND. | G22: J/TOTAL | H22: V/PARCIAL
C23: 2 AYUDANTE | D23: =38700*2 -> 77400 | E23: 0.85 | F23: 15 | G23: =ROUND(+D23*(1+E23),0) -> 143190 | H23: =+G23/F23 -> 9546
C24: 1 OFICIAL | D24: 66700 | E24: =+E23 -> 0.85 | F24: 15 | G24: =+D24*(1+E24) -> 123395 | H24: =+G24/F24 -> 8226.3333
H25: =G25*F25*E25*D25 -> 0
H26: TOTAL MANO DE OBRA: | I26: =ROUND(SUM(H23:H25),0)+1 -> 17773
B27: III | C27: HERRAMIENTA Y EQUIPO
C28: DESCRIPCIÓN | E28: UND | F28: TARIFA | G28: R/MIENTO | H28: V/PARCIAL
C29: HERRAMIENTA MENOR | H29: =I26*0.1 -> 1777.3
H32: TOTAL HERRAMIENTA Y EQUIPO: | I32: =ROUND(SUM(H29:H31),0) -> 1777
B33: IV | C33: TRANSPORTE
C34: MATERIAL | E34: VOL (m3) | F34: DIST (Km) | G34: PESO/(m3/km) | H34: V/UNITARIO
H37: TOTAL TRANSPORTE: | I37: =SUM(H35:H36) -> 0
H39: TOTAL COSTO DIRECTO: | I39: =SUM(I20:I37) -> 54233
B40: V | C40: COSTOS INDIRECTOS
C41: DESCRIPCIÓN | E41: PORCENTAJE | G41: V/PARCIAL
C42: ADMINISTRACIÓN | E42: 0 | G42: =E42*I39 -> 0
C43: IMPREVISTOS | E43: 0 | G43: =E43*I39 -> 0
C44: UTILIDAD | E44: 0 | G44: =E44*I39 -> 0
H45: TOTAL COSTO INDIRECTO: | I45: =SUM(G42:G44) -> 0
H47: TOTAL PRECIO UNITARIO: | I47: =I45+I39 -> 54233
H48: TOTAL PRECIO UNITARIO AJUSTADO AL PESO: | I48: =ROUND(I47,0) -> 54233
C51: =+'4,1'!C51 -> ARQ. ANTONIO RUIZ TOVAR
C52: =+'4,1'!C52 -> PROFESIONAL ESPECIALIZADO

Sheet 6,7 
B2: DEPARTAMENTO DEL CAQUETÁ
B3: MUNICIPIO DE FLORENCIA
B4: =+'PRESUPUESTO GENERAL'!A4 -> PRESUPUESTO GENERAL
B5: SECRETARIA DE OBRAS PUBLICAS - SECOBRAS | E5: =+'6,6 '!E5:I5 -> ANALISIS DE PRECIOS UNITARIOS - PISOS Y ENCHAPES
B6: =+'4,1'!B6:I6 -> CONSTRUCCIÓN DE BATERIA SANITARIA PARA LA INSTITUCIÓN EDUCATIVA JORGE ELIECER GAITAN SEDE SIMON BOLIVAR DEL MUNICIPIO DE FLORENCIA, DEPARTAMENTO DEL CAQUETA.
B7: ITEM | C7: =+'PRESUPUESTO GENERAL'!B44 -> Rampa en concreto escobeada; E=0,10 (Incluye malla electrosoldada) | H7: UNIDAD: | I7: =+'PRESUPUESTO GENERAL'!C43 -> M2
B8: =+'PRESUPUESTO GENERAL'!A44 -> 6.7
A10: SEC OBRAS | B10: I | C10: MATERIALES
C11: DESCRIPCIÓN | E11: UND | F11: CANT. | G11: V/UNITARIO | H11: V/PARCIAL
C12: Concreto F,c = 2010 KGF | E12: M3 | F12: 0.1 | G12: =+'CTO D '!I48 -> 462051 | H12: =F12*G12 -> 46205.1
C13: Malla electrosoldada 6x2,35 separada 15 | E13: M2 | F13: 1 | G13: =7450*1.1312 -> 8427.44 | H13: =F13*G13 -> 8427.44
C19: DESPERDICIO | E19: % | F19: 0.1 | G19: =SUM(H11:H18) -> 54632.54 | H19: =ROUND(G19*F19,0) -> 5463
H20: TOTAL MATERIALES: | I20: =ROUND(SUM(H12:H19),0) -> 60096
B21: II | C21: MANO DE OBRA
C22: DESCRIPCIÓN | D22: JORNAL | E22: PREST. | F22: REND. | G22: J/TOTAL | H22: V/PARCIAL
C23: 2 AYUDANTE | D23: =38700*2 -> 77400 | E23: 0.85 | F23: 14 | G23: =ROUND(+D23*(1+E23),0) -> 143190 | H23: =+G23/F23 -> 10227.857
C24: 1 OFICIAL | D24: 66700 | E24: =+E23 -> 0.85 | F24: 14 | G24: =+D24*(1+E24) -> 123395 | H24: =+G24/F24 -> 8813.9286
H25: =G25*F25*E25*D25 -> 0
H26: TOTAL MANO DE OBRA: | I26: =ROUND(SUM(H23:H25),0)+1 -> 19043
B27: III | C27: HERRAMIENTA Y EQUIPO
C28: DESCRIPCIÓN | E28: UND | F28: TARIFA | G28: R/MIENTO | H28: V/PARCIAL
C29: HERRAMIENTA MENOR | H29: =+I26*10% -> 1904.3
H32: TOTAL HERRAMIENTA Y EQUIPO: | I32: =ROUND(SUM(H29:H31),0) -> 1904
B33: IV | C33: TRANSPORTE
C34: MATERIAL | E34: VOL (m3) | F34: DIST (Km) | G34: PESO/(m3/km) | H34: V/UNITARIO
H37: TOTAL TRANSPORTE: | I37: =SUM(H35:H36) -> 0
H39: TOTAL COSTO DIRECTO: | I39: =SUM(I20:I37) -> 81043
B40: V | C40: COSTOS INDIRECTOS
C41: DESCRIPCIÓN | E41: PORCENTAJE | G41: V/PARCIAL
C42: ADMINISTRACIÓN | E42: 0 | G42: =E42*I39 -> 0
C43: IMPREVISTOS | E43: 0 | G43: =E43*I39 -> 0
C44: UTILIDAD | E44: 0 | G44: =E44*I39 -> 0
H45: TOTAL COSTO INDIRECTO: | I45: =SUM(G42:G44) -> 0
H47: TOTAL PRECIO UNITARIO: | I47: =I45+I39 -> 81043
H48: TOTAL PRECIO UNITARIO AJUSTADO AL PESO: | I48: =ROUND(I47,0) -> 81043
C51: =+'4,1'!C51 -> ARQ. ANTONIO RUIZ TOVAR
C52: =+'4,1'!C52 -> PROFESIONAL ESPECIALIZADO

Sheet 7,1 
B2: DEPARTAMENTO DEL CAQUETÁ
B3: MUNICIPIO DE FLORENCIA
B4: =+'PRESUPUESTO GENERAL'!A4 -> PRESUPUESTO GENERAL
B5: SECRETARIA DE OBRAS PUBLICAS - SECOBRAS | E5: ANALISIS DE PRECIOS UNITARIOS - CUBIERTA
B6: =+'4,1'!B6:I6 -> CONSTRUCCIÓN DE BATERIA SANITARIA PARA LA INSTITUCIÓN EDUCATIVA JORGE ELIECER GAITAN SEDE SIMON BOLIVAR DEL MUNICIPIO DE FLORENCIA, DEPARTAMENTO DEL CAQUETA.
B7: ITEM | C7: =+'PRESUPUESTO GENERAL'!B47 -> Cubierta en Teja arquitectonica master 1000 Cal. 28 | H7: UNIDAD: | I7: =+'PRESUPUESTO GENERAL'!C47 -> M2
B8: =+'PRESUPUESTO GENERAL'!A47 -> 7.1
A10: SEC OBRAS | B10: I | C10: MATERIALES
C11: DESCRIPCIÓN | E11: UND | F11: CANT. | G11: V/UNITARIO | H11: V/PARCIAL
C12: Teja master mil | E12: M2 | F12: 1 | G12: 46500 | H12: =F12*G12 -> 46500
C13: Tornillo autoperforante | E13: UND | F13: 8 | G13: =1000*1.1312 -> 1131.2 | H13: =F13*G13 -> 9049.6
C20: DESPERDICIO | E20: % | F20: 0.03 | G20: =SUM(H11:H19) -> 55549.6 | H20: =ROUND(G20*F20,0) -> 1666
H21: TOTAL MATERIALES: | I21: =ROUND(SUM(H12:H20),0) -> 57216
B22: II | C22: MANO DE OBRA
C23: DESCRIPCIÓN | D23: JORNAL | E23: PREST. | F23: REND. | G23: J/TOTAL | H23: V/PARCIAL
C24: 1 AYUDANTE | D24: 38700 | E24: 0.85 | F24: 30 | G24: =ROUND(+D24*(1+E24),0) -> 71595 | H24: =+G24/F24 -> 2386.5
C25: 1 OFICIAL | D25: 66700 | E25: =+E24 -> 0.85 | F25: 30 | G25: =+D25*(1+E25) -> 123395 | H25: =+G25/F25 -> 4113.1667
H26: =G26*F26*E26*D26 -> 0
H27: TOTAL MANO DE OBRA: | I27: =ROUND(SUM(H24:H26),0)+1 -> 6501
B28: III | C28: HERRAMIENTA Y EQUIPO
C29: DESCRIPCIÓN | E29: UND | F29: TARIFA | G29: R/MIENTO | H29: V/PARCIAL
C30: HERRAMIENTA MENOR | H30: =I27*0.1 -> 650.1
C31: Andamios metalicos por seccion | E31: dia | F31: =3000*1.1312 -> 3393.6 | G31: 5 | H31: =F31/G31 -> 678.72
H35: TOTAL HERRAMIENTA Y EQUIPO: | I35: =ROUND(SUM(H30:H34),0) -> 1329
B36: IV | C36: TRANSPORTE
C37: MATERIAL | E37: VOL (m3) | F37: DIST (Km) | G37: PESO/(m3/km) | H37: V/UNITARIO
H40: TOTAL TRANSPORTE: | I40: =SUM(H38:H39) -> 0
H42: TOTAL COSTO DIRECTO: | I42: =SUM(I21:I40) -> 65046
B43: V | C43: COSTOS INDIRECTOS
C44: DESCRIPCIÓN | E44: PORCENTAJE | G44: V/PARCIAL
C45: ADMINISTRACIÓN | E45: 0 | G45: =E45*I42 -> 0
C46: IMPREVISTOS | E46: 0 | G46: =E46*I42 -> 0
C47: UTILIDAD | E47: 0 | G47: =E47*I42 -> 0
H48: TOTAL COSTO INDIRECTO: | I48: =SUM(G45:G47) -> 0
H50: TOTAL PRECIO UNITARIO: | I50: =I48+I42 -> 65046
H51: TOTAL PRECIO UNITARIO AJUSTADO AL PESO: | I51: =ROUND(I50,0) -> 65046
C54: =+'4,1'!C51 -> ARQ. ANTONIO RUIZ TOVAR
C55: =+'4,1'!C52 -> PROFESIONAL ESPECIALIZADO

Sheet 7,2 
B2: DEPARTAMENTO DEL CAQUETÁ
B3: MUNICIPIO DE FLORENCIA
B4: =+'PRESUPUESTO GENERAL'!A4 -> PRESUPUESTO GENERAL
B5: SECRETARIA DE OBRAS PUBLICAS - SECOBRAS | E5: =+'7,1 '!E5:I5 -> ANALISIS DE PRECIOS UNITARIOS - CUBIERTA
B6: =+'4,1'!B6:I6 -> CONSTRUCCIÓN DE BATERIA SANITARIA PARA LA INSTITUCIÓN EDUCATIVA JORGE ELIECER GAITAN SEDE SIMON BOLIVAR DEL MUNICIPIO DE FLORENCIA, DEPARTAMENTO DEL CAQUETA.
B7: ITEM | C7: =+'PRESUPUESTO GENERAL'!B48 -> tubo rectangular de 10 x 4 con anticorrosivo y pintura | H7: UNIDAD: | I7: =+'PRESUPUESTO GENERAL'!C48 -> ML
B8: =+'PRESUPUESTO GENERAL'!A48 -> 7.2
A10: SEC OBRAS | B10: I | C10: MATERIALES
C11: DESCRIPCIÓN | E11: UND | F11: CANT. | G11: V/UNITARIO | H11: V/PARCIAL
C12: TUBO RECTANGULAR 10x4 | E12: UND | F12: 0.16 | G12: 176000 | H12: =F12*G12 -> 28160
C13: PINTURA ANTICORROSIVO | E13: GALON | F13: 0.03 | G13: =85000*1.1312 -> 96152 | H13: =F13*G13 -> 2884.56
C14: PINTURA EN ESMALTE | E14: GALON | F14: 0.03 | G14: =85000*1.1312 -> 96152 | H14: =F14*G14 -> 2884.56
C15: DISOLVENTE | E15: GALON | F15: 0.01 | G15: =35000*1.1312 -> 39592 | H15: =F15*G15 -> 395.92
C16: SOLDADURA | E16: KG | F16: 0.06 | G16: =35000*1.1312 -> 39592 | H16: =F16*G16 -> 2375.52
C20: DESPERDICIO | E20: % | F20: 0.03 | G20: =SUM(H11:H19) -> 36700.56 | H20: =ROUND(G20*F20,0) -> 1101
H21: TOTAL MATERIALES: | I21: =ROUND(SUM(H12:H20),0) -> 37802
B22: II | C22: MANO DE OBRA
C23: DESCRIPCIÓN | D23: JORNAL | E23: PREST. | F23: REND. | G23: J/TOTAL | H23: V/PARCIAL
C24: 1 AYUDANTE | D24: 38700 | E24: 0.85 | F24: 45 | G24: =ROUND(+D24*(1+E24),0) -> 71595 | H24: =+G24/F24 -> 1591
C25: 1 OFICIAL | D25: 66700 | E25: =+E24 -> 0.85 | F25: 45 | G25: =+D25*(1+E25) -> 123395 | H25: =+G25/F25 -> 2742.1111
H26: =G26*F26*E26*D26 -> 0
H27: TOTAL MANO DE OBRA: | I27: =ROUND(SUM(H24:H26),0)+1 -> 4334
B28: III | C28: HERRAMIENTA Y EQUIPO
C29: DESCRIPCIÓN | E29: UND | F29: TARIFA | G29: R/MIENTO | H29: V/PARCIAL
C30: HERRAMIENTA MENOR | H30: =I27*0.1 -> 433.4
C31: Andamios metalicos por seccion | E31: dia | F31: 3000 | G31: 5 | H31: 30000
C32: EQUIPO DE PINTURA | E32: HORA | F32: 750 | G32: 10 | H32: =F32/G32 -> 75
H35: TOTAL HERRAMIENTA Y EQUIPO: | I35: =ROUND(SUM(H30:H34),0) -> 30508
B36: IV | C36: TRANSPORTE
C37: MATERIAL | E37: VOL (m3) | F37: DIST (Km) | G37: PESO/(m3/km) | H37: V/UNITARIO
H40: TOTAL TRANSPORTE: | I40: =SUM(H38:H39) -> 0
H42: TOTAL COSTO DIRECTO: | I42: =SUM(I21:I40) -> 72644
B43: V | C43: COSTOS INDIRECTOS
C44: DESCRIPCIÓN | E44: PORCENTAJE | G44: V/PARCIAL
C45: ADMINISTRACIÓN | E45: 0 | G45: =E45*I42 -> 0
C46: IMPREVISTOS | E46: 0 | G46: =E46*I42 -> 0
C47: UTILIDAD | E47: 0 | G47: =E47*I42 -> 0
H48: TOTAL COSTO INDIRECTO: | I48: =SUM(G45:G47) -> 0
H50: TOTAL PRECIO UNITARIO: | I50: =I48+I42 -> 72644
H51: TOTAL PRECIO UNITARIO AJUSTADO AL PESO: | I51: =ROUND(I50,0) -> 72644
C54: =+'4,1'!C51 -> ARQ. ANTONIO RUIZ TOVAR
C55: =+'4,1'!C52 -> PROFESIONAL ESPECIALIZADO

Sheet 7,3 
B2: DEPARTAMENTO DEL CAQUETÁ
B3: MUNICIPIO DE FLORENCIA
B4: =+'PRESUPUESTO GENERAL'!A4 -> PRESUPUESTO GENERAL
B5: SECRETARIA DE OBRAS PUBLICAS - SECOBRAS | E5: =+'7,2 '!E5:I5 -> ANALISIS DE PRECIOS UNITARIOS - CUBIERTA
B6: =+'4,1'!B6:I6 -> CONSTRUCCIÓN DE BATERIA SANITARIA PARA LA INSTITUCIÓN EDUCATIVA JORGE ELIECER GAITAN SEDE SIMON BOLIVAR DEL MUNICIPIO DE FLORENCIA, DEPARTAMENTO DEL CAQUETA.
B7: ITEM | C7: =+'PRESUPUESTO GENERAL'!B49 -> Canal en lámina Galvanizada Cal. 20 | H7: UNIDAD: | I7: =+'PRESUPUESTO GENERAL'!C48 -> ML
B8: =+'PRESUPUESTO GENERAL'!A49 -> 7.3
A10: SEC OBRAS | B10: I | C10: MATERIALES
C11: DESCRIPCIÓN | E11: UND | F11: CANT. | G11: V/UNITARIO | H11: V/PARCIAL
C12: canal en lamina cal.20 | E12: ML | F12: 1 | G12: =36800*1.1312 -> 41628.16 | H12: =F12*G12 -> 41628.16
C13: ganchos y amarras | E13: UND | F13: 2 | G13: =900*1.1312 -> 1018.08 | H13: =F13*G13 -> 2036.16
C20: DESPERDICIO | E20: % | F20: 0.03 | G20: =SUM(H11:H19) -> 43664.32 | H20: =ROUND(G20*F20,0) -> 1310
H21: TOTAL MATERIALES: | I21: =ROUND(SUM(H12:H20),0) -> 44974
B22: II | C22: MANO DE OBRA
C23: DESCRIPCIÓN | D23: JORNAL | E23: PREST. | F23: REND. | G23: J/TOTAL | H23: V/PARCIAL
C24: 1 AYUDANTE | D24: 38700 | E24: 0.85 | F24: 10 | G24: =ROUND(+D24*(1+E24),0) -> 71595 | H24: =+G24/F24 -> 7159.5
C25: 1 OFICIAL | D25: 66700 | E25: =+E24 -> 0.85 | F25: 10 | G25: =+D25*(1+E25) -> 123395 | H25: =+G25/F25 -> 12339.5
H26: =G26*F26*E26*D26 -> 0
H27: TOTAL MANO DE OBRA: | I27: =ROUND(SUM(H24:H26),0)+1 -> 19500
B28: III | C28: HERRAMIENTA Y EQUIPO
C29: DESCRIPCIÓN | E29: UND | F29: TARIFA | G29: R/MIENTO | H29: V/PARCIAL
C30: HERRAMIENTA MENOR | H30: =I27*0.1 -> 1950
C31: Andamios metalicos por seccion | E31: dia | F31: 3000 | G31: 5 | H31: 600
H35: TOTAL HERRAMIENTA Y EQUIPO: | I35: =ROUND(SUM(H30:H34),0) -> 2550
B36: IV | C36: TRANSPORTE
C37: MATERIAL | E37: VOL (m3) | F37: DIST (Km) | G37: PESO/(m3/km) | H37: V/UNITARIO
H40: TOTAL TRANSPORTE: | I40: =SUM(H38:H39) -> 0
H42: TOTAL COSTO DIRECTO: | I42: =SUM(I21:I40) -> 67024
B43: V | C43: COSTOS INDIRECTOS
C44: DESCRIPCIÓN | E44: PORCENTAJE | G44: V/PARCIAL
C45: ADMINISTRACIÓN | E45: 0 | G45: =E45*I42 -> 0
C46: IMPREVISTOS | E46: 0 | G46: =E46*I42 -> 0
C47: UTILIDAD | E47: 0 | G47: =E47*I42 -> 0
H48: TOTAL COSTO INDIRECTO: | I48: =SUM(G45:G47) -> 0
H50: TOTAL PRECIO UNITARIO: | I50: =I48+I42 -> 67024
H51: TOTAL PRECIO UNITARIO AJUSTADO AL PESO: | I51: =ROUND(I50,0) -> 67024
C54: =+'4,1'!C51 -> ARQ. ANTONIO RUIZ TOVAR
C55: =+'4,1'!C52 -> PROFESIONAL ESPECIALIZADO

Sheet 7,4 
B2: DEPARTAMENTO DEL CAQUETÁ
B3: MUNICIPIO DE FLORENCIA
B4: =+'PRESUPUESTO GENERAL'!A4 -> PRESUPUESTO GENERAL
B5: SECRETARIA DE OBRAS PUBLICAS - SECOBRAS | E5: =+'7,3 '!E5:I5 -> ANALISIS DE PRECIOS UNITARIOS - CUBIERTA
B6: =+'4,1'!B6:I6 -> CONSTRUCCIÓN DE BATERIA SANITARIA PARA LA INSTITUCIÓN EDUCATIVA JORGE ELIECER GAITAN SEDE SIMON BOLIVAR DEL MUNICIPIO DE FLORENCIA, DEPARTAMENTO DEL CAQUETA.
B7: ITEM | C7: =+'PRESUPUESTO GENERAL'!B50 -> Bajante de aguas lluvias 4" PVC A.LL | H7: UNIDAD: | I7: =+'PRESUPUESTO GENERAL'!C48 -> ML
B8: =+'PRESUPUESTO GENERAL'!A50 -> 7.4
A10: SEC OBRAS | B10: I | C10: MATERIALES
C11: DESCRIPCIÓN | E11: UND | F11: CANT. | G11: V/UNITARIO | H11: V/PARCIAL
C12: TUBERIA PVC A.L.L 4" | E12: ML | F12: 1 | G12: =22000*1.1312 -> 24886.4 | H12: =F12*G12 -> 24886.4
C13: ACCESORIOS PVCS DE 4" | E13: UND | F13: 0.3 | G13: =15000*1.1312 -> 16968 | H13: =F13*G13 -> 5090.4
C14: SOLDADURA PVC | E14: OCT | F14: 0.05 | G14: =28000*1.1312 -> 31673.6 | H14: =F14*G14 -> 1583.68
C20: DESPERDICIO | E20: % | F20: 0.03 | G20: =SUM(H11:H19) -> 31560.48 | H20: =ROUND(G20*F20,0) -> 947
H21: TOTAL MATERIALES: | I21: =ROUND(SUM(H12:H20),0) -> 32507
B22: II | C22: MANO DE OBRA
C23: DESCRIPCIÓN | D23: JORNAL | E23: PREST. | F23: REND. | G23: J/TOTAL | H23: V/PARCIAL
C24: 1 AYUDANTE | D24: 38700 | E24: 0.85 | F24: 50 | G24: =ROUND(+D24*(1+E24),0) -> 71595 | H24: =+G24/F24 -> 1431.9
C25: 1 OFICIAL | D25: 33700 | E25: =+E24 -> 0.85 | F25: 50 | G25: =+D25*(1+E25) -> 62345 | H25: =+G25/F25 -> 1246.9
H26: =G26*F26*E26*D26 -> 0
H27: TOTAL MANO DE OBRA: | I27: =ROUND(SUM(H24:H26),0)+1 -> 2680
B28: III | C28: HERRAMIENTA Y EQUIPO
C29: DESCRIPCIÓN | E29: UND | F29: TARIFA | G29: R/MIENTO | H29: V/PARCIAL
C30: HERRAMIENTA MENOR | H30: =I27*0.1 -> 268
C31: Andamios metalicos por seccion | E31: dia | F31: 3000 | G31: 5 | H31: 600
H35: TOTAL HERRAMIENTA Y EQUIPO: | I35: =ROUND(SUM(H30:H34),0) -> 868
B36: IV | C36: TRANSPORTE
C37: MATERIAL | E37: VOL (m3) | F37: DIST (Km) | G37: PESO/(m3/km) | H37: V/UNITARIO
H40: TOTAL TRANSPORTE: | I40: =SUM(H38:H39) -> 0
H42: TOTAL COSTO DIRECTO: | I42: =SUM(I21:I40) -> 36055
B43: V | C43: COSTOS INDIRECTOS
C44: DESCRIPCIÓN | E44: PORCENTAJE | G44: V/PARCIAL
C45: ADMINISTRACIÓN | E45: 0 | G45: =E45*I42 -> 0
C46: IMPREVISTOS | E46: 0 | G46: =E46*I42 -> 0
C47: UTILIDAD | E47: 0 | G47: =E47*I42 -> 0
H48: TOTAL COSTO INDIRECTO: | I48: =SUM(G45:G47) -> 0
H50: TOTAL PRECIO UNITARIO: | I50: =I48+I42 -> 36055
H51: TOTAL PRECIO UNITARIO AJUSTADO AL PESO: | I51: =ROUND(I50,0) -> 36055
C54: =+'4,1'!C51 -> ARQ. ANTONIO RUIZ TOVAR
C55: =+'4,1'!C52 -> PROFESIONAL ESPECIALIZADO

Sheet 8,1 
B2: DEPARTAMENTO DEL CAQUETÁ
B3: MUNICIPIO DE FLORENCIA
B4: =+'PRESUPUESTO GENERAL'!A4 -> PRESUPUESTO GENERAL
B5: SECRETARIA DE OBRAS PUBLICAS - SECOBRAS | E5: ANALISIS DE PRECIOS UNITARIOS - CARPINTERIA METALICA
B6: =+'4,1'!B6:I6 -> CONSTRUCCIÓN DE BATERIA SANITARIA PARA LA INSTITUCIÓN EDUCATIVA JORGE ELIECER GAITAN SEDE SIMON BOLIVAR DEL MUNICIPIO DE FLORENCIA, DEPARTAMENTO DEL CAQUETA.
B7: ITEM | C7: =+'PRESUPUESTO GENERAL'!B53 -> Puerta en lámina galvanizada calibre 20, con marco metálico chapa, anticorrosivo, pintura | H7: UNIDAD: | I7: M2
B8: =+'PRESUPUESTO GENERAL'!A53 -> 8.1
A10: SEC OBRAS | B10: I | C10: MATERIALES
C11: DESCRIPCIÓN | E11: UND | F11: CANT. | G11: V/UNITARIO | H11: V/PARCIAL
C12: Puerta met. Cal 20 ( según diseño) | E12: M2 | F12: 1 | G12: =230000*1.1312 -> 260176 | H12: =F12*G12 -> 260176
C13: Marco metalico | E13: ML | F13: 2 | G13: =18000*1.1312 -> 20361.6 | H13: =F13*G13 -> 40723.2
C14: Cerradura puerta | E14: M2 | F14: 1 | G14: =50000*1.1312 -> 56560 | H14: =F14*G14 -> 56560
C15: Pintura anticorrosiva | E15: GALON | F15: 0.05 | G15: =70000*1.1312 -> 79184 | H15: =F15*G15 -> 3959.2
C16: pintura en esmalte | E16: GALON | F16: 0.05 | G16: =70000*1.1312 -> 79184 | H16: =F16*G16 -> 3959.2
C17: disolvente | E17: GALON | F17: 0.05 | G17: =30000*1.1312 -> 33936 | H17: =F17*G17 -> 1696.8
C20: DESPERDICIO | E20: % | F20: 0.03 | G20: =SUM(H11:H19) -> 367074.4 | H20: =ROUND(G20*F20,0) -> 11012
H21: TOTAL MATERIALES: | I21: =ROUND(SUM(H12:H20),0) -> 378086
B22: II | C22: MANO DE OBRA
C23: DESCRIPCIÓN | D23: JORNAL | E23: PREST. | F23: REND. | G23: J/TOTAL | H23: V/PARCIAL
C24: 1 AYUDANTE | D24: 38700 | E24: 0.85 | F24: 25 | G24: =ROUND(+D24*(1+E24),0) -> 71595 | H24: =+G24/F24 -> 2863.8
C25: 1 OFICIAL | D25: 66700 | E25: =+E24 -> 0.85 | F25: 25 | G25: =+D25*(1+E25) -> 123395 | H25: =+G25/F25 -> 4935.8
H26: =G26*F26*E26*D26 -> 0
H27: TOTAL MANO DE OBRA: | I27: =ROUND(SUM(H24:H26),0)+1 -> 7801
B28: III | C28: HERRAMIENTA Y EQUIPO
C29: DESCRIPCIÓN | E29: UND | F29: TARIFA | G29: R/MIENTO | H29: V/PARCIAL
C30: HERRAMIENTA MENOR | H30: =I27*0.1 -> 780.1
H35: TOTAL HERRAMIENTA Y EQUIPO: | I35: =ROUND(SUM(H30:H34),0) -> 780
B36: IV | C36: TRANSPORTE
C37: MATERIAL | E37: VOL (m3) | F37: DIST (Km) | G37: PESO/(m3/km) | H37: V/UNITARIO
H40: TOTAL TRANSPORTE: | I40: =SUM(H38:H39) -> 0
H42: TOTAL COSTO DIRECTO: | I42: =SUM(I21:I40) -> 386667
B43: V | C43: COSTOS INDIRECTOS
C44: DESCRIPCIÓN | E44: PORCENTAJE | G44: V/PARCIAL
C45: ADMINISTRACIÓN | E45: 0 | G45: =E45*I42 -> 0
C46: IMPREVISTOS | E46: 0 | G46: =E46*I42 -> 0
C47: UTILIDAD | E47: 0 | G47: =E47*I42 -> 0
H48: TOTAL COSTO INDIRECTO: | I48: =SUM(G45:G47) -> 0
H50: TOTAL PRECIO UNITARIO: | I50: =I48+I42 -> 386667
H51: TOTAL PRECIO UNITARIO AJUSTADO AL PESO: | I51: =ROUND(I50,0) -> 386667
C54: =+'4,1'!C51 -> ARQ. ANTONIO RUIZ TOVAR
C55: =+'4,1'!C52 -> PROFESIONAL ESPECIALIZADO

Sheet 8,2 
B2: DEPARTAMENTO DEL CAQUETÁ
B3: MUNICIPIO DE FLORENCIA
B4: =+'PRESUPUESTO GENERAL'!A4 -> PRESUPUESTO GENERAL
B5: SECRETARIA DE OBRAS PUBLICAS - SECOBRAS | E5: =+'8,1 '!E5:I5 -> ANALISIS DE PRECIOS UNITARIOS - CARPINTERIA METALICA
B6: =+'4,1'!B6:I6 -> CONSTRUCCIÓN DE BATERIA SANITARIA PARA LA INSTITUCIÓN EDUCATIVA JORGE ELIECER GAITAN SEDE SIMON BOLIVAR DEL MUNICIPIO DE FLORENCIA, DEPARTAMENTO DEL CAQUETA.
B7: ITEM | C7: =+'PRESUPUESTO GENERAL'!B54 -> Persiana metalica en lamina galvanizada con anticorrosivo y pintura | H7: UNIDAD: | I7: =+'PRESUPUESTO GENERAL'!C54 -> M2
B8: =+'PRESUPUESTO GENERAL'!A54 -> 8.2
A10: SEC OBRAS | B10: I | C10: MATERIALES
C11: DESCRIPCIÓN | E11: UND | F11: CANT. | G11: V/UNITARIO | H11: V/PARCIAL
C12: Persina met. Cal 20 ( según diseño) | E12: M2 | F12: 1 | G12: 315000 | H12: =F12*G12 -> 315000
C13: Pintura anticorrosiva | E13: GALON | F13: 0.05 | G13: =+'8,1 '!G15 -> 79184 | H13: =F13*G13 -> 3959.2
C14: pintura en esmalte | E14: GALON | F14: 0.05 | G14: =+'8,1 '!G16 -> 79184 | H14: =F14*G14 -> 3959.2
C15: disolvente | E15: GALON | F15: 0.05 | G15: =+'8,1 '!G17 -> 33936 | H15: =F15*G15 -> 1696.8
C18: DESPERDICIO | E18: % | F18: 0.03 | G18: =SUM(H11:H17) -> 324615.2 | H18: =ROUND(G18*F18,0) -> 9738
H19: TOTAL MATERIALES: | I19: =ROUND(SUM(H12:H18),0) -> 334353
B20: II | C20: MANO DE OBRA
C21: DESCRIPCIÓN | D21: JORNAL | E21: PREST. | F21: REND. | G21: J/TOTAL | H21: V/PARCIAL
C22: 2 AYUDANTE | D22: =38700*2 -> 77400 | E22: 0.85 | F22: 3.5 | G22: =ROUND(+D22*(1+E22),0) -> 143190 | H22: =+G22/F22 -> 40911.429
C23: 1 OFICIAL | D23: 66700 | E23: =+E22 -> 0.85 | F23: 3.5 | G23: =+D23*(1+E23) -> 123395 | H23: =+G23/F23 -> 35255.714
H24: =G24*F24*E24*D24 -> 0
H25: TOTAL MANO DE OBRA: | I25: =ROUND(SUM(H22:H24),0)+1 -> 76168
B26: III | C26: HERRAMIENTA Y EQUIPO
C27: DESCRIPCIÓN | E27: UND | F27: TARIFA | G27: R/MIENTO | H27: V/PARCIAL
C28: HERRAMIENTA MENOR | H28: =I25*0.1 -> 7616.8
H33: TOTAL HERRAMIENTA Y EQUIPO: | I33: =ROUND(SUM(H28:H32),0) -> 7617
B34: IV | C34: TRANSPORTE
C35: MATERIAL | E35: VOL (m3) | F35: DIST (Km) | G35: PESO/(m3/km) | H35: V/UNITARIO
H38: TOTAL TRANSPORTE: | I38: =SUM(H36:H37) -> 0
H40: TOTAL COSTO DIRECTO: | I40: =SUM(I19:I38) -> 418138
B41: V | C41: COSTOS INDIRECTOS
C42: DESCRIPCIÓN | E42: PORCENTAJE | G42: V/PARCIAL
C43: ADMINISTRACIÓN | E43: 0 | G43: =E43*I40 -> 0
C44: IMPREVISTOS | E44: 0 | G44: =E44*I40 -> 0
C45: UTILIDAD | E45: 0 | G45: =E45*I40 -> 0
H46: TOTAL COSTO INDIRECTO: | I46: =SUM(G43:G45) -> 0
H48: TOTAL PRECIO UNITARIO: | I48: =I46+I40 -> 418138
H49: TOTAL PRECIO UNITARIO AJUSTADO AL PESO: | I49: =ROUND(I48,0) -> 418138
C52: =+'4,1'!C51 -> ARQ. ANTONIO RUIZ TOVAR
C53: =+'4,1'!C52 -> PROFESIONAL ESPECIALIZADO

Sheet 8,3 
B2: DEPARTAMENTO DEL CAQUETÁ
B3: MUNICIPIO DE FLORENCIA
B4: =+'PRESUPUESTO GENERAL'!A4 -> PRESUPUESTO GENERAL
B5: SECRETARIA DE OBRAS PUBLICAS - SECOBRAS | E5: =+'8,2 '!E5:I5 -> ANALISIS DE PRECIOS UNITARIOS - CARPINTERIA METALICA
B6: =+'4,1'!B6:I6 -> CONSTRUCCIÓN DE BATERIA SANITARIA PARA LA INSTITUCIÓN EDUCATIVA JORGE ELIECER GAITAN SEDE SIMON BOLIVAR DEL MUNICIPIO DE FLORENCIA, DEPARTAMENTO DEL CAQUETA.
B7: ITEM | C7: =+'PRESUPUESTO GENERAL'!B55 -> Luceta metalica en lamina galvanizada con anticorrosivo y pintura | H7: UNIDAD: | I7: =+'PRESUPUESTO GENERAL'!C54 -> M2
B8: =+'PRESUPUESTO GENERAL'!A55 -> 8.3
A10: SEC OBRAS | B10: I | C10: MATERIALES
C11: DESCRIPCIÓN | E11: UND | F11: CANT. | G11: V/UNITARIO | H11: V/PARCIAL
C12: Luceta met. Cal. 20 | E12: M2 | F12: 1 | G12: =230000*1.1312 -> 260176 | H12: =F12*G12 -> 260176
C13: Mortero basico | E13: M3 | F13: 0.01 | G13: =+'MRO 14 '!I47 -> 482899 | H13: =F13*G13 -> 4828.99
C14: Vidrio de 4mm | E14: M2 | F14: 1 | G14: 170000 | H14: =F14*G14 -> 170000
C18: DESPERDICIO | E18: % | F18: 0.1 | G18: =SUM(H11:H17) -> 435004.99 | H18: =ROUND(G18*F18,0) -> 43500
H19: TOTAL MATERIALES: | I19: =ROUND(SUM(H12:H18),0) -> 478505
B20: II | C20: MANO DE OBRA
C21: DESCRIPCIÓN | D21: JORNAL | E21: PREST. | F21: REND. | G21: J/TOTAL | H21: V/PARCIAL
C22: 2 AYUDANTE | D22: =38700*2 -> 77400 | E22: 0.85 | F22: 40 | G22: =ROUND(+D22*(1+E22),0) -> 143190 | H22: =+G22/F22 -> 3579.75
C23: 1 OFICIAL | D23: 66700 | E23: =+E22 -> 0.85 | F23: 40 | G23: =+D23*(1+E23) -> 123395 | H23: =+G23/F23 -> 3084.875
H24: =G24*F24*E24*D24 -> 0
H25: TOTAL MANO DE OBRA: | I25: =ROUND(SUM(H22:H24),0)+1 -> 6666
B26: III | C26: HERRAMIENTA Y EQUIPO
C27: DESCRIPCIÓN | E27: UND | F27: TARIFA | G27: R/MIENTO | H27: V/PARCIAL
C28: HERRAMIENTA MENOR | H28: 1680
H33: TOTAL HERRAMIENTA Y EQUIPO: | I33: =ROUND(SUM(H28:H32),0) -> 1680
B34: IV | C34: TRANSPORTE
C35: MATERIAL | E35: VOL (m3) | F35: DIST (Km) | G35: PESO/(m3/km) | H35: V/UNITARIO
H38: TOTAL TRANSPORTE: | I38: =SUM(H36:H37) -> 0
H40: TOTAL COSTO DIRECTO: | I40: =SUM(I19:I38) -> 486851
B41: V | C41: COSTOS INDIRECTOS
C42: DESCRIPCIÓN | E42: PORCENTAJE | G42: V/PARCIAL
C43: ADMINISTRACIÓN | E43: 0 | G43: =E43*I40 -> 0
C44: IMPREVISTOS | E44: 0 | G44: =E44*I40 -> 0
C45: UTILIDAD | E45: 0 | G45: =E45*I40 -> 0
H46: TOTAL COSTO INDIRECTO: | I46: =SUM(G43:G45) -> 0
H48: TOTAL PRECIO UNITARIO: | I48: =I46+I40 -> 486851
H49: TOTAL PRECIO UNITARIO AJUSTADO AL PESO: | I49: =ROUND(I48,0) -> 486851
C52: =+'4,1'!C51 -> ARQ. ANTONIO RUIZ TOVAR
C53: =+'4,1'!C52 -> PROFESIONAL ESPECIALIZADO

Sheet 8,4 
B2: DEPARTAMENTO DEL CAQUETÁ
B3: MUNICIPIO DE FLORENCIA
B4: =+'PRESUPUESTO GENERAL'!A4 -> PRESUPUESTO GENERAL
B5: SECRETARIA DE OBRAS PUBLICAS - SECOBRAS | E5: =+'8,3 '!E5:I5 -> ANALISIS DE PRECIOS UNITARIOS - CARPINTERIA METALICA
B6: =+'4,1'!B6:I6 -> CONSTRUCCIÓN DE BATERIA SANITARIA PARA LA INSTITUCIÓN EDUCATIVA JORGE ELIECER GAITAN SEDE SIMON BOLIVAR DEL MUNICIPIO DE FLORENCIA, DEPARTAMENTO DEL CAQUETA.
B7: ITEM | C7: =+'PRESUPUESTO GENERAL'!B56 -> Suministro e instalacion de divisiones para orinales en acero inoxidable satinado | H7: UNIDAD: | I7: =+'PRESUPUESTO GENERAL'!C56 -> UND
B8: =+'PRESUPUESTO GENERAL'!A56 -> 8.4
A10: SEC OBRAS | B10: I | C10: MATERIALES
C11: DESCRIPCIÓN | E11: UND | F11: CANT. | G11: V/UNITARIO | H11: V/PARCIAL
C12: Suministro e instalacion de divisiones orinales (acero inoxidable) | E12: UND | F12: 1 | G12: 560000 | H12: =ROUND(F12*G12,0) -> 560000
C18: DESPERDICIO | E18: % | F18: 0 | G18: =SUM(H11:H17) -> 560000 | H18: =ROUND(G18*F18,0) -> 0
H19: TOTAL MATERIALES: | I19: =ROUND(SUM(H12:H18),0) -> 560000
B20: II | C20: MANO DE OBRA
C21: DESCRIPCIÓN | D21: JORNAL | E21: PREST. | F21: REND. | G21: J/TOTAL | H21: V/PARCIAL
C22: 2 AYUDANTE | D22: =38700*2 -> 77400 | E22: 0.85 | F22: 10 | G22: =ROUND(+D22*(1+E22),0) -> 143190 | H22: =+G22/F22 -> 14319
H24: =G24*F24*E24*D24 -> 0
H25: TOTAL MANO DE OBRA: | I25: =ROUND(SUM(H22:H24),0)+1 -> 14320
B26: III | C26: HERRAMIENTA Y EQUIPO
C27: DESCRIPCIÓN | E27: UND | F27: TARIFA | G27: R/MIENTO | H27: V/PARCIAL
C28: HERRAMIENTA MENOR | H28: 1680
H33: TOTAL HERRAMIENTA Y EQUIPO: | I33: =ROUND(SUM(H28:H32),0) -> 1680
B34: IV | C34: TRANSPORTE
C35: MATERIAL | E35: VOL (m3) | F35: DIST (Km) | G35: PESO/(m3/km) | H35: V/UNITARIO
H38: TOTAL TRANSPORTE: | I38: =SUM(H36:H37) -> 0
H40: TOTAL COSTO DIRECTO: | I40: =SUM(I19:I38) -> 576000
B41: V | C41: COSTOS INDIRECTOS
C42: DESCRIPCIÓN | E42: PORCENTAJE | G42: V/PARCIAL
C43: ADMINISTRACIÓN | E43: 0 | G43: =E43*I40 -> 0
C44: IMPREVISTOS | E44: 0 | G44: =E44*I40 -> 0
C45: UTILIDAD | E45: 0 | G45: =E45*I40 -> 0
H46: TOTAL COSTO INDIRECTO: | I46: =SUM(G43:G45) -> 0
H48: TOTAL PRECIO UNITARIO: | I48: =I46+I40 -> 576000
H49: TOTAL PRECIO UNITARIO AJUSTADO AL PESO: | I49: =ROUND(I48,0) -> 576000
C52: =+'4,1'!C51 -> ARQ. ANTONIO RUIZ TOVAR
C53: =+'4,1'!C52 -> PROFESIONAL ESPECIALIZADO

Sheet 8,5 
B2: DEPARTAMENTO DEL CAQUETÁ
B3: MUNICIPIO DE FLORENCIA
B4: =+'PRESUPUESTO GENERAL'!A4 -> PRESUPUESTO GENERAL
B5: SECRETARIA DE OBRAS PUBLICAS - SECOBRAS | E5: =+'8,4 '!E5:I5 -> ANALISIS DE PRECIOS UNITARIOS - CARPINTERIA METALICA
B6: =+'4,1'!B6:I6 -> CONSTRUCCIÓN DE BATERIA SANITARIA PARA LA INSTITUCIÓN EDUCATIVA JORGE ELIECER GAITAN SEDE SIMON BOLIVAR DEL MUNICIPIO DE FLORENCIA, DEPARTAMENTO DEL CAQUETA.
B7: ITEM | C7: =+'PRESUPUESTO GENERAL'!B57 -> Baranda exterior en tuberia metalica, pagada en ml | H7: UNIDAD: | I7: ML
B8: =+'PRESUPUESTO GENERAL'!A57 -> 8.5
A10: SEC OBRAS | B10: I | C10: MATERIALES
C11: DESCRIPCIÓN | E11: UND | F11: CANT. | G11: V/UNITARIO | H11: V/PARCIAL
C12: =+'CTO D '!C7 -> CONCRETO BASICO CLASE D | E12: M3 | F12: 0.02 | G12: =+'CTO D '!I48 -> 462051 | H12: =F12*G12 -> 9241.02
C13: Tuberia en H.G 2" | E13: ML | F13: 2.5 | G13: 25166.67 | H13: =F13*G13 -> 62916.675
C14: Lamina HR e= 6mm 1.0*2.0m | E14: UND | F14: 0.06 | G14: =295568*1.1312 -> 334346.52 | H14: =F14*G14 -> 20060.791
C18: DESPERDICIO | E18: % | F18: 0.05 | G18: =SUM(H11:H17) -> 92218.486 | H18: =ROUND(G18*F18,0) -> 4611
H19: TOTAL MATERIALES: | I19: =ROUND(SUM(H12:H18),0) -> 96829
B20: II | C20: MANO DE OBRA
C21: DESCRIPCIÓN | D21: JORNAL | E21: PREST. | F21: REND. | G21: J/TOTAL | H21: V/PARCIAL
C22: 2 AYUDANTE | D22: =38700*2 -> 77400 | E22: 0.85 | F22: 3 | G22: =ROUND(+D22*(1+E22),0) -> 143190 | H22: =+G22/F22 -> 47730
C23: 1 OFICIAL | D23: 66700 | E23: =+E22 -> 0.85 | F23: 3 | G23: =+D23*(1+E23) -> 123395 | H23: =+G23/F23 -> 41131.667
H24: =G24*F24*E24*D24 -> 0
H25: TOTAL MANO DE OBRA: | I25: =ROUND(SUM(H22:H24),0)+1 -> 88863
B26: III | C26: HERRAMIENTA Y EQUIPO
C27: DESCRIPCIÓN | E27: UND | F27: TARIFA | G27: R/MIENTO | H27: V/PARCIAL
C28: HERRAMIENTA MENOR | H28: 1680
H32: TOTAL HERRAMIENTA Y EQUIPO: | I32: =ROUND(SUM(H28:H31),0) -> 1680
B33: IV | C33: TRANSPORTE
C34: MATERIAL | E34: VOL (m3) | F34: DIST (Km) | G34: PESO/(m3/km) | H34: V/UNITARIO
H37: TOTAL TRANSPORTE: | I37: =SUM(H35:H36) -> 0
H39: TOTAL COSTO DIRECTO: | I39: =SUM(I19:I37) -> 187372
B40: V | C40: COSTOS INDIRECTOS
C41: DESCRIPCIÓN | E41: PORCENTAJE | G41: V/PARCIAL
C42: ADMINISTRACIÓN | E42: 0 | G42: =E42*I39 -> 0
C43: IMPREVISTOS | E43: 0 | G43: =E43*I39 -> 0
C44: UTILIDAD | E44: 0 | G44: =E44*I39 -> 0
H45: TOTAL COSTO INDIRECTO: | I45: =SUM(G42:G44) -> 0
H47: TOTAL PRECIO UNITARIO: | I47: =I45+I39 -> 187372
H48: TOTAL PRECIO UNITARIO AJUSTADO AL PESO: | I48: =ROUND(I47,0) -> 187372
C51: =+'4,1'!C51 -> ARQ. ANTONIO RUIZ TOVAR
C52: =+'4,1'!C52 -> PROFESIONAL ESPECIALIZADO

Sheet 9,1
B2: DEPARTAMENTO DEL CAQUETÁ
B3: MUNICIPIO DE FLORENCIA
B4: =+'PRESUPUESTO GENERAL'!A4 -> PRESUPUESTO GENERAL
B5: SECRETARIA DE OBRAS PUBLICAS - SECOBRAS | E5: ANALISIS DE PRECIOS UNITARIOS - REDES HIDRUALICAS
B6: =+'4,1'!B6:I6 -> CONSTRUCCIÓN DE BATERIA SANITARIA PARA LA INSTITUCIÓN EDUCATIVA JORGE ELIECER GAITAN SEDE SIMON BOLIVAR DEL MUNICIPIO DE FLORENCIA, DEPARTAMENTO DEL CAQUETA.
B7: ITEM | C7: =+'PRESUPUESTO GENERAL'!B60 -> Red de tubería PVCP de 1/2" | H7: UNIDAD: | I7: ML
B8: =+'PRESUPUESTO GENERAL'!A60 -> 9.1
A10: SEC OBRAS | B10: I | C10: MATERIALES
C11: DESCRIPCIÓN | E11: UND | F11: CANT. | G11: V/UNITARIO | H11: V/PARCIAL
C12: TUBERÍA PVCP Ø 1/2" RDE-9 | E12: M | F12: 1 | G12: =4732*1.1312 -> 5352.8384 | H12: =+F12*G12 -> 5352.8384
C13: ACCESORIOS PVCP 1/2 " | E13: UND | F13: 0.33 | G13: =798*1.1312 -> 902.6976 | H13: =+F13*G13 -> 297.89021
C14: LIMPIADOR PVC | E14: OCT | F14: 0.005 | G14: =32558*1.1312 -> 36829.61 | H14: =+F14*G14 -> 184.14805
C15: SOLDADURA PVC | E15: OCT | F15: 0.01 | G15: =64206*1.1312 -> 72629.827 | H15: =+F15*G15 -> 726.29827
C18: DESPERDICIO | E18: % | F18: 0.05 | G18: =SUM(H11:H17) -> 6561.1749 | H18: =ROUND(G18*F18,0) -> 328
H19: TOTAL MATERIALES: | I19: =ROUND(SUM(H12:H18),0) -> 6889
B20: II | C20: MANO DE OBRA
C21: DESCRIPCIÓN | D21: JORNAL | E21: PREST. | F21: REND. | G21: J/TOTAL | H21: V/PARCIAL
C22: 1 AYUDANTE | D22: 38700 | E22: 0.85 | F22: 60 | G22: =ROUND(+D22*(1+E22),0) -> 71595 | H22: =+G22/F22 -> 1193.25
C23: 1 OFICIAL | D23: 66700 | E23: =+E22 -> 0.85 | F23: 60 | G23: =+D23*(1+E23) -> 123395 | H23: =+G23/F23 -> 2056.5833
H24: =G24*F24*E24*D24 -> 0
H25: TOTAL MANO DE OBRA: | I25: =ROUND(SUM(H22:H24),0)+1 -> 3251
B26: III | C26: HERRAMIENTA Y EQUIPO
C27: DESCRIPCIÓN | E27: UND | F27: TARIFA | G27: R/MIENTO | H27: V/PARCIAL
C28: HERRAMIENTA MENOR | H28: =I25*0.1 -> 325.1
H32: TOTAL HERRAMIENTA Y EQUIPO: | I32: =ROUND(SUM(H28:H31),0) -> 325
B33: IV | C33: TRANSPORTE
C34: MATERIAL | E34: VOL (m3) | F34: DIST (Km) | G34: PESO/(m3/km) | H34: V/UNITARIO
H37: TOTAL TRANSPORTE: | I37: =SUM(H35:H36) -> 0
H39: TOTAL COSTO DIRECTO: | I39: =SUM(I19:I37) -> 10465
B40: V | C40: COSTOS INDIRECTOS
C41: DESCRIPCIÓN | E41: PORCENTAJE | G41: V/PARCIAL
C42: ADMINISTRACIÓN | E42: 0 | G42: =E42*I39 -> 0
C43: IMPREVISTOS | E43: 0 | G43: =E43*I39 -> 0
C44: UTILIDAD | E44: 0 | G44: =E44*I39 -> 0
H45: TOTAL COSTO INDIRECTO: | I45: =SUM(G42:G44) -> 0
H47: TOTAL PRECIO UNITARIO: | I47: =I45+I39 -> 10465
H48: TOTAL PRECIO UNITARIO AJUSTADO AL PESO: | I48: =ROUND(I47,0) -> 10465
C51: =+'4,1'!C51 -> ARQ. ANTONIO RUIZ TOVAR
C52: =+'4,1'!C52 -> PROFESIONAL ESPECIALIZADO

Sheet 9,2 
B2: DEPARTAMENTO DEL CAQUETÁ
B3: MUNICIPIO DE FLORENCIA
B4: =+'PRESUPUESTO GENERAL'!A4 -> PRESUPUESTO GENERAL
B5: SECRETARIA DE OBRAS PUBLICAS - SECOBRAS | E5: =+'9,1'!E5:I5 -> ANALISIS DE PRECIOS UNITARIOS - REDES HIDRUALICAS
B6: =+'4,1'!B6:I6 -> CONSTRUCCIÓN DE BATERIA SANITARIA PARA LA INSTITUCIÓN EDUCATIVA JORGE ELIECER GAITAN SEDE SIMON BOLIVAR DEL MUNICIPIO DE FLORENCIA, DEPARTAMENTO DEL CAQUETA.
B7: ITEM | C7: =+'PRESUPUESTO GENERAL'!B61 -> Puntos hidráulicos de 1/2" | H7: UNIDAD: | I7: UND
B8: 9.2
A10: SEC OBRAS | B10: I | C10: MATERIALES
C11: DESCRIPCIÓN | E11: UND | F11: CANT. | G11: V/UNITARIO | H11: V/PARCIAL
C12: TUBERÍA PVCP Ø 1/2" RDE-9 | E12: M | F12: 1 | G12: =4732*1.1314 -> 5353.7848 | H12: =+F12*G12 -> 5353.7848
C13: ACCESORIOS PVCP 1/2" | E13: UND | F13: 4 | G13: =798*1.1312 -> 902.6976 | H13: =+F13*G13 -> 3610.7904
C14: LIMPIADOR PVC 12 oz | E14: OZ | F14: 0.05 | G14: =32558*1.1312 -> 36829.61 | H14: =+F14*G14 -> 1841.4805
C15: SOLDADURA PVC | E15: OCT | F15: 0.05 | G15: =64206*1.1312 -> 72629.827 | H15: =+F15*G15 -> 3631.4914
C18: DESPERDICIO | E18: % | F18: 0.1 | G18: =SUM(H11:H17) -> 14437.547 | H18: =ROUND(G18*F18,0) -> 1444
H19: TOTAL MATERIALES: | I19: =ROUND(SUM(H12:H18),0) -> 15882
B20: II | C20: MANO DE OBRA
C21: DESCRIPCIÓN | D21: JORNAL | E21: PREST. | F21: REND. | G21: J/TOTAL | H21: V/PARCIAL
C22: 2 AYUDANTE | D22: =38700*2 -> 77400 | E22: 0.85 | F22: 20 | G22: =ROUND(+D22*(1+E22),0) -> 143190 | H22: =+G22/F22 -> 7159.5
C23: 1 OFICIAL | D23: 66700 | E23: =+E22 -> 0.85 | F23: 20 | G23: =+D23*(1+E23) -> 123395 | H23: =+G23/F23 -> 6169.75
H24: =G24*F24*E24*D24 -> 0
H25: TOTAL MANO DE OBRA: | I25: =ROUND(SUM(H22:H24),0)+1 -> 13330
B26: III | C26: HERRAMIENTA Y EQUIPO
C27: DESCRIPCIÓN | E27: UND | F27: TARIFA | G27: R/MIENTO | H27: V/PARCIAL
C28: HERRAMIENTA MENOR | H28: =I25*0.1 -> 1333
H32: TOTAL HERRAMIENTA Y EQUIPO: | I32: =ROUND(SUM(H28:H31),0) -> 1333
B33: IV | C33: TRANSPORTE
C34: MATERIAL | E34: VOL (m3) | F34: DIST (Km) | G34: PESO/(m3/km) | H34: V/UNITARIO
H37: TOTAL TRANSPORTE: | I37: =SUM(H35:H36) -> 0
H39: TOTAL COSTO DIRECTO: | I39: =SUM(I19:I37) -> 30545
B40: V | C40: COSTOS INDIRECTOS
C41: DESCRIPCIÓN | E41: PORCENTAJE | G41: V/PARCIAL
C42: ADMINISTRACIÓN | E42: 0 | G42: =E42*I39 -> 0
C43: IMPREVISTOS | E43: 0 | G43: =E43*I39 -> 0
C44: UTILIDAD | E44: 0 | G44: =E44*I39 -> 0
H45: TOTAL COSTO INDIRECTO: | I45: =SUM(G42:G44) -> 0
H47: TOTAL PRECIO UNITARIO: | I47: =I45+I39 -> 30545
H48: TOTAL PRECIO UNITARIO AJUSTADO AL PESO: | I48: =ROUND(I47,0) -> 30545
C51: =+'4,1'!C51 -> ARQ. ANTONIO RUIZ TOVAR
C52: =+'4,1'!C52 -> PROFESIONAL ESPECIALIZADO

Sheet 9,3
B2: DEPARTAMENTO DEL CAQUETÁ
B3: MUNICIPIO DE FLORENCIA
B4: =+'PRESUPUESTO GENERAL'!A4 -> PRESUPUESTO GENERAL
B5: SECRETARIA DE OBRAS PUBLICAS - SECOBRAS | E5: =+'9,2 '!E5:I5 -> ANALISIS DE PRECIOS UNITARIOS - REDES HIDRUALICAS
B6: =+'4,1'!B6:I6 -> CONSTRUCCIÓN DE BATERIA SANITARIA PARA LA INSTITUCIÓN EDUCATIVA JORGE ELIECER GAITAN SEDE SIMON BOLIVAR DEL MUNICIPIO DE FLORENCIA, DEPARTAMENTO DEL CAQUETA.
B7: ITEM | C7: =+'PRESUPUESTO GENERAL'!B62 -> Registro de bola de 1/2" | H7: UNIDAD: | I7: UND
B8: 9.3
A10: SEC OBRAS | B10: I | C10: MATERIALES
C11: DESCRIPCIÓN | E11: UND | F11: CANT. | G11: V/UNITARIO | H11: V/PARCIAL
C12: REGISTRO DE BOLA DE 1/2" | E12: UND | F12: 1 | G12: =24870*1.1312 -> 28132.944 | H12: =+F12*G12 -> 28132.944
C13: ACCESORIOS PVCP1/2" | E13: UND | F13: 3 | G13: =798*1.1312 -> 902.6976 | H13: =+F13*G13 -> 2708.0928
C14: CINTA TEFLON PAVCO | E14: ROLLO | F14: 0.2 | G14: =2500*1.1312 -> 2828 | H14: =+F14*G14 -> 565.6
C15: LIMPIADOR PVC 12 OZ | E15: OZ | F15: 0.1 | G15: =32558*1.1312 -> 36829.61 | H15: =+F15*G15 -> 3682.961
C16: SOLDADURA | E16: OCT | F16: 0.1 | G16: =64206*1.1312 -> 72629.827 | H16: =+F16*G16 -> 7262.9827
C18: DESPERDICIO | E18: % | F18: 0 | G18: =SUM(H11:H17) -> 42352.58 | H18: =ROUND(G18*F18,0) -> 0
H19: TOTAL MATERIALES: | I19: =ROUND(SUM(H12:H18),0) -> 42353
B20: II | C20: MANO DE OBRA
C21: DESCRIPCIÓN | D21: JORNAL | E21: PREST. | F21: REND. | G21: J/TOTAL | H21: V/PARCIAL
C22: 1 AYUDANTE | D22: 38700 | E22: 0.85 | F22: 10 | G22: =ROUND(+D22*(1+E22),0) -> 71595 | H22: =+G22/F22 -> 7159.5
C23: 1 OFICIAL | D23: 66700 | E23: =+E22 -> 0.85 | F23: 10 | G23: =+D23*(1+E23) -> 123395 | H23: =+G23/F23 -> 12339.5
H24: =G24*F24*E24*D24 -> 0
H25: TOTAL MANO DE OBRA: | I25: =ROUND(SUM(H22:H24),0)+1 -> 19500
B26: III | C26: HERRAMIENTA Y EQUIPO
C27: DESCRIPCIÓN | E27: UND | F27: TARIFA | G27: R/MIENTO | H27: V/PARCIAL
C28: HERRAMIENTA MENOR | H28: 1680
H32: TOTAL HERRAMIENTA Y EQUIPO: | I32: =ROUND(SUM(H28:H31),0) -> 1680
B33: IV | C33: TRANSPORTE
C34: MATERIAL | E34: VOL (m3) | F34: DIST (Km) | G34: PESO/(m3/km) | H34: V/UNITARIO
H37: TOTAL TRANSPORTE: | I37: =SUM(H35:H36) -> 0
H39: TOTAL COSTO DIRECTO: | I39: =SUM(I19:I37) -> 63533
B40: V | C40: COSTOS INDIRECTOS
C41: DESCRIPCIÓN | E41: PORCENTAJE | G41: V/PARCIAL
C42: ADMINISTRACIÓN | E42: 0 | G42: =E42*I39 -> 0
C43: IMPREVISTOS | E43: 0 | G43: =E43*I39 -> 0
C44: UTILIDAD | E44: 0 | G44: =E44*I39 -> 0
H45: TOTAL COSTO INDIRECTO: | I45: =SUM(G42:G44) -> 0
H47: TOTAL PRECIO UNITARIO: | I47: =I45+I39 -> 63533
H48: TOTAL PRECIO UNITARIO AJUSTADO AL PESO: | I48: =ROUND(I47,0) -> 63533
C51: =+'4,1'!C51 -> ARQ. ANTONIO RUIZ TOVAR
C52: =+'4,1'!C52 -> PROFESIONAL ESPECIALIZADO

Sheet 9,4
B2: DEPARTAMENTO DEL CAQUETÁ
B3: MUNICIPIO DE FLORENCIA
B4: =+'PRESUPUESTO GENERAL'!A4 -> PRESUPUESTO GENERAL
B5: SECRETARIA DE OBRAS PUBLICAS - SECOBRAS | E5: =+'9,3'!E5:I5 -> ANALISIS DE PRECIOS UNITARIOS - REDES HIDRUALICAS
B6: =+'4,1'!B6:I6 -> CONSTRUCCIÓN DE BATERIA SANITARIA PARA LA INSTITUCIÓN EDUCATIVA JORGE ELIECER GAITAN SEDE SIMON BOLIVAR DEL MUNICIPIO DE FLORENCIA, DEPARTAMENTO DEL CAQUETA.
B7: ITEM | C7: =+'PRESUPUESTO GENERAL'!B63 -> Llave terminal de 1/2" | H7: UNIDAD: | I7: UND
B8: 9.4
A10: SEC OBRAS | B10: I | C10: MATERIALES
C11: DESCRIPCIÓN | E11: UND | F11: CANT. | G11: V/UNITARIO | H11: V/PARCIAL
C12: TUBERIA PVCP DE 1/2" | E12: M | F12: 1 | G12: ='9,2 '!G12 -> 5353.7848 | H12: =+F12*G12 -> 5353.7848
C13: ACCESORIOS PVCS DE 1/2" | E13: UND | F13: 1 | G13: =+'9,3'!G13 -> 902.6976 | H13: =+F13*G13 -> 902.6976
C14: SOLDADURA PVC | E14: OCT | F14: 0.01 | G14: =+'9,3'!G16 -> 72629.827 | H14: =+F14*G14 -> 726.29827
C15: LLAVE TERMINAL DE 1/2" | E15: UND | F15: 1 | G15: 25000 | H15: =+F15*G15 -> 25000
C18: DESPERDICIO | E18: % | F18: 0.05 | G18: =SUM(H11:H17) -> 31982.781 | H18: =ROUND(G18*F18,0) -> 1599
H19: TOTAL MATERIALES: | I19: =ROUND(SUM(H12:H18),0) -> 33582
B20: II | C20: MANO DE OBRA
C21: DESCRIPCIÓN | D21: JORNAL | E21: PREST. | F21: REND. | G21: J/TOTAL | H21: V/PARCIAL
C22: 1 AYUDANTE | D22: 38700 | E22: 0.85 | F22: 50 | G22: =ROUND(+D22*(1+E22),0) -> 71595 | H22: =+G22/F22 -> 1431.9
C23: 1 OFICIAL | D23: 66700 | E23: =+E22 -> 0.85 | F23: 50 | G23: =+D23*(1+E23) -> 123395 | H23: =+G23/F23 -> 2467.9
H24: =G24*F24*E24*D24 -> 0
H25: TOTAL MANO DE OBRA: | I25: =ROUND(SUM(H22:H24),0)+1 -> 3901
B26: III | C26: HERRAMIENTA Y EQUIPO
C27: DESCRIPCIÓN | E27: UND | F27: TARIFA | G27: R/MIENTO | H27: V/PARCIAL
C28: HERRAMIENTA MENOR | H28: =I25*0.1 -> 390.1
H32: TOTAL HERRAMIENTA Y EQUIPO: | I32: =ROUND(SUM(H28:H31),0) -> 390
B33: IV | C33: TRANSPORTE
C34: MATERIAL | E34: VOL (m3) | F34: DIST (Km) | G34: PESO/(m3/km) | H34: V/UNITARIO
H37: TOTAL TRANSPORTE: | I37: =SUM(H35:H36) -> 0
H39: TOTAL COSTO DIRECTO: | I39: =SUM(I19:I37) -> 37873
B40: V | C40: COSTOS INDIRECTOS
C41: DESCRIPCIÓN | E41: PORCENTAJE | G41: V/PARCIAL
C42: ADMINISTRACIÓN | E42: 0 | G42: =E42*I39 -> 0
C43: IMPREVISTOS | E43: 0 | G43: =E43*I39 -> 0
C44: UTILIDAD | E44: 0 | G44: =E44*I39 -> 0
H45: TOTAL COSTO INDIRECTO: | I45: =SUM(G42:G44) -> 0
H47: TOTAL PRECIO UNITARIO: | I47: =I45+I39 -> 37873
H48: TOTAL PRECIO UNITARIO AJUSTADO AL PESO: | I48: =ROUND(I47,0) -> 37873
C51: =+'4,1'!C51 -> ARQ. ANTONIO RUIZ TOVAR
C52: =+'4,1'!C52 -> PROFESIONAL ESPECIALIZADO

Sheet 10,1
B2: DEPARTAMENTO DEL CAQUETÁ
B3: MUNICIPIO DE FLORENCIA
B4: =+'PRESUPUESTO GENERAL'!A4 -> PRESUPUESTO GENERAL
B5: SECRETARIA DE OBRAS PUBLICAS - SECOBRAS | E5: ANALISIS DE PRECIOS UNITARIOS - REDES SANITARIAS
B6: =+'4,1'!B6:I6 -> CONSTRUCCIÓN DE BATERIA SANITARIA PARA LA INSTITUCIÓN EDUCATIVA JORGE ELIECER GAITAN SEDE SIMON BOLIVAR DEL MUNICIPIO DE FLORENCIA, DEPARTAMENTO DEL CAQUETA.
B7: ITEM | C7: =+'PRESUPUESTO GENERAL'!B66 -> Red de PVCS 4" | H7: UNIDAD: | I7: ML
B8: 10.1
A10: SEC OBRAS | B10: I | C10: MATERIALES
C11: DESCRIPCIÓN | E11: UND | F11: CANT. | G11: V/UNITARIO | H11: V/PARCIAL
C12: TUBERIA PVCS DE 4" | E12: M | F12: 1 | G12: =166092/6*1.1312 -> 31313.878 | H12: =+F12*G12 -> 31313.878
C13: ACCESORIOS PVCS DE 4" | E13: UND | F13: 0.2 | G13: =18700*1.1312 -> 21153.44 | H13: =+F13*G13 -> 4230.688
C14: SOLDADURA PVC | E14: OCT | F14: 0.021 | G14: =64206*1.1312 -> 72629.827 | H14: =+F14*G14 -> 1525.2264
C15: LIMPIADOR PVC 12 OZ | E15: OZ | F15: 0.021 | G15: =32558*1.1312 -> 36829.61 | H15: =+F15*G15 -> 773.4218
C18: DESPERDICIO | E18: % | F18: 0.05 | G18: =SUM(H11:H17) -> 37843.215 | H18: =ROUND(G18*F18,0) -> 1892
H19: TOTAL MATERIALES: | I19: =ROUND(SUM(H12:H18),0) -> 39735
B20: II | C20: MANO DE OBRA
C21: DESCRIPCIÓN | D21: JORNAL | E21: PREST. | F21: REND. | G21: J/TOTAL | H21: V/PARCIAL
C22: 1 AYUDANTE | D22: 38700 | E22: 0.85 | F22: 40 | G22: =ROUND(+D22*(1+E22),0) -> 71595 | H22: =+G22/F22 -> 1789.875
C23: 1 OFICIAL | D23: 66700 | E23: =+E22 -> 0.85 | F23: 40 | G23: =+D23*(1+E23) -> 123395 | H23: =+G23/F23 -> 3084.875
H24: =G24*F24*E24*D24 -> 0
H25: TOTAL MANO DE OBRA: | I25: =ROUND(SUM(H22:H24),0)+1 -> 4876
B26: III | C26: HERRAMIENTA Y EQUIPO
C27: DESCRIPCIÓN | E27: UND | F27: TARIFA | G27: R/MIENTO | H27: V/PARCIAL
C28: HERRAMIENTA MENOR | H28: 1680
H32: TOTAL HERRAMIENTA Y EQUIPO: | I32: =ROUND(SUM(H28:H31),0) -> 1680
B33: IV | C33: TRANSPORTE
C34: MATERIAL | E34: VOL (m3) | F34: DIST (Km) | G34: PESO/(m3/km) | H34: V/UNITARIO
H37: TOTAL TRANSPORTE: | I37: =SUM(H35:H36) -> 0
H39: TOTAL COSTO DIRECTO: | I39: =SUM(I19:I37) -> 46291
B40: V | C40: COSTOS INDIRECTOS
C41: DESCRIPCIÓN | E41: PORCENTAJE | G41: V/PARCIAL
C42: ADMINISTRACIÓN | E42: 0 | G42: =E42*I39 -> 0
C43: IMPREVISTOS | E43: 0 | G43: =E43*I39 -> 0
C44: UTILIDAD | E44: 0 | G44: =E44*I39 -> 0
H45: TOTAL COSTO INDIRECTO: | I45: =SUM(G42:G44) -> 0
H47: TOTAL PRECIO UNITARIO: | I47: =I45+I39 -> 46291
H48: TOTAL PRECIO UNITARIO AJUSTADO AL PESO: | I48: =ROUND(I47,0) -> 46291
C51: =+'4,1'!C51 -> ARQ. ANTONIO RUIZ TOVAR
C52: =+'4,1'!C52 -> PROFESIONAL ESPECIALIZADO

Sheet 10,2
B2: DEPARTAMENTO DEL CAQUETÁ
B3: MUNICIPIO DE FLORENCIA
B4: =+'PRESUPUESTO GENERAL'!A4 -> PRESUPUESTO GENERAL
B5: SECRETARIA DE OBRAS PUBLICAS - SECOBRAS | E5: =+'10,1'!E5:I5 -> ANALISIS DE PRECIOS UNITARIOS - REDES SANITARIAS
B6: =+'4,1'!B6:I6 -> CONSTRUCCIÓN DE BATERIA SANITARIA PARA LA INSTITUCIÓN EDUCATIVA JORGE ELIECER GAITAN SEDE SIMON BOLIVAR DEL MUNICIPIO DE FLORENCIA, DEPARTAMENTO DEL CAQUETA.
B7: ITEM | C7: =+'PRESUPUESTO GENERAL'!B67 -> Red de PVCS 2" | H7: UNIDAD: | I7: ML
B8: 10.2
A10: SEC OBRAS | B10: I | C10: MATERIALES
C11: DESCRIPCIÓN | E11: UND | F11: CANT. | G11: V/UNITARIO | H11: V/PARCIAL
C12: TUBERIA PVCS DE 4" | E12: ML | F12: 1 | G12: =15119*1.1312 -> 17102.613 | H12: =+F12*G12 -> 17102.613
C13: ACCESORIOS PVCS DE 4" | E13: UND | F13: 0.2 | G13: =6270*1.1312 -> 7092.624 | H13: =+F13*G13 -> 1418.5248
C14: SOLDADURA PVC | E14: OCT | F14: 0.01 | G14: =64206*1.1312 -> 72629.827 | H14: =+F14*G14 -> 726.29827
C15: LIMPIADOR PVC | E15: OZ | F15: 0.01 | G15: =32558*1.1213 -> 36507.285 | H15: =+F15*G15 -> 365.07285
C18: DESPERDICIO | E18: % | F18: 0.1 | G18: =SUM(H11:H17) -> 19612.509 | H18: =ROUND(G18*F18,0) -> 1961
H19: TOTAL MATERIALES: | I19: =ROUND(SUM(H12:H18),0) -> 21574
B20: II | C20: MANO DE OBRA
C21: DESCRIPCIÓN | D21: JORNAL | E21: PREST. | F21: REND. | G21: J/TOTAL | H21: V/PARCIAL
C22: 1 AYUDANTE | D22: 38700 | E22: 0.85 | F22: 50 | G22: =ROUND(+D22*(1+E22),0) -> 71595 | H22: =+G22/F22 -> 1431.9
C23: 1 OFICIAL | D23: 66700 | E23: =+E22 -> 0.85 | F23: 50 | G23: =+D23*(1+E23) -> 123395 | H23: =+G23/F23 -> 2467.9
H24: =G24*F24*E24*D24 -> 0
H25: TOTAL MANO DE OBRA: | I25: =ROUND(SUM(H22:H24),0)+1 -> 3901
B26: III | C26: HERRAMIENTA Y EQUIPO
C27: DESCRIPCIÓN | E27: UND | F27: TARIFA | G27: R/MIENTO | H27: V/PARCIAL
C28: HERRAMIENTA MENOR | H28: =I25*0.1 -> 390.1
H32: TOTAL HERRAMIENTA Y EQUIPO: | I32: =ROUND(SUM(H28:H31),0) -> 390
B33: IV | C33: TRANSPORTE
C34: MATERIAL | E34: VOL (m3) | F34: DIST (Km) | G34: PESO/(m3/km) | H34: V/UNITARIO
H37: TOTAL TRANSPORTE: | I37: =SUM(H35:H36) -> 0
H39: TOTAL COSTO DIRECTO: | I39: =SUM(I19:I37) -> 25865
B40: V | C40: COSTOS INDIRECTOS
C41: DESCRIPCIÓN | E41: PORCENTAJE | G41: V/PARCIAL
C42: ADMINISTRACIÓN | E42: 0 | G42: =E42*I39 -> 0
C43: IMPREVISTOS | E43: 0 | G43: =E43*I39 -> 0
C44: UTILIDAD | E44: 0 | G44: =E44*I39 -> 0
H45: TOTAL COSTO INDIRECTO: | I45: =SUM(G42:G44) -> 0
H47: TOTAL PRECIO UNITARIO: | I47: =I45+I39 -> 25865
H48: TOTAL PRECIO UNITARIO AJUSTADO AL PESO: | I48: =ROUND(I47,0) -> 25865
C51: =+'4,1'!C51 -> ARQ. ANTONIO RUIZ TOVAR
C52: =+'4,1'!C52 -> PROFESIONAL ESPECIALIZADO

Sheet 10,3
B2: DEPARTAMENTO DEL CAQUETÁ
B3: MUNICIPIO DE FLORENCIA
B4: =+'PRESUPUESTO GENERAL'!A4 -> PRESUPUESTO GENERAL
B5: SECRETARIA DE OBRAS PUBLICAS - SECOBRAS | E5: =+'10,2'!E5:I5 -> ANALISIS DE PRECIOS UNITARIOS - REDES SANITARIAS
B6: =+'4,1'!B6:I6 -> CONSTRUCCIÓN DE BATERIA SANITARIA PARA LA INSTITUCIÓN EDUCATIVA JORGE ELIECER GAITAN SEDE SIMON BOLIVAR DEL MUNICIPIO DE FLORENCIA, DEPARTAMENTO DEL CAQUETA.
B7: ITEM | C7: =+'PRESUPUESTO GENERAL'!B68 -> Punto de PVCS 2" | H7: UNIDAD: | I7: UND
B8: 10.3
A10: SEC OBRAS | B10: I | C10: MATERIALES
C11: DESCRIPCIÓN | E11: UND | F11: CANT. | G11: V/UNITARIO | H11: V/PARCIAL
C12: TUBERIA PVCS DE 2" | E12: ML | F12: 1 | G12: =15119*1.1312 -> 17102.613 | H12: =+F12*G12 -> 17102.613
C13: ACCESORIOS PVCP DE 2" | E13: UND | F13: 1 | G13: =6270*1.1312 -> 7092.624 | H13: =+F13*G13 -> 7092.624
C14: LIMPIADOR PVC 12OZ | E14: OZ | F14: 0.01 | G14: =32558*1.1312 -> 36829.61 | H14: =+F14*G14 -> 368.2961
C15: SOLDADURA | E15: OCT | F15: 0.01 | G15: =64206*1.1312 -> 72629.827 | H15: =+F15*G15 -> 726.29827
C18: DESPERDICIO | E18: % | F18: 0.05 | G18: =SUM(H11:H17) -> 25289.831 | H18: =ROUND(G18*F18,0) -> 1264
H19: TOTAL MATERIALES: | I19: =ROUND(SUM(H12:H18),0) -> 26554
B20: II | C20: MANO DE OBRA
C21: DESCRIPCIÓN | D21: JORNAL | E21: PREST. | F21: REND. | G21: J/TOTAL | H21: V/PARCIAL
C22: 1 AYUDANTE | D22: 38700 | E22: 0.85 | F22: 20 | G22: =ROUND(+D22*(1+E22),0) -> 71595 | H22: =+G22/F22 -> 3579.75
C23: 1 OFICIAL | D23: 66700 | E23: =+E22 -> 0.85 | F23: 20 | G23: =+D23*(1+E23) -> 123395 | H23: =+G23/F23 -> 6169.75
H24: =G24*F24*E24*D24 -> 0
H25: TOTAL MANO DE OBRA: | I25: =ROUND(SUM(H22:H24),0)+1 -> 9751
B26: III | C26: HERRAMIENTA Y EQUIPO
C27: DESCRIPCIÓN | E27: UND | F27: TARIFA | G27: R/MIENTO | H27: V/PARCIAL
C28: HERRAMIENTA MENOR | H28: =I25*0.1 -> 975.1
H32: TOTAL HERRAMIENTA Y EQUIPO: | I32: =ROUND(SUM(H28:H31),0) -> 975
B33: IV | C33: TRANSPORTE
C34: MATERIAL | E34: VOL (m3) | F34: DIST (Km) | G34: PESO/(m3/km) | H34: V/UNITARIO
H37: TOTAL TRANSPORTE: | I37: =SUM(H35:H36) -> 0
H39: TOTAL COSTO DIRECTO: | I39: =SUM(I19:I37) -> 37280
B40: V | C40: COSTOS INDIRECTOS
C41: DESCRIPCIÓN | E41: PORCENTAJE | G41: V/PARCIAL
C42: ADMINISTRACIÓN | E42: 0 | G42: =E42*I39 -> 0
C43: IMPREVISTOS | E43: 0 | G43: =E43*I39 -> 0
C44: UTILIDAD | E44: 0 | G44: =E44*I39 -> 0
H45: TOTAL COSTO INDIRECTO: | I45: =SUM(G42:G44) -> 0
H47: TOTAL PRECIO UNITARIO: | I47: =I45+I39 -> 37280
H48: TOTAL PRECIO UNITARIO AJUSTADO AL PESO: | I48: =ROUND(I47,0) -> 37280
C51: =+'4,1'!C51 -> ARQ. ANTONIO RUIZ TOVAR
C52: =+'4,1'!C52 -> PROFESIONAL ESPECIALIZADO

Sheet 10,4
B2: DEPARTAMENTO DEL CAQUETÁ
B3: MUNICIPIO DE FLORENCIA
B4: =+'PRESUPUESTO GENERAL'!A4 -> PRESUPUESTO GENERAL
B5: SECRETARIA DE OBRAS PUBLICAS - SECOBRAS | E5: =+'10,3'!E5:I5 -> ANALISIS DE PRECIOS UNITARIOS - REDES SANITARIAS
B6: =+'4,1'!B6:I6 -> CONSTRUCCIÓN DE BATERIA SANITARIA PARA LA INSTITUCIÓN EDUCATIVA JORGE ELIECER GAITAN SEDE SIMON BOLIVAR DEL MUNICIPIO DE FLORENCIA, DEPARTAMENTO DEL CAQUETA.
B7: ITEM | C7: =+'PRESUPUESTO GENERAL'!B69 -> Punto de PVCS 4" | H7: UNIDAD: | I7: UND
B8: 10.4
A10: SEC OBRAS | B10: I | C10: MATERIALES
C11: DESCRIPCIÓN | E11: UND | F11: CANT. | G11: V/UNITARIO | H11: V/PARCIAL
C12: TUBERIA PVCS DE 4" | E12: ML | F12: 1 | G12: =31765*1.1312 -> 35932.568 | H12: =+F12*G12 -> 35932.568
C13: ACCESORIOS DE PVCP DE 4" | E13: UND | F13: 1 | G13: =18700*1.1312 -> 21153.44 | H13: =+F13*G13 -> 21153.44
C14: LIMPIADOR PVC 12 OZ | E14: OZ | F14: 0.01 | G14: 28500 | H14: =+F14*G14 -> 285
C15: SOLDADURA PVC | E15: OCT | F15: 0.01 | G15: =64206*1.1312 -> 72629.827 | H15: =+F15*G15 -> 726.29827
C18: DESPERDICIO | E18: % | F18: 0.05 | G18: =SUM(H11:H17) -> 58097.306 | H18: =ROUND(G18*F18,0) -> 2905
H19: TOTAL MATERIALES: | I19: =ROUND(SUM(H12:H18),0) -> 61002
B20: II | C20: MANO DE OBRA
C21: DESCRIPCIÓN | D21: JORNAL | E21: PREST. | F21: REND. | G21: J/TOTAL | H21: V/PARCIAL
C22: 1 AYUDANTE | D22: 38700 | E22: 0.85 | F22: 10 | G22: =ROUND(+D22*(1+E22),0) -> 71595 | H22: =+G22/F22 -> 7159.5
C23: 1 OFICIAL | D23: 66700 | E23: =+E22 -> 0.85 | F23: 10 | G23: =+D23*(1+E23) -> 123395 | H23: =+G23/F23 -> 12339.5
H24: =G24*F24*E24*D24 -> 0
H25: TOTAL MANO DE OBRA: | I25: =ROUND(SUM(H22:H24),0)+1 -> 19500
B26: III | C26: HERRAMIENTA Y EQUIPO
C27: DESCRIPCIÓN | E27: UND | F27: TARIFA | G27: R/MIENTO | H27: V/PARCIAL
C28: HERRAMIENTA MENOR | H28: =I25*0.1 -> 1950
H32: TOTAL HERRAMIENTA Y EQUIPO: | I32: =ROUND(SUM(H28:H31),0) -> 1950
B33: IV | C33: TRANSPORTE
C34: MATERIAL | E34: VOL (m3) | F34: DIST (Km) | G34: PESO/(m3/km) | H34: V/UNITARIO
H37: TOTAL TRANSPORTE: | I37: =SUM(H35:H36) -> 0
H39: TOTAL COSTO DIRECTO: | I39: =SUM(I19:I37) -> 82452
B40: V | C40: COSTOS INDIRECTOS
C41: DESCRIPCIÓN | E41: PORCENTAJE | G41: V/PARCIAL
C42: ADMINISTRACIÓN | E42: 0 | G42: =E42*I39 -> 0
C43: IMPREVISTOS | E43: 0 | G43: =E43*I39 -> 0
C44: UTILIDAD | E44: 0 | G44: =E44*I39 -> 0
H45: TOTAL COSTO INDIRECTO: | I45: =SUM(G42:G44) -> 0
H47: TOTAL PRECIO UNITARIO: | I47: =I45+I39 -> 82452
H48: TOTAL PRECIO UNITARIO AJUSTADO AL PESO: | I48: =ROUND(I47,0) -> 82452
C51: =+'4,1'!C51 -> ARQ. ANTONIO RUIZ TOVAR
C52: =+'4,1'!C52 -> PROFESIONAL ESPECIALIZADO

Sheet 10,5
B2: DEPARTAMENTO DEL CAQUETÁ
B3: MUNICIPIO DE FLORENCIA
B4: =+'PRESUPUESTO GENERAL'!A4 -> PRESUPUESTO GENERAL
B5: SECRETARIA DE OBRAS PUBLICAS - SECOBRAS | E5: =+'10,4'!E5:I5 -> ANALISIS DE PRECIOS UNITARIOS - REDES SANITARIAS
B6: =+'4,1'!B6:I6 -> CONSTRUCCIÓN DE BATERIA SANITARIA PARA LA INSTITUCIÓN EDUCATIVA JORGE ELIECER GAITAN SEDE SIMON BOLIVAR DEL MUNICIPIO DE FLORENCIA, DEPARTAMENTO DEL CAQUETA.
B7: ITEM | C7: =+'PRESUPUESTO GENERAL'!B70 -> Cajas de inspección de 0,80x0,80x0,80 | H7: UNIDAD: | I7: UND
B8: 10.5
A10: SEC OBRAS | B10: I | C10: MATERIALES
C11: DESCRIPCIÓN | E11: UND | F11: CANT. | G11: V/UNITARIO | H11: V/PARCIAL
C12: CONCRETO BASICO CLASE D | E12: M3 | F12: 0.46 | G12: =+'CTO D '!I48 -> 462051 | H12: =+F12*G12 -> 212543.46
C13: BASICO FORMALETA | E13: M2 | F13: 1.8 | G13: =60148*1.1312 -> 68039.418 | H13: =+F13*G13 -> 122470.95
C14: ACERO DE REFUERZO | E14: KG | F14: 17.92 | G14: =5600*1.1312 -> 6334.72 | H14: =+F14*G14 -> 113518.18
C15: ALAMBRE DE AMARRE | E15: KG | F15: 4.5 | G15: =8500*1.1312 -> 9615.2 | H15: =+F15*G15 -> 43268.4
C18: DESPERDICIO | E18: % | F18: 0.05 | G18: =SUM(H11:H17) -> 491800.99 | H18: =ROUND(G18*F18,0) -> 24590
H19: TOTAL MATERIALES: | I19: =ROUND(SUM(H12:H18),0) -> 516391
B20: II | C20: MANO DE OBRA
C21: DESCRIPCIÓN | D21: JORNAL | E21: PREST. | F21: REND. | G21: J/TOTAL | H21: V/PARCIAL
C22: 1 AYUDANTE | D22: 38700 | E22: 0.85 | F22: 2.5 | G22: =ROUND(+D22*(1+E22),0) -> 71595 | H22: =+G22/F22 -> 28638
C23: 1 OFICIAL | D23: 66700 | E23: =+E22 -> 0.85 | F23: 2.5 | G23: =+D23*(1+E23) -> 123395 | H23: =+G23/F23 -> 49358
H24: =G24*F24*E24*D24 -> 0
H25: TOTAL MANO DE OBRA: | I25: =ROUND(SUM(H22:H24),0)+1 -> 77997
B26: III | C26: HERRAMIENTA Y EQUIPO
C27: DESCRIPCIÓN | E27: UND | F27: TARIFA | G27: R/MIENTO | H27: V/PARCIAL
C28: HERRAMIENTA MENOR | H28: =I25*0.1 -> 7799.7
C29: MEZCLADORA DE CONCRETO | E29: HORA | F29: =10500*1.1312 -> 11877.6 | G29: 2 | H29: =F29/G29 -> 5938.8
H32: TOTAL HERRAMIENTA Y EQUIPO: | I32: =ROUND(SUM(H28:H31),0) -> 13739
B33: IV | C33: TRANSPORTE
C34: MATERIAL | E34: VOL (m3) | F34: DIST (Km) | G34: PESO/(m3/km) | H34: V/UNITARIO
H37: TOTAL TRANSPORTE: | I37: =SUM(H35:H36) -> 0
H39: TOTAL COSTO DIRECTO: | I39: =SUM(I19:I37) -> 608127
B40: V | C40: COSTOS INDIRECTOS
C41: DESCRIPCIÓN | E41: PORCENTAJE | G41: V/PARCIAL
C42: ADMINISTRACIÓN | E42: 0 | G42: =E42*I39 -> 0
C43: IMPREVISTOS | E43: 0 | G43: =E43*I39 -> 0
C44: UTILIDAD | E44: 0 | G44: =E44*I39 -> 0
H45: TOTAL COSTO INDIRECTO: | I45: =SUM(G42:G44) -> 0
H47: TOTAL PRECIO UNITARIO: | I47: =I45+I39 -> 608127
H48: TOTAL PRECIO UNITARIO AJUSTADO AL PESO: | I48: =ROUND(I47,0) -> 608127
C51: =+'4,1'!C51 -> ARQ. ANTONIO RUIZ TOVAR
C52: =+'4,1'!C52 -> PROFESIONAL ESPECIALIZADO

Sheet 10,6
B2: DEPARTAMENTO DEL CAQUETÁ
B3: MUNICIPIO DE FLORENCIA
B4: =+'PRESUPUESTO GENERAL'!A4 -> PRESUPUESTO GENERAL
B5: SECRETARIA DE OBRAS PUBLICAS - SECOBRAS | E5: =+'10,5'!E5:I5 -> ANALISIS DE PRECIOS UNITARIOS - REDES SANITARIAS
B6: =+'4,1'!B6:I6 -> CONSTRUCCIÓN DE BATERIA SANITARIA PARA LA INSTITUCIÓN EDUCATIVA JORGE ELIECER GAITAN SEDE SIMON BOLIVAR DEL MUNICIPIO DE FLORENCIA, DEPARTAMENTO DEL CAQUETA.
B7: ITEM | C7: =+'PRESUPUESTO GENERAL'!B71 -> Sum. e inst. sanitario institucional con tanque | H7: UNIDAD: | I7: UND
B8: 10.6
A10: SEC OBRAS | B10: I | C10: MATERIALES
C11: DESCRIPCIÓN | E11: UND | F11: CANT. | G11: V/UNITARIO | H11: V/PARCIAL
C12: Sanitario | E12: UND | F12: 1 | G12: =365000 -> 365000 | H12: =F12*G12 -> 365000
C13: Acoples plasticos | E13: UND | F13: 1 | G13: =4500*1.1312 -> 5090.4 | H13: =F13*G13 -> 5090.4
C14: Cemento blanco | E14: KG | F14: 0.25 | G14: 2500 | H14: =F14*G14 -> 625
C18: DESPERDICIO | E18: % | F18: 0 | G18: =SUM(H11:H17) -> 370715.4 | H18: =ROUND(G18*F18,0) -> 0
H19: TOTAL MATERIALES: | I19: =ROUND(SUM(H12:H18),0) -> 370715
B20: II | C20: MANO DE OBRA
C21: DESCRIPCIÓN | D21: JORNAL | E21: PREST. | F21: REND. | G21: J/TOTAL | H21: V/PARCIAL
C22: 1 AYUDANTE | D22: 38700 | E22: 0.85 | F22: 8 | G22: =ROUND(+D22*(1+E22),0) -> 71595 | H22: =+G22/F22 -> 8949.375
C23: 1 OFICIAL | D23: 66700 | E23: =+E22 -> 0.85 | F23: 8 | G23: =+D23*(1+E23) -> 123395 | H23: =+G23/F23 -> 15424.375
H24: =G24*F24*E24*D24 -> 0
H25: TOTAL MANO DE OBRA: | I25: =ROUND(SUM(H22:H24),0)+1 -> 24375
B26: III | C26: HERRAMIENTA Y EQUIPO
C27: DESCRIPCIÓN | E27: UND | F27: TARIFA | G27: R/MIENTO | H27: V/PARCIAL
C28: HERRAMIENTA MENOR | H28: =I25*0.1 -> 2437.5
H32: TOTAL HERRAMIENTA Y EQUIPO: | I32: =ROUND(SUM(H28:H31),0) -> 2438
B33: IV | C33: TRANSPORTE
C34: MATERIAL | E34: VOL (m3) | F34: DIST (Km) | G34: PESO/(m3/km) | H34: V/UNITARIO
H37: TOTAL TRANSPORTE: | I37: =SUM(H35:H36) -> 0
H39: TOTAL COSTO DIRECTO: | I39: =SUM(I19:I37) -> 397528
B40: V | C40: COSTOS INDIRECTOS
C41: DESCRIPCIÓN | E41: PORCENTAJE | G41: V/PARCIAL
C42: ADMINISTRACIÓN | E42: 0 | G42: =E42*I39 -> 0
C43: IMPREVISTOS | E43: 0 | G43: =E43*I39 -> 0
C44: UTILIDAD | E44: 0 | G44: =E44*I39 -> 0
H45: TOTAL COSTO INDIRECTO: | I45: =SUM(G42:G44) -> 0
H47: TOTAL PRECIO UNITARIO: | I47: =I45+I39 -> 397528
H48: TOTAL PRECIO UNITARIO AJUSTADO AL PESO: | I48: =ROUND(I47,0) -> 397528
C51: =+'4,1'!C51 -> ARQ. ANTONIO RUIZ TOVAR
C52: =+'4,1'!C52 -> PROFESIONAL ESPECIALIZADO

Sheet 10,7
B2: DEPARTAMENTO DEL CAQUETÁ
B3: MUNICIPIO DE FLORENCIA
B4: =+'PRESUPUESTO GENERAL'!A4 -> PRESUPUESTO GENERAL
B5: SECRETARIA DE OBRAS PUBLICAS - SECOBRAS | E5: =+'10,6'!E5:I5 -> ANALISIS DE PRECIOS UNITARIOS - REDES SANITARIAS
B6: =+'4,1'!B6:I6 -> CONSTRUCCIÓN DE BATERIA SANITARIA PARA LA INSTITUCIÓN EDUCATIVA JORGE ELIECER GAITAN SEDE SIMON BOLIVAR DEL MUNICIPIO DE FLORENCIA, DEPARTAMENTO DEL CAQUETA.
B7: ITEM | C7: =+'PRESUPUESTO GENERAL'!B72 -> Kit de movilidad reducida | H7: UNIDAD: | I7: UND
B8: =+'PRESUPUESTO GENERAL'!A72 -> 10.7
A10: SEC OBRAS | B10: I | C10: MATERIALES
C11: DESCRIPCIÓN | E11: UND | F11: CANT. | G11: V/UNITARIO | H11: V/PARCIAL
C12: Kit movilidad reducida | E12: UND | F12: 1 | G12: =500000*1.1413 -> 570650 | H12: =F12*G12 -> 570650
C18: DESPERDICIO | E18: % | F18: 0 | G18: =SUM(H11:H17) -> 570650 | H18: =ROUND(G18*F18,0) -> 0
H19: TOTAL MATERIALES: | I19: =ROUND(SUM(H12:H18),0) -> 570650
B20: II | C20: MANO DE OBRA
C21: DESCRIPCIÓN | D21: JORNAL | E21: PREST. | F21: REND. | G21: J/TOTAL | H21: V/PARCIAL
C22: 1 AYUDANTE | D22: 38700 | E22: 0.85 | F22: 8 | G22: =ROUND(+D22*(1+E22),0) -> 71595 | H22: =+G22/F22 -> 8949.375
C23: 1 OFICIAL | D23: 66700 | E23: =+E22 -> 0.85 | F23: 8 | G23: =+D23*(1+E23) -> 123395 | H23: =+G23/F23 -> 15424.375
H24: =G24*F24*E24*D24 -> 0
H25: TOTAL MANO DE OBRA: | I25: =ROUND(SUM(H22:H24),0)+1 -> 24375
B26: III | C26: HERRAMIENTA Y EQUIPO
C27: DESCRIPCIÓN | E27: UND | F27: TARIFA | G27: R/MIENTO | H27: V/PARCIAL
C28: HERRAMIENTA MENOR | H28: =I25*0.1 -> 2437.5
H32: TOTAL HERRAMIENTA Y EQUIPO: | I32: =ROUND(SUM(H28:H31),0) -> 2438
B33: IV | C33: TRANSPORTE
C34: MATERIAL | E34: VOL (m3) | F34: DIST (Km) | G34: PESO/(m3/km) | H34: V/UNITARIO
H37: TOTAL TRANSPORTE: | I37: =SUM(H35:H36) -> 0
H39: TOTAL COSTO DIRECTO: | I39: =SUM(I19:I37) -> 597463
B40: V | C40: COSTOS INDIRECTOS
C41: DESCRIPCIÓN | E41: PORCENTAJE | G41: V/PARCIAL
C42: ADMINISTRACIÓN | E42: 0 | G42: =E42*I39 -> 0
C43: IMPREVISTOS | E43: 0 | G43: =E43*I39 -> 0
C44: UTILIDAD | E44: 0 | G44: =E44*I39 -> 0
H45: TOTAL COSTO INDIRECTO: | I45: =SUM(G42:G44) -> 0
H47: TOTAL PRECIO UNITARIO: | I47: =I45+I39 -> 597463
H48: TOTAL PRECIO UNITARIO AJUSTADO AL PESO: | I48: =ROUND(I47,0) -> 597463
C51: =+'4,1'!C51 -> ARQ. ANTONIO RUIZ TOVAR
C52: =+'4,1'!C52 -> PROFESIONAL ESPECIALIZADO

Sheet 10,8
B2: DEPARTAMENTO DEL CAQUETÁ
B3: MUNICIPIO DE FLORENCIA
B4: =+'PRESUPUESTO GENERAL'!A4 -> PRESUPUESTO GENERAL
B5: SECRETARIA DE OBRAS PUBLICAS - SECOBRAS | E5: =+'10,7'!E5:I5 -> ANALISIS DE PRECIOS UNITARIOS - REDES SANITARIAS
B6: =+'4,1'!B6:I6 -> CONSTRUCCIÓN DE BATERIA SANITARIA PARA LA INSTITUCIÓN EDUCATIVA JORGE ELIECER GAITAN SEDE SIMON BOLIVAR DEL MUNICIPIO DE FLORENCIA, DEPARTAMENTO DEL CAQUETA.
B7: ITEM | C7: =+'PRESUPUESTO GENERAL'!B73 -> Lavamanos Ref: 07384-100 o similar, pagado en un | H7: UNIDAD: | I7: UND
B8: 10.8
A10: SEC OBRAS | B10: I | C10: MATERIALES
C11: DESCRIPCIÓN | E11: UND | F11: CANT. | G11: V/UNITARIO | H11: V/PARCIAL
C12: Lavama. Nova R 07384 - 100 similar | E12: UND | F12: 1 | G12: =115000*1.1312 -> 130088 | H12: =F12*G12 -> 130088
C13: griferia | E13: UND | F13: 1 | G13: =87329*1.1312 -> 98786.565 | H13: =F13*G13 -> 98786.565
C14: Acoples plasticos | E14: UND | F14: 1 | G14: 4500 | H14: =F14*G14 -> 4500
C15: Cemento blanco | E15: KG | F15: 0.35 | G15: 2500 | H15: =F15*G15 -> 875
C18: DESPERDICIO | E18: % | F18: 0 | G18: =SUM(H11:H17) -> 234249.56 | H18: =ROUND(G18*F18,0) -> 0
H19: TOTAL MATERIALES: | I19: =ROUND(SUM(H12:H18),0) -> 234250
B20: II | C20: MANO DE OBRA
C21: DESCRIPCIÓN | D21: JORNAL | E21: PREST. | F21: REND. | G21: J/TOTAL | H21: V/PARCIAL
C22: 1 AYUDANTE | D22: 38700 | E22: 0.85 | F22: 6 | G22: =ROUND(+D22*(1+E22),0) -> 71595 | H22: =+G22/F22 -> 11932.5
C23: 1 OFICIAL | D23: 66700 | E23: =+E22 -> 0.85 | F23: 6 | G23: =+D23*(1+E23) -> 123395 | H23: =+G23/F23 -> 20565.833
H24: =G24*F24*E24*D24 -> 0
H25: TOTAL MANO DE OBRA: | I25: =ROUND(SUM(H22:H24),0)+1 -> 32499
B26: III | C26: HERRAMIENTA Y EQUIPO
C27: DESCRIPCIÓN | E27: UND | F27: TARIFA | G27: R/MIENTO | H27: V/PARCIAL
C28: HERRAMIENTA MENOR | H28: =I25*0.1 -> 3249.9
H32: TOTAL HERRAMIENTA Y EQUIPO: | I32: =ROUND(SUM(H28:H31),0) -> 3250
B33: IV | C33: TRANSPORTE
C34: MATERIAL | E34: VOL (m3) | F34: DIST (Km) | G34: PESO/(m3/km) | H34: V/UNITARIO
H37: TOTAL TRANSPORTE: | I37: =SUM(H35:H36) -> 0
H39: TOTAL COSTO DIRECTO: | I39: =SUM(I19:I37) -> 269999
B40: V | C40: COSTOS INDIRECTOS
C41: DESCRIPCIÓN | E41: PORCENTAJE | G41: V/PARCIAL
C42: ADMINISTRACIÓN | E42: 0 | G42: =E42*I39 -> 0
C43: IMPREVISTOS | E43: 0 | G43: =E43*I39 -> 0
C44: UTILIDAD | E44: 0 | G44: =E44*I39 -> 0
H45: TOTAL COSTO INDIRECTO: | I45: =SUM(G42:G44) -> 0
H47: TOTAL PRECIO UNITARIO: | I47: =I45+I39 -> 269999
H48: TOTAL PRECIO UNITARIO AJUSTADO AL PESO: | I48: =ROUND(I47,0) -> 269999
C51: =+'4,1'!C51 -> ARQ. ANTONIO RUIZ TOVAR
C52: =+'4,1'!C52 -> PROFESIONAL ESPECIALIZADO

Sheet 10,9
B2: DEPARTAMENTO DEL CAQUETÁ
B3: MUNICIPIO DE FLORENCIA
B4: =+'PRESUPUESTO GENERAL'!A4 -> PRESUPUESTO GENERAL
B5: SECRETARIA DE OBRAS PUBLICAS - SECOBRAS | E5: =+'10,8'!E5:I5 -> ANALISIS DE PRECIOS UNITARIOS - REDES SANITARIAS
B6: =+'4,1'!B6:I6 -> CONSTRUCCIÓN DE BATERIA SANITARIA PARA LA INSTITUCIÓN EDUCATIVA JORGE ELIECER GAITAN SEDE SIMON BOLIVAR DEL MUNICIPIO DE FLORENCIA, DEPARTAMENTO DEL CAQUETA.
B7: ITEM | C7: =+'PRESUPUESTO GENERAL'!B74 -> Orinal Ref: 8870 o similar, pagado en un | H7: UNIDAD: | I7: UND
B8: 10.9
A10: SEC OBRAS | B10: I | C10: MATERIALES
C11: DESCRIPCIÓN | E11: UND | F11: CANT. | G11: V/UNITARIO | H11: V/PARCIAL
C12: Orinal R. 8870 o similar | E12: UND | F12: 1 | G12: =355398*1.1312 -> 402026.22 | H12: =F12*G12 -> 402026.22
C13: griferia | E13: UND | F13: 1 | G13: =132000*1.1312 -> 149318.4 | H13: =F13*G13 -> 149318.4
C18: DESPERDICIO | E18: % | F18: 0 | G18: =SUM(H11:H17) -> 551344.62 | H18: =ROUND(G18*F18,0) -> 0
H19: TOTAL MATERIALES: | I19: =ROUND(SUM(H12:H18),0) -> 551345
B20: II | C20: MANO DE OBRA
C21: DESCRIPCIÓN | D21: JORNAL | E21: PREST. | F21: REND. | G21: J/TOTAL | H21: V/PARCIAL
C22: 1 AYUDANTE | D22: 38700 | E22: 0.85 | F22: 8 | G22: =ROUND(+D22*(1+E22),0) -> 71595 | H22: =+G22/F22 -> 8949.375
C23: 1 OFICIAL | D23: 66700 | E23: =+E22 -> 0.85 | F23: 8 | G23: =+D23*(1+E23) -> 123395 | H23: =+G23/F23 -> 15424.375
H24: =G24*F24*E24*D24 -> 0
H25: TOTAL MANO DE OBRA: | I25: =ROUND(SUM(H22:H24),0)+1 -> 24375
B26: III | C26: HERRAMIENTA Y EQUIPO
C27: DESCRIPCIÓN | E27: UND | F27: TARIFA | G27: R/MIENTO | H27: V/PARCIAL
C28: HERRAMIENTA MENOR | H28: =I25*0.1 -> 2437.5
H32: TOTAL HERRAMIENTA Y EQUIPO: | I32: =ROUND(SUM(H28:H31),0) -> 2438
B33: IV | C33: TRANSPORTE
C34: MATERIAL | E34: VOL (m3) | F34: DIST (Km) | G34: PESO/(m3/km) | H34: V/UNITARIO
H37: TOTAL TRANSPORTE: | I37: =SUM(H35:H36) -> 0
H39: TOTAL COSTO DIRECTO: | I39: =SUM(I19:I37) -> 578158
B40: V | C40: COSTOS INDIRECTOS
C41: DESCRIPCIÓN | E41: PORCENTAJE | G41: V/PARCIAL
C42: ADMINISTRACIÓN | E42: 0 | G42: =E42*I39 -> 0
C43: IMPREVISTOS | E43: 0 | G43: =E43*I39 -> 0
C44: UTILIDAD | E44: 0 | G44: =E44*I39 -> 0
H45: TOTAL COSTO INDIRECTO: | I45: =SUM(G42:G44) -> 0
H47: TOTAL PRECIO UNITARIO: | I47: =I45+I39 -> 578158
H48: TOTAL PRECIO UNITARIO AJUSTADO AL PESO: | I48: =ROUND(I47,0) -> 578158
C51: =+'4,1'!C51 -> ARQ. ANTONIO RUIZ TOVAR
C52: =+'4,1'!C52 -> PROFESIONAL ESPECIALIZADO

Sheet 11,1
B2: DEPARTAMENTO DEL CAQUETÁ
B3: MUNICIPIO DE FLORENCIA
B4: =+'PRESUPUESTO GENERAL'!A4 -> PRESUPUESTO GENERAL
B5: SECRETARIA DE OBRAS PUBLICAS - SECOBRAS | E5: ANALISIS DE PRECIOS UNITARIOS - REDES ELECTRICAS
B6: =+'4,1'!B6:I6 -> CONSTRUCCIÓN DE BATERIA SANITARIA PARA LA INSTITUCIÓN EDUCATIVA JORGE ELIECER GAITAN SEDE SIMON BOLIVAR DEL MUNICIPIO DE FLORENCIA, DEPARTAMENTO DEL CAQUETA.
B7: ITEM | C7: =+'PRESUPUESTO GENERAL'!B77 -> Salida para toma monofásica doble con polo a tierra, en tubo conduit PVC de 1/2" | H7: UNIDAD: | I7: UND
B8: =+'PRESUPUESTO GENERAL'!A77 -> 11.1
A10: SEC OBRAS | B10: I | C10: MATERIALES
C11: DESCRIPCIÓN | E11: UND | F11: CANT. | G11: V/UNITARIO | H11: V/PARCIAL
C12: Tubo flexible conduit PVC de 1/2" | E12: ML | F12: 10 | G12: =2498*1.1312 -> 2825.7376 | H12: =ROUND(F12*G12,0) -> 28257
C13: Alambre de cobre THW 12 AWG | E13: ML | F13: 27 | G13: =1800*0.1312 -> 236.16 | H13: =ROUND(F13*G13,0) -> 6376
C14: Caja 4x4 con suplemento | E14: UND | F14: 1 | G14: =2500*1.1312 -> 2828 | H14: =ROUND(F14*G14,0) -> 2828
C15: Boquilla PVCE de 1/2" | E15: UND | F15: 3 | G15: =600*1.1312 -> 678.72 | H15: =ROUND(F15*G15,0) -> 2036
C16: Tomacorriente polarizado | E16: UND | F16: 1 | G16: =12700*1.1312 -> 14366.24 | H16: =ROUND(F16*G16,0) -> 14366
C17: Curva PVCE 1/2 | E17: UND | F17: 4 | G17: =1668*1.1312 -> 1886.8416 | H17: =ROUND(F17*G17,0) -> 7547
C18: DESPERDICIO | E18: % | F18: 0.05 | G18: =SUM(H11:H17) -> 61410 | H18: =ROUND(G18*F18,0) -> 3071
H19: TOTAL MATERIALES: | I19: =ROUND(SUM(H12:H18),0) -> 64481
B20: II | C20: MANO DE OBRA
C21: DESCRIPCIÓN | D21: JORNAL | E21: PREST. | F21: REND. | G21: J/TOTAL | H21: V/PARCIAL
C22: 2 AYUDANTE | D22: =38700*2 -> 77400 | E22: 0.85 | F22: 4 | G22: =ROUND(+D22*(1+E22),0) -> 143190 | H22: =+G22/F22 -> 35797.5
C23: 1 OFICIAL | D23: 66700 | E23: =+E22 -> 0.85 | F23: 4 | G23: =+D23*(1+E23) -> 123395 | H23: =+G23/F23 -> 30848.75
H24: =G24*F24*E24*D24 -> 0
H25: TOTAL MANO DE OBRA: | I25: =ROUND(SUM(H22:H24),0)+1 -> 66647
B26: III | C26: HERRAMIENTA Y EQUIPO
C27: DESCRIPCIÓN | E27: UND | F27: TARIFA | G27: R/MIENTO | H27: V/PARCIAL
C28: HERRAMIENTA MENOR | H28: 4650
H33: TOTAL HERRAMIENTA Y EQUIPO: | I33: =ROUND(SUM(H28:H32),0) -> 4650
B34: IV | C34: TRANSPORTE
C35: MATERIAL | E35: VOL (m3) | F35: DIST (Km) | G35: PESO/(m3/km) | H35: V/UNITARIO
H38: TOTAL TRANSPORTE: | I38: =SUM(H36:H37) -> 0
H40: TOTAL COSTO DIRECTO: | I40: =SUM(I19:I38)-1 -> 135777
B41: V | C41: COSTOS INDIRECTOS
C42: DESCRIPCIÓN | E42: PORCENTAJE | G42: V/PARCIAL
C43: ADMINISTRACIÓN | E43: 0 | G43: =E43*I40 -> 0
C44: IMPREVISTOS | E44: 0 | G44: =E44*I40 -> 0
C45: UTILIDAD | E45: 0 | G45: =E45*I40 -> 0
H46: TOTAL COSTO INDIRECTO: | I46: =SUM(G43:G45) -> 0
H48: TOTAL PRECIO UNITARIO: | I48: =I46+I40 -> 135777
H49: TOTAL PRECIO UNITARIO AJUSTADO AL PESO: | I49: =ROUND(I48,0) -> 135777
C52: =+'4,1'!C51 -> ARQ. ANTONIO RUIZ TOVAR
C53: =+'4,1'!C52 -> PROFESIONAL ESPECIALIZADO

Sheet 11,2
B2: DEPARTAMENTO DEL CAQUETÁ
B3: MUNICIPIO DE FLORENCIA
B4: =+'PRESUPUESTO GENERAL'!A4 -> PRESUPUESTO GENERAL
B5: SECRETARIA DE OBRAS PUBLICAS - SECOBRAS | E5: =+'11,1'!E5:I5 -> ANALISIS DE PRECIOS UNITARIOS - REDES ELECTRICAS
B6: =+'4,1'!B6:I6 -> CONSTRUCCIÓN DE BATERIA SANITARIA PARA LA INSTITUCIÓN EDUCATIVA JORGE ELIECER GAITAN SEDE SIMON BOLIVAR DEL MUNICIPIO DE FLORENCIA, DEPARTAMENTO DEL CAQUETA.
B7: ITEM | C7: =+'PRESUPUESTO GENERAL'!B78 -> Salida para Luminarias Incandecentes en Tubo Conduit de 1/2" con su respectivo interruptor y caja. | H7: UNIDAD: | I7: UND
B8: =+'PRESUPUESTO GENERAL'!A78 -> 11.2
A10: SEC OBRAS | B10: I | C10: MATERIALES
C11: DESCRIPCIÓN | E11: UND | F11: CANT. | G11: V/UNITARIO | H11: V/PARCIAL
C12: Tubo flexible conduit PVC de 1/2" | E12: ML | F12: 8 | G12: =2498*1.1312 -> 2825.7376 | H12: =ROUND(F12*G12,0) -> 22606
C13: Alambre de cobre THW 12 AWG | E13: ML | F13: 16 | G13: =1800*1.1312 -> 2036.16 | H13: =ROUND(F13*G13,0) -> 32579
C14: Caja 2600 octagonal | E14: UND | F14: 1 | G14: =3440*1.1312 -> 3891.328 | H14: =ROUND(F14*G14,0) -> 3891
C15: caja 4x4 con suplemento | E15: UND | F15: 1 | G15: =2500*1.1312 -> 2828 | H15: =ROUND(F15*G15,0) -> 2828
C16: interrup. Sencillo | E16: UND | F16: 1 | G16: =15900*1.1312 -> 17986.08 | H16: =ROUND(F16*G16,0) -> 17986
C17: curva PVCE 1/2" | E17: UND | F17: 2 | G17: =1668*1.1312 -> 1886.8416 | H17: =ROUND(F17*G17,0) -> 3774
C18: Boquilla PVCE de 1/2" | E18: UND | F18: 2 | G18: =600*1.1312 -> 678.72 | H18: =ROUND(F18*G18,0) -> 1357
C19: Cinta aislante | E19: ROLLO | F19: 0.1 | G19: =3500*1.1312 -> 3959.2 | H19: =ROUND(F19*G19,0) -> 396
C20: Plafon de loza | E20: UND | F20: 1 | G20: =3890*1.1312 -> 4400.368 | H20: =ROUND(F20*G20,0) -> 4400
C22: DESPERDICIO | E22: % | F22: 0.05 | G22: =SUM(H11:H21) -> 89817 | H22: =ROUND(G22*F22,0) -> 4491
H23: TOTAL MATERIALES: | I23: =ROUND(SUM(H12:H22),0) -> 94308
B24: II | C24: MANO DE OBRA
C25: DESCRIPCIÓN | D25: JORNAL | E25: PREST. | F25: REND. | G25: J/TOTAL | H25: V/PARCIAL
C26: 2 AYUDANTE | D26: =38700*2 -> 77400 | E26: 0.85 | F26: 4 | G26: =ROUND(+D26*(1+E26),0) -> 143190 | H26: =+G26/F26 -> 35797.5
C27: 1 OFICIAL | D27: 66700 | E27: =+E26 -> 0.85 | F27: 4 | G27: =+D27*(1+E27) -> 123395 | H27: =+G27/F27 -> 30848.75
H28: =G28*F28*E28*D28 -> 0
H29: TOTAL MANO DE OBRA: | I29: =ROUND(SUM(H26:H28),0) -> 66646
B30: III | C30: HERRAMIENTA Y EQUIPO
C31: DESCRIPCIÓN | E31: UND | F31: TARIFA | G31: R/MIENTO | H31: V/PARCIAL
C32: HERRAMIENTA MENOR | H32: =I29*0.1 -> 6664.6
H37: TOTAL HERRAMIENTA Y EQUIPO: | I37: =ROUND(SUM(H32:H36),0) -> 6665
B38: IV | C38: TRANSPORTE
C39: MATERIAL | E39: VOL (m3) | F39: DIST (Km) | G39: PESO/(m3/km) | H39: V/UNITARIO
H42: TOTAL TRANSPORTE: | I42: =SUM(H40:H41) -> 0
H44: TOTAL COSTO DIRECTO: | I44: =SUM(I23:I42)-1 -> 167618
B45: V | C45: COSTOS INDIRECTOS
C46: DESCRIPCIÓN | E46: PORCENTAJE | G46: V/PARCIAL
C47: ADMINISTRACIÓN | E47: 0 | G47: =E47*I44 -> 0
C48: IMPREVISTOS | E48: 0 | G48: =E48*I44 -> 0
C49: UTILIDAD | E49: 0 | G49: =E49*I44 -> 0
H50: TOTAL COSTO INDIRECTO: | I50: =SUM(G47:G49) -> 0
H52: TOTAL PRECIO UNITARIO: | I52: =ROUND(I50+I44,0)+1 -> 167619
H53: TOTAL PRECIO UNITARIO AJUSTADO AL PESO: | I53: =ROUND(I52,0) -> 167619
C56: =+'4,1'!C51 -> ARQ. ANTONIO RUIZ TOVAR
C57: =+'4,1'!C52 -> PROFESIONAL ESPECIALIZADO

Sheet 11,3
B2: DEPARTAMENTO DEL CAQUETÁ
B3: MUNICIPIO DE FLORENCIA
B4: =+'PRESUPUESTO GENERAL'!A4 -> PRESUPUESTO GENERAL
B5: SECRETARIA DE OBRAS PUBLICAS - SECOBRAS | E5: =+'11,2'!E5:I5 -> ANALISIS DE PRECIOS UNITARIOS - REDES ELECTRICAS
B6: =+'4,1'!B6:I6 -> CONSTRUCCIÓN DE BATERIA SANITARIA PARA LA INSTITUCIÓN EDUCATIVA JORGE ELIECER GAITAN SEDE SIMON BOLIVAR DEL MUNICIPIO DE FLORENCIA, DEPARTAMENTO DEL CAQUETA.
B7: ITEM | C7: =+'PRESUPUESTO GENERAL'!B79 -> Suministro e instalación de lámpara Led 25 w. | H7: UNIDAD: | I7: =+'PRESUPUESTO GENERAL'!C79 -> UND
B8: =+'PRESUPUESTO GENERAL'!A79 -> 11.3
A10: SEC OBRAS | B10: I | C10: MATERIALES
C11: DESCRIPCIÓN | E11: UND | F11: CANT. | G11: V/UNITARIO | H11: V/PARCIAL
C12: lampara led 25w de sobre poner | E12: UND | F12: 1 | G12: =55000*1.1312 -> 62216 | H12: =F12*G12 -> 62216
C22: DESPERDICIO | E22: % | G22: =SUM(H11:H21) -> 62216 | H22: =ROUND(G22*F22,0) -> 0
H23: TOTAL MATERIALES: | I23: =ROUND(SUM(H12:H22),0) -> 62216
B24: II | C24: MANO DE OBRA
C25: DESCRIPCIÓN | D25: JORNAL | E25: PREST. | F25: REND. | G25: J/TOTAL | H25: V/PARCIAL
C26: 1 AYUDANTE | D26: 38700 | E26: 0.85 | F26: 10 | G26: =ROUND(+D26*(1+E26),0) -> 71595 | H26: =+G26/F26 -> 7159.5
C27: 1 OFICIAL | D27: 66700 | E27: =+E26 -> 0.85 | F27: 10 | G27: =+D27*(1+E27) -> 123395 | H27: =+G27/F27 -> 12339.5
H28: =G28*F28*E28*D28 -> 0
H29: TOTAL MANO DE OBRA: | I29: =ROUND(SUM(H26:H28),0) -> 19499
B30: III | C30: HERRAMIENTA Y EQUIPO
C31: DESCRIPCIÓN | E31: UND | F31: TARIFA | G31: R/MIENTO | H31: V/PARCIAL
C32: HERRAMIENTA MENOR | H32: =I29*0.1 -> 1949.9
H37: TOTAL HERRAMIENTA Y EQUIPO: | I37: =ROUND(SUM(H32:H36),0) -> 1950
B38: IV | C38: TRANSPORTE
C39: MATERIAL | E39: VOL (m3) | F39: DIST (Km) | G39: PESO/(m3/km) | H39: V/UNITARIO
H42: TOTAL TRANSPORTE: | I42: =SUM(H40:H41) -> 0
H44: TOTAL COSTO DIRECTO: | I44: =SUM(I23:I42)-1 -> 83664
B45: V | C45: COSTOS INDIRECTOS
C46: DESCRIPCIÓN | E46: PORCENTAJE | G46: V/PARCIAL
C47: ADMINISTRACIÓN | E47: 0 | G47: =E47*I44 -> 0
C48: IMPREVISTOS | E48: 0 | G48: =E48*I44 -> 0
C49: UTILIDAD | E49: 0 | G49: =E49*I44 -> 0
H50: TOTAL COSTO INDIRECTO: | I50: =SUM(G47:G49) -> 0
H52: TOTAL PRECIO UNITARIO: | I52: =ROUND(I50+I44,0)+1 -> 83665
H53: TOTAL PRECIO UNITARIO AJUSTADO AL PESO: | I53: =ROUND(I52,0) -> 83665
C56: =+'4,1'!C51 -> ARQ. ANTONIO RUIZ TOVAR
C57: =+'4,1'!C52 -> PROFESIONAL ESPECIALIZADO

Sheet 11,4
B2: DEPARTAMENTO DEL CAQUETÁ
B3: MUNICIPIO DE FLORENCIA
B4: =+'PRESUPUESTO GENERAL'!A4 -> PRESUPUESTO GENERAL
B5: SECRETARIA DE OBRAS PUBLICAS - SECOBRAS | E5: =+'11,3'!E5:I5 -> ANALISIS DE PRECIOS UNITARIOS - REDES ELECTRICAS
B6: =+'4,1'!B6:I6 -> CONSTRUCCIÓN DE BATERIA SANITARIA PARA LA INSTITUCIÓN EDUCATIVA JORGE ELIECER GAITAN SEDE SIMON BOLIVAR DEL MUNICIPIO DE FLORENCIA, DEPARTAMENTO DEL CAQUETA.
B7: ITEM | C7: =+'PRESUPUESTO GENERAL'!B80 -> Acometida electrica Monofasica cable encauchetado No. 8 | H7: UNIDAD: | I7: =+'PRESUPUESTO GENERAL'!C79 -> UND
B8: =+'PRESUPUESTO GENERAL'!A80 -> 11.4
A10: SEC OBRAS | B10: I | C10: MATERIALES
C11: DESCRIPCIÓN | E11: UND | F11: CANT. | G11: V/UNITARIO | H11: V/PARCIAL
C12: Tubo EMT de 1" | E12: ML | F12: 3 | G12: =17000*1.1312 -> 19230.4 | H12: =F12*G12 -> 57691.2
C13: Cable encauchetado No. 8 | E13: ML | F13: 8 | G13: =19000*1.1312 -> 21492.8 | H13: =F13*G13 -> 171942.4
C14: Conectores | E14: UND | F14: 10 | G14: =1000*1.1312 -> 1131.2 | H14: =F14*G14 -> 11312
C22: DESPERDICIO | E22: % | F22: 0.05 | G22: =SUM(H11:H21) -> 240945.6 | H22: =ROUND(G22*F22,0) -> 12047
H23: TOTAL MATERIALES: | I23: =ROUND(SUM(H12:H22),0) -> 252993
B24: II | C24: MANO DE OBRA
C25: DESCRIPCIÓN | D25: JORNAL | E25: PREST. | F25: REND. | G25: J/TOTAL | H25: V/PARCIAL
C26: 2 AYUDANTE | D26: =38700*2 -> 77400 | E26: 0.85 | F26: 3 | G26: =ROUND(+D26*(1+E26),0) -> 143190 | H26: =+G26/F26 -> 47730
C27: 1 OFICIAL | D27: 66700 | E27: =+E26 -> 0.85 | F27: 3 | G27: =+D27*(1+E27) -> 123395 | H27: =+G27/F27 -> 41131.667
H28: =G28*F28*E28*D28 -> 0
H29: TOTAL MANO DE OBRA: | I29: =ROUND(SUM(H26:H28),0) -> 88862
B30: III | C30: HERRAMIENTA Y EQUIPO
C31: DESCRIPCIÓN | E31: UND | F31: TARIFA | G31: R/MIENTO | H31: V/PARCIAL
C32: HERRAMIENTA MENOR | H32: =I29*0.1 -> 8886.2
H37: TOTAL HERRAMIENTA Y EQUIPO: | I37: =ROUND(SUM(H32:H36),0) -> 8886
B38: IV | C38: TRANSPORTE
C39: MATERIAL | E39: VOL (m3) | F39: DIST (Km) | G39: PESO/(m3/km) | H39: V/UNITARIO
H42: TOTAL TRANSPORTE: | I42: =SUM(H40:H41) -> 0
H44: TOTAL COSTO DIRECTO: | I44: =SUM(I23:I42)-1 -> 350740
B45: V | C45: COSTOS INDIRECTOS
C46: DESCRIPCIÓN | E46: PORCENTAJE | G46: V/PARCIAL
C47: ADMINISTRACIÓN | E47: 0 | G47: =E47*I44 -> 0
C48: IMPREVISTOS | E48: 0 | G48: =E48*I44 -> 0
C49: UTILIDAD | E49: 0 | G49: =E49*I44 -> 0
H50: TOTAL COSTO INDIRECTO: | I50: =SUM(G47:G49) -> 0
H52: TOTAL PRECIO UNITARIO: | I52: =ROUND(I50+I44,0)+1 -> 350741
H53: TOTAL PRECIO UNITARIO AJUSTADO AL PESO: | I53: =ROUND(I52,0) -> 350741
C56: =+'4,1'!C51 -> ARQ. ANTONIO RUIZ TOVAR
C57: =+'4,1'!C52 -> PROFESIONAL ESPECIALIZADO

Sheet 11,5
B2: DEPARTAMENTO DEL CAQUETÁ
B3: MUNICIPIO DE FLORENCIA
B4: =+'PRESUPUESTO GENERAL'!A4 -> PRESUPUESTO GENERAL
B5: SECRETARIA DE OBRAS PUBLICAS - SECOBRAS | E5: =+'11,4'!E5:I5 -> ANALISIS DE PRECIOS UNITARIOS - REDES ELECTRICAS
B6: =+'4,1'!B6:I6 -> CONSTRUCCIÓN DE BATERIA SANITARIA PARA LA INSTITUCIÓN EDUCATIVA JORGE ELIECER GAITAN SEDE SIMON BOLIVAR DEL MUNICIPIO DE FLORENCIA, DEPARTAMENTO DEL CAQUETA.
B7: ITEM | C7: =+'PRESUPUESTO GENERAL'!B81 -> Tablero de circuitos | H7: UNIDAD: | I7: =+'PRESUPUESTO GENERAL'!C79 -> UND
B8: =+'PRESUPUESTO GENERAL'!A81 -> 11.5
A10: SEC OBRAS | B10: I | C10: MATERIALES
C11: DESCRIPCIÓN | E11: UND | F11: CANT. | G11: V/UNITARIO | H11: V/PARCIAL
C12: Tablero de circuitos | E12: UND | F12: 1 | G12: =350000*1.1312 -> 395920 | H12: =F12*G12 -> 395920
C13: Alambre de cobre thw 12 awg | E13: ML | F13: 18 | G13: =3500*1.1312 -> 3959.2 | H13: =F13*G13 -> 71265.6
C14: Terminal PVC de 1/2" | E14: UND | F14: 2 | G14: =1500*1.1312 -> 1696.8 | H14: =F14*G14 -> 3393.6
C15: Curva PVCE 1/2" | E15: UND | F15: 2 | G15: =2500*1.1312 -> 2828 | H15: =F15*G15 -> 5656
C22: DESPERDICIO | E22: % | F22: 0.05 | G22: =SUM(H11:H21) -> 476235.2 | H22: =ROUND(G22*F22,0) -> 23812
H23: TOTAL MATERIALES: | I23: =ROUND(SUM(H12:H22),0) -> 500047
B24: II | C24: MANO DE OBRA
C25: DESCRIPCIÓN | D25: JORNAL | E25: PREST. | F25: REND. | G25: J/TOTAL | H25: V/PARCIAL
C26: 2 AYUDANTE | D26: =38700*2 -> 77400 | E26: 0.85 | F26: 3 | G26: =ROUND(+D26*(1+E26),0) -> 143190 | H26: =+G26/F26 -> 47730
C27: 1 OFICIAL | D27: 66700 | E27: =+E26 -> 0.85 | F27: 3 | G27: =+D27*(1+E27) -> 123395 | H27: =+G27/F27 -> 41131.667
H28: =G28*F28*E28*D28 -> 0
H29: TOTAL MANO DE OBRA: | I29: =ROUND(SUM(H26:H28),0) -> 88862
B30: III | C30: HERRAMIENTA Y EQUIPO
C31: DESCRIPCIÓN | E31: UND | F31: TARIFA | G31: R/MIENTO | H31: V/PARCIAL
C32: HERRAMIENTA MENOR | H32: =I29*0.1 -> 8886.2
H37: TOTAL HERRAMIENTA Y EQUIPO: | I37: =ROUND(SUM(H32:H36),0) -> 8886
B38: IV | C38: TRANSPORTE
C39: MATERIAL | E39: VOL (m3) | F39: DIST (Km) | G39: PESO/(m3/km) | H39: V/UNITARIO
H42: TOTAL TRANSPORTE: | I42: =SUM(H40:H41) -> 0
H44: TOTAL COSTO DIRECTO: | I44: =SUM(I23:I42)-1 -> 597794
B45: V | C45: COSTOS INDIRECTOS
C46: DESCRIPCIÓN | E46: PORCENTAJE | G46: V/PARCIAL
C47: ADMINISTRACIÓN | E47: 0 | G47: =E47*I44 -> 0
C48: IMPREVISTOS | E48: 0 | G48: =E48*I44 -> 0
C49: UTILIDAD | E49: 0 | G49: =E49*I44 -> 0
H50: TOTAL COSTO INDIRECTO: | I50: =SUM(G47:G49) -> 0
H52: TOTAL PRECIO UNITARIO: | I52: =ROUND(I50+I44,0)+1 -> 597795
H53: TOTAL PRECIO UNITARIO AJUSTADO AL PESO: | I53: =ROUND(I52,0) -> 597795
C56: =+'4,1'!C51 -> ARQ. ANTONIO RUIZ TOVAR
C57: =+'4,1'!C52 -> PROFESIONAL ESPECIALIZADO

Sheet 11,6
B2: DEPARTAMENTO DEL CAQUETÁ
B3: MUNICIPIO DE FLORENCIA
B4: =+'PRESUPUESTO GENERAL'!A4 -> PRESUPUESTO GENERAL
B5: SECRETARIA DE OBRAS PUBLICAS - SECOBRAS | E5: =+'11,5'!E5:I5 -> ANALISIS DE PRECIOS UNITARIOS - REDES ELECTRICAS
B6: =+'4,1'!B6:I6 -> CONSTRUCCIÓN DE BATERIA SANITARIA PARA LA INSTITUCIÓN EDUCATIVA JORGE ELIECER GAITAN SEDE SIMON BOLIVAR DEL MUNICIPIO DE FLORENCIA, DEPARTAMENTO DEL CAQUETA.
B7: ITEM | C7: =+'PRESUPUESTO GENERAL'!B82 -> breaker de 15 amp | H7: UNIDAD: | I7: =+'PRESUPUESTO GENERAL'!C79 -> UND
B8: =+'PRESUPUESTO GENERAL'!A82 -> 11.6
A10: SEC OBRAS | B10: I | C10: MATERIALES
C11: DESCRIPCIÓN | E11: UND | F11: CANT. | G11: V/UNITARIO | H11: V/PARCIAL
C12: Breaker 15 amp | E12: UND | F12: 1 | G12: =19500*1.1312 -> 22058.4 | H12: =F12*G12 -> 22058.4
C22: DESPERDICIO | E22: % | G22: =SUM(H11:H21) -> 22058.4 | H22: =ROUND(G22*F22,0) -> 0
H23: TOTAL MATERIALES: | I23: =ROUND(SUM(H12:H22),0) -> 22058
B24: II | C24: MANO DE OBRA
C25: DESCRIPCIÓN | D25: JORNAL | E25: PREST. | F25: REND. | G25: J/TOTAL | H25: V/PARCIAL
C26: 1 AYUDANTE | D26: 38700 | E26: 0.85 | F26: 24 | G26: =ROUND(+D26*(1+E26),0) -> 71595 | H26: =+G26/F26 -> 2983.125
C27: 1 OFICIAL | D27: 66700 | E27: =+E26 -> 0.85 | F27: 24 | G27: =+D27*(1+E27) -> 123395 | H27: =+G27/F27 -> 5141.4583
H28: =G28*F28*E28*D28 -> 0
H29: TOTAL MANO DE OBRA: | I29: =ROUND(SUM(H26:H28),0) -> 8125
B30: III | C30: HERRAMIENTA Y EQUIPO
C31: DESCRIPCIÓN | E31: UND | F31: TARIFA | G31: R/MIENTO | H31: V/PARCIAL
C32: HERRAMIENTA MENOR | H32: =I29*0.1 -> 812.5
H37: TOTAL HERRAMIENTA Y EQUIPO: | I37: =ROUND(SUM(H32:H36),0) -> 813
B38: IV | C38: TRANSPORTE
C39: MATERIAL | E39: VOL (m3) | F39: DIST (Km) | G39: PESO/(m3/km) | H39: V/UNITARIO
H42: TOTAL TRANSPORTE: | I42: =SUM(H40:H41) -> 0
H44: TOTAL COSTO DIRECTO: | I44: =SUM(I23:I42)-1 -> 30995
B45: V | C45: COSTOS INDIRECTOS
C46: DESCRIPCIÓN | E46: PORCENTAJE | G46: V/PARCIAL
C47: ADMINISTRACIÓN | E47: 0 | G47: =E47*I44 -> 0
C48: IMPREVISTOS | E48: 0 | G48: =E48*I44 -> 0
C49: UTILIDAD | E49: 0 | G49: =E49*I44 -> 0
H50: TOTAL COSTO INDIRECTO: | I50: =SUM(G47:G49) -> 0
H52: TOTAL PRECIO UNITARIO: | I52: =ROUND(I50+I44,0)+1 -> 30996
H53: TOTAL PRECIO UNITARIO AJUSTADO AL PESO: | I53: =ROUND(I52,0) -> 30996
C56: =+'4,1'!C51 -> ARQ. ANTONIO RUIZ TOVAR
C57: =+'4,1'!C52 -> PROFESIONAL ESPECIALIZADO
